Workbook
Name ___nit1: #REF!
Name ___nit1: #REF!
Name ___nit1: #REF!
Name ___nit1: #REF!
Name ___nit1: #REF!
Name __nit1: #REF!
Name __nit1: #REF!
Name __nit1: #REF!
Name _nit1: #REF!
Name _nit1: #REF!
Name _nit1: #REF!
Name A_2018: [1]Comprobacion!#REF!
Name A_2018: [1]Comprobacion!#REF!
Name A_2018: [1]Comprobacion!#REF!
Name A_impresión_IM: #REF!
Name A_impresión_IM: #REF!
Name A_impresión_IM: #REF!
Name A_impresión_IM: #REF!
Name aaa: MATCH(0.01,'26. solvencia - solidez'!End_Bal,-1)+1
Name aaa: MATCH(0.01,End_Bal,-1)+1
Name aaa: MATCH(0.01,End_Bal,-1)+1
Name aaa: MATCH(0.01,End_Bal,-1)+1
Name aaa: MATCH(0.01,End_Bal,-1)+1
Name aaa: MATCH(0.01,End_Bal,-1)+1
Name aaa: MATCH(0.01,End_Bal,-1)+1
Name aaa: MATCH(0.01,End_Bal,-1)+1
Name agencias: [2]Listas!$U$2:$U$10
Name avvillas: #REF!
Name avvillas: #REF!
Name avvillas: #REF!
Name avvillas: #REF!
Name BANCOS: [3]BANCOS!$A$2:$A$25
Name BASE_DATOS_ESTUDIO_CRED: #REF!
Name BASE_DATOS_ESTUDIO_CRED: #REF!
Name BASE_DATOS_ESTUDIO_CRED: #REF!
Name BASE_DATOS_ESTUDIO_CRED: #REF!
Name BASE1F: #REF!
Name BASE1F: #REF!
Name BASE1F: #REF!
Name BASE1F: #REF!
Name BASE1F: #REF!
Name Beg_Bal: #REF!
Name Beg_Bal: #REF!
Name cartera: #REF!
Name cartera: #REF!
Name clientes: #REF!
Name clientes: #REF!
Name CODENTIDAD: '[4]+DATOS'!$F$52:$F$231
Name contador1: 5
Name contador2: 5
Name COOPERATIVAS: [5]COOPERATIVAS!$C$4:$C$191
Name COORDINACION: '[4]DATOS COORDINACION SEGUIMIENTO'!$O$4:$O$6
Name Data: #REF!
Name Data: #REF!
Name Data: #REF!
Name Data: #REF!
Name depositos: #REF!
Name depositos: #REF!
Name depositos: #REF!
Name DINERS: #REF!

Sheet 24. Eficiencia operativa (ajus)
A1: indicador | B1: Descripción Formula | C1: TIPO | D1: NOMBRE INDICADOR | E1: Descripcion Indicador
A2: RIESGO | B2: =+Indicadores!E28 -> Gasto Administrativo / Ingresos por venta de bienes y servicios y recuperaciones | C2: =+Indicadores!B28 -> Riesgo Operativo | D2: =+Indicadores!C28 -> Indicador de relación entre el Gasto Administrativo y los Ingresos por venta de bienes y servicios y recuperaciones | E2: =+Indicadores!D28 -> Estructura Gastos de Administración
B3: 2 | C3: 3 | D3: 4 | E3: 5 | F3: 6 | G3: 7 | H3: 8
A4: Cuenta | B4: Descripcion | C4: Año 16 | D4: Año 17 | E4: Año 18 | F4: Año 19 | G4: Año 20 | H4: Año 21
A5: 510500 | B5: =PROPER(VLOOKUP($A5,cuc!$A$2:$AA$2088,B$3,FALSE)) -> Beneficio A Empleados | C5: =VLOOKUP($A5,cuc!$A$2:$AA$2088,C$3,FALSE) -> 420653326 | D5: =VLOOKUP($A5,cuc!$A$2:$AA$2088,D$3,FALSE) -> 499861517 | E5: =VLOOKUP($A5,cuc!$A$2:$AA$2088,E$3,FALSE) -> 571002831 | F5: =VLOOKUP($A5,cuc!$A$2:$AA$2088,F$3,FALSE) -> 618680814 | G5: =VLOOKUP($A5,cuc!$A$2:$AA$2088,G$3,FALSE) -> 636866962 | H5: =VLOOKUP($A5,cuc!$A$2:$AA$2088,H$3,FALSE) -> 549789899
A6: 510700 | B6: =PROPER(VLOOKUP($A6,cuc!$A$2:$AA$2088,B$3,FALSE)) -> Gastos Por Obligaciones De Organizaciones Solidarias De Trabajo Asociado | C6: =VLOOKUP($A6,cuc!$A$2:$AA$2088,C$3,FALSE) -> 0 | D6: =VLOOKUP($A6,cuc!$A$2:$AA$2088,D$3,FALSE) -> 0 | E6: =VLOOKUP($A6,cuc!$A$2:$AA$2088,E$3,FALSE) -> 0 | F6: =VLOOKUP($A6,cuc!$A$2:$AA$2088,F$3,FALSE) -> 0 | G6: =VLOOKUP($A6,cuc!$A$2:$AA$2088,G$3,FALSE) -> 0 | H6: =VLOOKUP($A6,cuc!$A$2:$AA$2088,H$3,FALSE) -> 0
A7: 511000 | B7: =PROPER(VLOOKUP($A7,cuc!$A$2:$AA$2088,B$3,FALSE)) -> Gastos Generales | C7: =VLOOKUP($A7,cuc!$A$2:$AA$2088,C$3,FALSE) -> 3.1355733e+08 | D7: =VLOOKUP($A7,cuc!$A$2:$AA$2088,D$3,FALSE) -> 3.7843057e+08 | E7: =VLOOKUP($A7,cuc!$A$2:$AA$2088,E$3,FALSE) -> 4.0102235e+08 | F7: =VLOOKUP($A7,cuc!$A$2:$AA$2088,F$3,FALSE) -> 3.7212276e+08 | G7: =VLOOKUP($A7,cuc!$A$2:$AA$2088,G$3,FALSE) -> 3.0243525e+08 | H7: =VLOOKUP($A7,cuc!$A$2:$AA$2088,H$3,FALSE) -> 1.9351911e+08
A8: 540000 | B8: =PROPER(VLOOKUP($A8,cuc!$A$2:$AA$2088,B$3,FALSE)) -> Gastos De Ventas | C8: =VLOOKUP($A8,cuc!$A$2:$AA$2088,C$3,FALSE) -> 0 | D8: =VLOOKUP($A8,cuc!$A$2:$AA$2088,D$3,FALSE) -> 0 | E8: =VLOOKUP($A8,cuc!$A$2:$AA$2088,E$3,FALSE) -> 0 | F8: =VLOOKUP($A8,cuc!$A$2:$AA$2088,F$3,FALSE) -> 0 | G8: =VLOOKUP($A8,cuc!$A$2:$AA$2088,G$3,FALSE) -> 0 | H8: =VLOOKUP($A8,cuc!$A$2:$AA$2088,H$3,FALSE) -> 0
A9: 511095 | B9: =PROPER(VLOOKUP($A9,cuc!$A$2:$AA$2088,B$3,FALSE)) -> Otros | C9: =-VLOOKUP($A9,cuc!$A$2:$AA$2088,C$3,FALSE) -> -1.6200687e+08 | D9: =-VLOOKUP($A9,cuc!$A$2:$AA$2088,D$3,FALSE) -> -1.8724626e+08 | E9: =-VLOOKUP($A9,cuc!$A$2:$AA$2088,E$3,FALSE) -> -1.9642536e+08 | F9: =-VLOOKUP($A9,cuc!$A$2:$AA$2088,F$3,FALSE) -> -1.7824962e+08 | G9: =-VLOOKUP($A9,cuc!$A$2:$AA$2088,G$3,FALSE) -> -1.1551683e+08 | H9: =-VLOOKUP($A9,cuc!$A$2:$AA$2088,H$3,FALSE) -> -43422713
B10: Gastos ajustados | C10: =+SUM(C5:C9) -> 5.7220379e+08 | D10: =+SUM(D5:D9) -> 6.9104582e+08 | E10: =+SUM(E5:E9) -> 7.7559982e+08 | F10: =+SUM(F5:F9) -> 8.1255396e+08 | G10: =+SUM(G5:G9) -> 8.2378538e+08 | H10: =+SUM(H5:H9) -> 6.998863e+08
A12: Cuenta | B12: Descripción | C12: =+C$4 -> Año 16 | D12: =+D$4 -> Año 17 | E12: =+E$4 -> Año 18 | F12: =+F$4 -> Año 19 | G12: =+G$4 -> Año 20 | H12: =+H$4 -> Año 21
A13: 410000 | B13: =PROPER(VLOOKUP($A13,cuc!$A$2:$AA$2088,B$3,FALSE)) -> Ingresos Por Venta De Bienes Y Servicios | C13: =VLOOKUP($A13,cuc!$A$2:$AA$2088,C$3,FALSE) -> 1000970561 | D13: =VLOOKUP($A13,cuc!$A$2:$AA$2088,D$3,FALSE) -> 1113153461 | E13: =VLOOKUP($A13,cuc!$A$2:$AA$2088,E$3,FALSE) -> 1214617633 | F13: =VLOOKUP($A13,cuc!$A$2:$AA$2088,F$3,FALSE) -> 1314447748 | G13: =VLOOKUP($A13,cuc!$A$2:$AA$2088,G$3,FALSE) -> 1411311466 | H13: =VLOOKUP($A13,cuc!$A$2:$AA$2088,H$3,FALSE) -> 1274007689
A14: 420500 | B14: =PROPER(VLOOKUP($A14,cuc!$A$2:$AA$2088,B$3,FALSE)) -> Ingresos Por Utilidad En Venta De Inversiones Y Otros Activos | C14: =VLOOKUP($A14,cuc!$A$2:$AA$2088,C$3,FALSE) -> 245599.85 | D14: =VLOOKUP($A14,cuc!$A$2:$AA$2088,D$3,FALSE) -> 38598.47 | E14: =VLOOKUP($A14,cuc!$A$2:$AA$2088,E$3,FALSE) -> 163984.03 | F14: =VLOOKUP($A14,cuc!$A$2:$AA$2088,F$3,FALSE) -> 44105.94 | G14: =VLOOKUP($A14,cuc!$A$2:$AA$2088,G$3,FALSE) -> 1567320.1 | H14: =VLOOKUP($A14,cuc!$A$2:$AA$2088,H$3,FALSE) -> 65434.3
A15: 421000 | B15: =PROPER(VLOOKUP($A15,cuc!$A$2:$AA$2088,B$3,FALSE)) -> Ingresos Por Valoración Inversiones | C15: =VLOOKUP($A15,cuc!$A$2:$AA$2088,C$3,FALSE) -> 27404450 | D15: =VLOOKUP($A15,cuc!$A$2:$AA$2088,D$3,FALSE) -> 40805288 | E15: =VLOOKUP($A15,cuc!$A$2:$AA$2088,E$3,FALSE) -> 60979551 | F15: =VLOOKUP($A15,cuc!$A$2:$AA$2088,F$3,FALSE) -> 6279522.8 | G15: =VLOOKUP($A15,cuc!$A$2:$AA$2088,G$3,FALSE) -> 7717368.5 | H15: =VLOOKUP($A15,cuc!$A$2:$AA$2088,H$3,FALSE) -> 3700938.5
A16: 422004 | B16: =PROPER(VLOOKUP($A16,cuc!$A$2:$AA$2088,B$3,FALSE)) -> Intereses De Bancos Y Otras Entidades Con Actividad Financiera | C16: =VLOOKUP($A16,cuc!$A$2:$AA$2088,C$3,FALSE) -> 0 | D16: =VLOOKUP($A16,cuc!$A$2:$AA$2088,D$3,FALSE) -> 0 | E16: =VLOOKUP($A16,cuc!$A$2:$AA$2088,E$3,FALSE) -> 0 | F16: =VLOOKUP($A16,cuc!$A$2:$AA$2088,F$3,FALSE) -> 0 | G16: =VLOOKUP($A16,cuc!$A$2:$AA$2088,G$3,FALSE) -> 0 | H16: =VLOOKUP($A16,cuc!$A$2:$AA$2088,H$3,FALSE) -> 0
A17: 422005 | B17: =PROPER(VLOOKUP($A17,cuc!$A$2:$AA$2088,B$3,FALSE)) -> Dividendos, Participaciones Y Retornos | C17: =VLOOKUP($A17,cuc!$A$2:$AA$2088,C$3,FALSE) -> 5971143 | D17: =VLOOKUP($A17,cuc!$A$2:$AA$2088,D$3,FALSE) -> 8369587.9 | E17: =VLOOKUP($A17,cuc!$A$2:$AA$2088,E$3,FALSE) -> 10374629 | F17: =VLOOKUP($A17,cuc!$A$2:$AA$2088,F$3,FALSE) -> 11862555 | G17: =VLOOKUP($A17,cuc!$A$2:$AA$2088,G$3,FALSE) -> 6881924 | H17: =VLOOKUP($A17,cuc!$A$2:$AA$2088,H$3,FALSE) -> 5443853
A18: 422010 | B18: =PROPER(VLOOKUP($A18,cuc!$A$2:$AA$2088,B$3,FALSE)) -> Comisiones Y/O Honorarios | C18: =VLOOKUP($A18,cuc!$A$2:$AA$2088,C$3,FALSE) -> 0 | D18: =VLOOKUP($A18,cuc!$A$2:$AA$2088,D$3,FALSE) -> 0 | E18: =VLOOKUP($A18,cuc!$A$2:$AA$2088,E$3,FALSE) -> 0 | F18: =VLOOKUP($A18,cuc!$A$2:$AA$2088,F$3,FALSE) -> 0 | G18: =VLOOKUP($A18,cuc!$A$2:$AA$2088,G$3,FALSE) -> 0 | H18: =VLOOKUP($A18,cuc!$A$2:$AA$2088,H$3,FALSE) -> 0
A19: 423000 | B19: =PROPER(VLOOKUP($A19,cuc!$A$2:$AA$2088,B$3,FALSE)) -> Administrativos Y Sociales | C19: =VLOOKUP($A19,cuc!$A$2:$AA$2088,C$3,FALSE) -> 0 | D19: =VLOOKUP($A19,cuc!$A$2:$AA$2088,D$3,FALSE) -> 0 | E19: =VLOOKUP($A19,cuc!$A$2:$AA$2088,E$3,FALSE) -> 3761417 | F19: =VLOOKUP($A19,cuc!$A$2:$AA$2088,F$3,FALSE) -> 0 | G19: =VLOOKUP($A19,cuc!$A$2:$AA$2088,G$3,FALSE) -> 0 | H19: =VLOOKUP($A19,cuc!$A$2:$AA$2088,H$3,FALSE) -> 970589.71
B20: Ingresos con recuperaciones | C20: =SUM(C13:C19) -> 1.0345918e+09 | D20: =SUM(D13:D19) -> 1.1623669e+09 | E20: =SUM(E13:E19) -> 1.2898972e+09 | F20: =SUM(F13:F19) -> 1.3326339e+09 | G20: =SUM(G13:G19) -> 1.4274781e+09 | H20: =SUM(H13:H19) -> 1.2841885e+09
B23: Descripcion | C23: =+C4 -> Año 16 | D23: =+D4 -> Año 17 | E23: =+E4 -> Año 18 | F23: =+F4 -> Año 19 | G23: =+G4 -> Año 20 | H23: =+H4 -> Año 21
B24: Eficiencia operativa | C24: =+C10/C20 -> 0.55307205 | D24: =+D10/D20 -> 0.59451607 | E24: =+E10/E20 -> 0.60128808 | F24: =+F10/F20 -> 0.60973531 | G24: =+G10/G20 -> 0.57709144 | H24: =+H10/H20 -> 0.54500277

Sheet Cronograma COMITE SIAR
A1: RIESGO | B1: Actividad | C1: ENE | D1: FEB | E1: MAR | F1: ABR | G1: MAY | H1: JUN | I1: JUL | J1: AGO | K1: SEP | L1: OCT | M1: NOV | N1: DIC
A2: SIAR | B2: Evaluación ANUAL efectividad SIAR (actualización de cada matriz de riesgo) | N2: X
B3: Informe Revisoría Fiscal sobre efectividad SIAR | F3: X | K3: X
B4: Cálculo y segumiento indicadores, limites y apetitos SIAR | C4: X | F4: X | I4: X | L4: X
B5: Revision capacidad patrimonial para asumir los riesgos | C5: X | F5: X | I5: X | L5: X
A6: SARC | B6: Revisión cartera por edades, calificación, rotación, concentración, tipo garantía, medio recaudo, jurisdicción, patronal, actividad económica, clasificación | C6: X | D6: X | E6: X | F6: X | G6: X | H6: X | I6: X | J6: X | K6: X | L6: X | M6: X | N6: X
B7: Revisión individual Cartera > RIESGO: cobro jurídico, ex asociados, reestructurados, periodos gracia y morosa | C7: X | F7: X | I7: X | L7: X
B8: Evaluación de Cartera | N8: X
B9: Revisión estado de las garantía de los créditos >= "D" y Deudores hasta 10% del activo | D9: X | G9: X | J9: X | M9: X
B10: Revisión de otras cuentas por cobrar y deudores patronales | E10: X | H10: X | K10: X | N10: X
A11: SARLAFT | B11: Consolidación electrónica de operaciones y revisión principales operaciones: por contraparte, por canal, por jurisdicción, por producto. Estadistíca ROI | D11: X | J11: X
B12: Informe reportes UIAF: ROS, ROE, Exonerados, Productos, TD y CR | D12: X | J12: X
B13: Resultado del monitoreo al proceso de debida diligencia | D13: X | J13: X
B14: Resultado del monitoreo al proceso de actualización de datos: documentos y aplicativos | D14: X | J14: X
B15: Capacitación, actualización y evaluación anual de empleados y directivos | D15: X | J15: X
A16: SARL Y SARM | B16: Revisión de indicadores de liquidez (Indicadores SIAR) | C16: X | D16: X | E16: X | F16: X | G16: X | H16: X | I16: X | J16: X | K16: X | L16: X | M16: X | N16: X
B17: Revisión Brecha, Fondo de liquidez | C17: X | D17: X | E17: X | F17: X | G17: X | H17: X | I17: X | J17: X | K17: X | L17: X | M17: X | N17: X
B18: Pruebas de estrés Brecha o Flujo / modelo propio y revision plan contingencia | N18: X
B19: Revisión composición de efectivo y Eq e inversiones de deuda: concentración, rentabilidad, limites | C19: X | F19: X | I19: X | L19: X
B20: Revisión otras inversiones participativas y propiedades de inversión: rentabilidad, legalidad, liquidez. | C20: X | I20: X
B21: Revisión margen de intermediación y competitividad de las tasas | C21: X | F21: X | I21: X | L21: X
A22: SARO | B22: Evaluación cumplimiento PLAN DE DESARROLLO Y PESEM | N22: X
B23: Revisión actualización Manuales de Funciones y Procedimientos | M23: X
B24: Revisión Transacciones con partes relacionadas | C24: X
B25: Revisión estados financieros, ejecución presupuestal | C25: X | F25: X | I25: X | L25: X
B26: Autoevaluación Directivos | C26: X
B27: Informe sobre eventos de Riesgo Matriz SARO | C27: X | D27: X | E27: X | F27: X | G27: X | H27: X | I27: X | J27: X | K27: X | L27: X | M27: X | N27: X | O27: *** Revisar
B28: Revisión estado de las polizas | E28: X
B29: Revisión informe revisoría Fiscal | F29: X | K29: X
B30: Revisión requerimientos SES, DIAN otros | G30: X | L30: X
B31: Revise el estado de reportes a través del SICSES, control de legalidad reformas de estatutos, reporte de información impresa a la SES | H31: X | M31: X
B32: Evaluacion de seguridad informática (puede ser auditoria externa) | J32: X
B33: Evaluacion gestión documental (conservación) | K33: X
B34: Revise el estado del SGSST | L34: X
B35: Cumplimiento RUES, contribución SES, Renta, Exógena e ICA | M35: X

Sheet ALN + CxC  a depositso
A1: Indicador | B1: Descripción Formula | C1: TIPO | D1: NOMBRE INDICADOR | E1: Descripcion Indicador
B3: 2 | C3: 3 | D3: 4 | E3: 5 | F3: 6 | G3: 7 | H3: 8
A4: Cuenta | B4: Descripcion | C4: =+cuc!C1 -> 42735 | D4: =+cuc!D1 -> 43100 | E4: =+cuc!E1 -> 43465 | F4: =+cuc!F1 -> 43830 | G4: =+cuc!G1 -> 44196 | H4: =+cuc!H1 -> 44500 | BD4: 140400 | BE4: 140500 | BF4: 141100 | BG4: 141200 | BH4: 144100 | BI4: 144200 | BJ4: 144800 | BK4: 145400 | BL4: 145500 | BM4: 146100 | BN4: 146200 | BO4: 146900
A5: 110500 | B5: =PROPER(VLOOKUP($A5,cuc!$A$2:$AA$2088,B$3,FALSE)) -> Caja | C5: =VLOOKUP($A5,cuc!$A$2:$AA$2088,C$3,FALSE) -> 1346100 | D5: =VLOOKUP($A5,cuc!$A$2:$AA$2088,D$3,FALSE) -> 277600 | E5: =VLOOKUP($A5,cuc!$A$2:$AA$2088,E$3,FALSE) -> 14407 | F5: =VLOOKUP($A5,cuc!$A$2:$AA$2088,F$3,FALSE) -> 1098000 | G5: =VLOOKUP($A5,cuc!$A$2:$AA$2088,G$3,FALSE) -> 1255150 | H5: =VLOOKUP($A5,cuc!$A$2:$AA$2088,H$3,FALSE) -> 1156800
A6: 111000 | B6: =PROPER(VLOOKUP($A6,cuc!$A$2:$AA$2088,B$3,FALSE)) -> Bancos Y Otras Entidades Con Actividad Financiera | C6: =VLOOKUP($A6,cuc!$A$2:$AA$2088,C$3,FALSE) -> 82032386 | D6: =VLOOKUP($A6,cuc!$A$2:$AA$2088,D$3,FALSE) -> 2.6037943e+08 | E6: =VLOOKUP($A6,cuc!$A$2:$AA$2088,E$3,FALSE) -> 3.185538e+08 | F6: =VLOOKUP($A6,cuc!$A$2:$AA$2088,F$3,FALSE) -> 4.343698e+08 | G6: =VLOOKUP($A6,cuc!$A$2:$AA$2088,G$3,FALSE) -> 5.6971018e+08 | H6: =VLOOKUP($A6,cuc!$A$2:$AA$2088,H$3,FALSE) -> 1.0471347e+09
A7: 111500 | B7: =PROPER(VLOOKUP($A7,cuc!$A$2:$AA$2088,B$3,FALSE)) -> Equivalentes Al Efectivo (Compromiso De Pago) | C7: =VLOOKUP($A7,cuc!$A$2:$AA$2088,C$3,FALSE) -> 0 | D7: =VLOOKUP($A7,cuc!$A$2:$AA$2088,D$3,FALSE) -> 0 | E7: =VLOOKUP($A7,cuc!$A$2:$AA$2088,E$3,FALSE) -> 0 | F7: =VLOOKUP($A7,cuc!$A$2:$AA$2088,F$3,FALSE) -> 0 | G7: =VLOOKUP($A7,cuc!$A$2:$AA$2088,G$3,FALSE) -> 0 | H7: =VLOOKUP($A7,cuc!$A$2:$AA$2088,H$3,FALSE) -> 0
A8: 112000 | B8: =PROPER(VLOOKUP($A8,cuc!$A$2:$AA$2088,B$3,FALSE)) -> Efectivo De Uso Restringido Y/O Con Destinación Específica | C8: =VLOOKUP($A8,cuc!$A$2:$AA$2088,C$3,FALSE) -> 39312781 | D8: =VLOOKUP($A8,cuc!$A$2:$AA$2088,D$3,FALSE) -> 48355408 | E8: =VLOOKUP($A8,cuc!$A$2:$AA$2088,E$3,FALSE) -> 63405919 | F8: =VLOOKUP($A8,cuc!$A$2:$AA$2088,F$3,FALSE) -> 68470629 | G8: =VLOOKUP($A8,cuc!$A$2:$AA$2088,G$3,FALSE) -> 1.0244741e+08 | H8: =VLOOKUP($A8,cuc!$A$2:$AA$2088,H$3,FALSE) -> 1.1253313e+08
A9: 122800 | B9: =PROPER(VLOOKUP($A9,cuc!$A$2:$AA$2088,B$3,FALSE)) -> Inversiones Contabilizadas A Costo Amortizado | C9: =VLOOKUP($A9,cuc!$A$2:$AA$2088,C$3,FALSE) -> 0 | D9: =VLOOKUP($A9,cuc!$A$2:$AA$2088,D$3,FALSE) -> 0 | E9: =VLOOKUP($A9,cuc!$A$2:$AA$2088,E$3,FALSE) -> 0 | F9: =VLOOKUP($A9,cuc!$A$2:$AA$2088,F$3,FALSE) -> 0 | G9: =VLOOKUP($A9,cuc!$A$2:$AA$2088,G$3,FALSE) -> 0 | H9: =VLOOKUP($A9,cuc!$A$2:$AA$2088,H$3,FALSE) -> 0
A10: 165000 | B10: =PROPER(VLOOKUP($A10,cuc!$A$2:$AA$2088,B$3,FALSE)) -> Deudores Patronales Y Empresas | C10: =VLOOKUP($A10,cuc!$A$2:$AA$2088,C$3,FALSE) -> 163125827 | D10: =VLOOKUP($A10,cuc!$A$2:$AA$2088,D$3,FALSE) -> 629860856 | E10: =VLOOKUP($A10,cuc!$A$2:$AA$2088,E$3,FALSE) -> 722719503 | F10: =VLOOKUP($A10,cuc!$A$2:$AA$2088,F$3,FALSE) -> 718850022 | G10: =VLOOKUP($A10,cuc!$A$2:$AA$2088,G$3,FALSE) -> 370117103 | H10: =VLOOKUP($A10,cuc!$A$2:$AA$2088,H$3,FALSE) -> 844825310
B11: ALN + CXC | C11: =+SUM(C5:C10) -> 2.8581709e+08 | D11: =+SUM(D5:D10) -> 9.388733e+08 | E11: =+SUM(E5:E10) -> 1.1046936e+09 | F11: =+SUM(F5:F10) -> 1.2227885e+09 | G11: =+SUM(G5:G10) -> 1.0435298e+09 | H11: =+SUM(H5:H10) -> 2.0056499e+09
A13: Cuenta | B13: Descripción | C13: =+C$4 -> 42735 | D13: =+D$4 -> 43100 | E13: =+E$4 -> 43465 | F13: =+F$4 -> 43830 | G13: =+G$4 -> 44196 | H13: =+H$4 -> 44500 | BD13: 140400 | BE13: 140500 | BF13: 141100 | BG13: 141200 | BH13: 144100 | BI13: 144200 | BJ13: 144800 | BK13: 145400 | BL13: 145500 | BM13: 146100 | BN13: 146200 | BO13: 146900
A14: 210500 | B14: =PROPER(VLOOKUP($A14,cuc!$A$2:$AA$2088,B$3,FALSE)) -> Depósitos De Ahorro | C14: =VLOOKUP($A14,cuc!$A$2:$AA$2088,C$3,FALSE) -> 0 | D14: =VLOOKUP($A14,cuc!$A$2:$AA$2088,D$3,FALSE) -> 0 | E14: =VLOOKUP($A14,cuc!$A$2:$AA$2088,E$3,FALSE) -> 0 | F14: =VLOOKUP($A14,cuc!$A$2:$AA$2088,F$3,FALSE) -> 0 | G14: =VLOOKUP($A14,cuc!$A$2:$AA$2088,G$3,FALSE) -> 0 | H14: =VLOOKUP($A14,cuc!$A$2:$AA$2088,H$3,FALSE) -> 0
A15: 211000 | B15: =PROPER(VLOOKUP($A15,cuc!$A$2:$AA$2088,B$3,FALSE)) -> Certificados Depósitos De Ahorro A TÉrmino | C15: =VLOOKUP($A15,cuc!$A$2:$AA$2088,C$3,FALSE) -> 5.6662845e+08 | D15: =VLOOKUP($A15,cuc!$A$2:$AA$2088,D$3,FALSE) -> 5.2280401e+08 | E15: =VLOOKUP($A15,cuc!$A$2:$AA$2088,E$3,FALSE) -> 5.4761145e+08 | F15: =VLOOKUP($A15,cuc!$A$2:$AA$2088,F$3,FALSE) -> 6.0265058e+08 | G15: =VLOOKUP($A15,cuc!$A$2:$AA$2088,G$3,FALSE) -> 7.2475498e+08 | H15: =VLOOKUP($A15,cuc!$A$2:$AA$2088,H$3,FALSE) -> 8.358702e+08
A16: 212500 | B16: =PROPER(VLOOKUP($A16,cuc!$A$2:$AA$2088,B$3,FALSE)) -> Depósitos De Ahorro Contractual | C16: =VLOOKUP($A16,cuc!$A$2:$AA$2088,C$3,FALSE) -> 370609859 | D16: =VLOOKUP($A16,cuc!$A$2:$AA$2088,D$3,FALSE) -> 466375197 | E16: =VLOOKUP($A16,cuc!$A$2:$AA$2088,E$3,FALSE) -> 476409852 | F16: =VLOOKUP($A16,cuc!$A$2:$AA$2088,F$3,FALSE) -> 558388656 | G16: =VLOOKUP($A16,cuc!$A$2:$AA$2088,G$3,FALSE) -> 682534619 | H16: =VLOOKUP($A16,cuc!$A$2:$AA$2088,H$3,FALSE) -> 872122995
B17: Ahorros voluntarios | C17: =+SUM(C14:C16) -> 9.3723831e+08 | D17: =+SUM(D14:D16) -> 9.8917921e+08 | E17: =+SUM(E14:E16) -> 1.0240213e+09 | F17: =+SUM(F14:F16) -> 1.1610392e+09 | G17: =+SUM(G14:G16) -> 1.4072896e+09 | H17: =+SUM(H14:H16) -> 1.7079932e+09
B19: Descripcion | C19: Año 16 | D19: Año 17 | E19: Año 18 | F19: Año 19 | G19: Año 20 | H19: Año 21
B20: ALN + XCX / AH Voluntarios | C20: =+C11/C17 -> 0.30495669 | D20: =+D11/D17 -> 0.94914378 | E20: =+E11/E17 -> 1.0787799 | F20: =+F11/F17 -> 1.0531844 | G20: =+G11/G17 -> 0.74151748 | H20: =+H11/H17 -> 1.1742728

Sheet interpretacion perfil de riesgo
A1: INDICADOR | B1: Formula | C1: Riesgo | D1: Interpretación
A2: Calidad de Cartera | B2: Cartera Mora / Cartera Bruta | C2: SARC | D2: Que porcentaje de la cartera está en mora: Por cada $100 pesos de cartera $X pesos están en mora
A3: Cartera mora / Patrimonio | B3: Cartera Mora / Patrimonio | C3: SARC | D3: Que porcentaje del patrimonio está en riesgo por cuenta de la cartera en mora
A4: Cartera improductiva (>=c) | B4: Cartera >=C / Cartera Bruta | C4: SARC | D4: Que porcentaje de la Cartera está en riesgo de mayor deterioro (default)
A5: Patrimonio sin aportes / PPE + Improductiva | B5: Patrimonio – aportes / PPE + Cartera C+D+E | C5: SARC | D5: Por cada $100 pesos de activos de lenta, difícil o incierta realización cuanto se tiene de capital propio más excedentes (sin aportes).
A6: Solvencia | B6: Patrimonio / Activos | C6: SARC | D6: Que porcentaje de los activos está financiado con el patrimonio. Entre mayor sea el indicador mayor es la seguridad de los ahorradores y acreedores.
A7: Cobertura TOTAL de cartera en MORA | B7: Provisión individual + General / cartera en MORA | C7: SARC | D7: Por cada $100 pesos de cartera en mora cuanto se tiene de provisiones (deterioro).
A8: Quebranto Patrimonial | B8: Patrimonio / Aportes | C8: SARC | D8: Por cada $100 pesos de aportes cuanto se tiene de patrimonio
A9: Eficiencia de la intermediación | B9: Inversiones + Fiducias y Cartera / Depósitos + Obligaciones + Aportes | C9: SARL y SARM | D9: Por cada $100 pesos captados de aportes o ahorros o apalancados con crédito bancario cuantos activos productivos se tienen
A10: Activos productivos / Pasivos con costo | B10: Igual que el anterior, pero sin aportes | C10: SARL y SARM | D10: Por cada $100 pesos captados de ahorros o apalancados con crédito bancario cuantos activos productivos se tienen
A11: Activos Fijos | B11: Activos materiales / Activo Total | C11: SARL y SARM | D11: Que porcentaje del activo total está representado en propiedad planta y equipo y en propiedades de inversión
A12: Activos improductivos | B12: Caja + Bancos + PPE + CxC / Activo Total | C12: SARL y SARM | D12: Que porcentaje del activo no produce ingresos financieros
... A37: Crecimiento de Asociados | B37: La variación anual porcentual del total de asociados | C37: SARM | D37: Cuantas veces creció la base social porcentualmente

Sheet ANEXO 1 - Manual SIAR
A1: ANEXO MANUAL SIAR
A2: # | B2: Actividad | C2: Mes | D2: Nota
A3: SIAR: T IV Cap 1
A4: 1 | B4: Defina el empleado o área que integrará el Comité de Riesgos | C4: 44348
A5: 2 | B5: Nombre el Comité de Riesgos: el empleado, un integrante del órgano permanente de administración y mínimo otro más (asociado, empleado, directivo, oficial de cumplimiento) | C5: 44348
A6: 3 | B6: Adapte, ajuste, y apruebe por parte del órgano permanente de administración el manual SIAR | C6: 44348 | D6: Use la herramienta y modelo (defina limites y apetito).
A7: 4 | B7: Implemente los indicadores que le resulten aplicables del Titulo V (herramienta Excel) | C7: 44378
A8: 5 | B8: Implemente los indicadores del SIAR propio con SCORING (herramienta Excel) | C8: 44378
A9: 6 | B9: Elabore la primera reunión y acta con el seguimiento a los 5 riesgos | C9: 44378
A10: 7 | B10: Revise la capacidad patrimonial que tiene la entidad de asumir los riesgos: | C10: Trimestral | D10: <=100%
B11: 200% del % máximo de cartera D y E (cartera >90 y CxC clientes > 180) de los ultimos 5 años menos deterioro constituido (general e individual) Si >0 o 5% de la Cartera Neta
A12: + | B12: Valor máximo de evento de riesgo operativo histórico presentado (actualizado SMLMV) x 3 o 1% del valor del activo menos valor de la póliza manejo si >0 + deducible
A13: + | B13: 10% del componente de efectivo y equivalentes y de las inversiones de patrimonio que son susceptibles a variaciones de precios de mercado (acciones, cuotas o partes de interés social, fiducias, patrimonios autónomos, FIC, inversiones medidas a valor razonable)
A14: + | B14: 100% del Inventario menos valor cubierto por la póliza + deducible
A15: + | B15: 100% Valor neto contable de la PPE menos valor cubierto por la póliza + deducible
A16: + | B16: 100% Valor de los intangibles
A17: / | B17: Patrimonio sin aportes
A18: SARL: T III y IV Cap 3 y anexos
A19: 0 | B19: Defina integrantes del comité (podrían ser los mismos del comité de riesgos) y actualice manual | C19: Año 2019
A20: 1 | B20: Implemente el calculo de los indicadores del Titulo III de la CBC: (defina limites y apetito) | C20: 44348 | D20: Fondos de empleados de categoría plena hacen todo: Solidez, concentracion, Brechas, IRL, Matriz de Riesgo, pruebas de estrés, pruebas de desempeño. Los demas fondos solo fondo de liquidez y brecha? Consultar SES y Analfe AMBITO DE APLICACIÓN
B21: 1.1. Fondo de Liquidez constituido / Fondo de liquidez requerido | C21: 44378
B22: 1.2. Mayor ahorrador individual / Fondo de liquidez | C22: 44378
B23: 1.3. Primeros 5, 10, 20, 30 ahorradores / Activos liquidos netos (ALN) + CxC Patronales + Cupos crédito contingentes no utilizados | C23: 44378
B24: 1.1. Brecha acumulada 3 banda + ALN madurados después de la tercera banda + % renovación de CDAT + sobrante (faltante) fondo de liquidez - Gastos de personal y generales de 1 trimestre / Recaudos proyectados de cartera (capital más intereses) de las tres primeras bandas o presupuesto de colocación del próximo trimestre | C24: 44378
B25: 1.5. ALN + Patronales + Cupos crédito contingentes no utilizados / Captaciones aportes y ahorros | C25: 44378
B26: 1.6. Índice de riesgo de liquidez ajustado en todas las bandas <=110 | C26: 44378
B27: 1.7. Indicador de Solidez (solvencia) y concentracion de crédito, captaciones | C27: 44378
A28: 2 | B28: Efectúe las pruebas de estrés (que pasa con la brecha acumulada e IRL a 3 meses): | C28: 44378
B29: 2.1. Atraso de 1 a 3 meses en el pago de los descuentos de nomina | C29: 44378
B30: 2.2. Incremento de la mora al 20-30% de la cartera | C30: 44378
B31: 2.3. Retiro de los 5, 10, 15, 20, 30 primeros ahorradores | C31: 44378
B32: 2.4. Retiro del 100% de los CDAT que se vencen (no aplicar índice de renovación) | C32: 44378
B33: 2.5. Retiro del 10% de los asociados con mayor nivel de aportes | C33: 44378
B34: 2.6. Retiro del 30% del ahorro a la vista | C34: 44378
A35: 3 | B35: Elabore el formato de reporte de tesorería diario para presentar a la Gerencia | C35: 44378
A36: 4 | B36: Diseñe el informe de flujo de caja semanal para presentar a la Gerencia | C36: 44378
A37: 5 | B37: Defina los otros indicadores de liquidez aplicables a su entidad: capital de trabajo, rotación de inventarios, rotación de cuentas por cobrar, rotación de cuentas por pagar. Etc. | C37: 44501 | D37: Defina limites y apetito
A38: 6 | B38: Diseñe un modelo de proyecciones financieras a 3 o 5 años: balance, flujo, resultado y simule tres escenarios: conservador, pesimista y optimista (tasas, colocaciones, captaciones, ingreso y retiro de asociados, morosidad) | C38: 44501 | D38: Defina limites y apetito
A39: SARLAFT - CBJ Titulo V y anexos
A40: 1 | B40: Estadística de operaciones inusuales del mes | C40: 44348
A41: 2 | B41: Estadística de operaciones sospechosas del mes y estado de reportes UIAF | C41: 44348
A42: 3 | B42: Estadística de operaciones en efectivo del mes: individuales y en efectivo y estado reportes UIAF | C42: 44348
A43: 4 | B43: Resultado del monitoreo al proceso de debida diligencia en la vinculación de contrapartes: diligenciamiento completo del formulario, firmas y huellas, documentación y verificación de información, consulta a listas vinculantes, conservación documentación | C43: 44378
A44: 5 | B44: Resultado del monitoreo al proceso de actualización de datos: documentos y aplicativos | C44: 44378
A45: 6 | B45: Capacitación, actualización y evaluación anual de empleados y directivos | C45: Anual
A46: 7 | B46: Resultado de la evaluación de la consolidación electrónica mensual de operaciones: análisis de los principales débitos y créditos por canal (caja, bancos, otros), producto (aportes, ahorros, desembolsos cartera, ventas, compras, convenios), contraparte (empleados, directivos, PEP´s y mayor riesgo, asociados, proveedores, clientes), Jurisdicción (por empresa, por zona geográfica). Segmentación: frecuencia, valor y dispersión de las transacciones consolidadas | C46: 44378
A47: 8 | B47: Nuevos Reportes UIAF: productos y tarjetas débito y crédito | C47: 44440 | D47: Según nivel
A48: SARC CBC T IV Cap II y anexos
A49: 1 | B49: Revise y Adapte el manual SARC de acuerdo con el modelo entregado | C49: 44348 | D49: Ver modelo
A50: 2 | B50: Actualice su reglamento de crédito en lo que resulte aplicable de la nueva norma: establezca limites por linea, por operación, por cliente, por instancia aprobatoria. | C50: 44348 | D50: Ver modelo
A51: 3 | B51: Revise, adapte e implemente carta o formato de aprobación de crédito | C51: 44348 | D51: Ver modelo
A52: 4 | B52: Revise, adapte e implemente el formato de análisis de crédito | C52: 44348 | D52: Ver modelo
A53: 5 | B53: Revise, adapte e implemente metodología para evaluación de cartera y política de recalificación | C53: 44348 | D53: Dos veces al año fondos de categoría plena, los demas una vez al año
A54: 6 | B54: Defina la metodología e indicadores de monitoreo para la Cartera: estadística histórica comparativa de colocaciones por linea vs presupuesto, concentración 1%, 3%, 5%, 10% de la base social, cosechas, matrices, mora segmentada, índice de recuperación de cartera, seguimiento a ex - asociados, reestructurados, recalificados y en periodo de gracia, seguimiento a cobranza jurídica, estado de la revisión de aplicativos (actualización de información) y exactitud de los reportes a las centrales de riesgo y al SICSES | C54: 44348 | D54: Manual SARC
A55: 7 | B55: Lleve para aprobación del órgano permanente de administración todo lo anterior | C55: 44378
A56: 8 | B56: La Gerencia debe designar el funcionario responsable de verificación de los aplicativos, actualización de información y reportes a las centrales de riesgo | C56: 44378
A57: 9 | B57: Efectúe la evaluación de cartera y presente el indicador por mora e indicador por calidad por los diferentes tipos de cartera, garantía, medio de recaudo, actividad económica o tipo de asociado o pagaduría y quienes deben ser recalificados. Identifique nichos potenciales de crecimiento a bajo riesgo y proponga una estrategia al Comité de Riesgos y al órgano permanente de administración. | C57: Semestral | D57: Dos veces al año fondos de categoría plena, los demas una vez al año
A58: 10 | B58: Calcule los indicadores de monitoreo y preséntelos con su análisis en el Comité de riesgos y órgano permanente de administración | C58: Mensual
A59: 11 | B59: Verifique el cumplimiento de los limites individuales y agregados aprobados e informe al comité de riesgos (prudenciales y propios) | C59: Mensual
A60: 12 | B60: Verifique el reporte adecuado de la cartera de crédito a través del SICSES y a las Centrales de Riesgo por calificación de Riesgo y verifique aleatoriamente la actualización de datos de los créditos aprobados durante el mes y el cálculo de las provisiones | C60: Mensual
A61: 13 | B61: Calcule la pérdida esperada y establezca el defecto de provisiones | C61: 44440 | D61: Solo Nivel 1 y FE Plena
A62: 14 | B62: Evalúe grado de desarrollo e implementación del modelo de referencia por SOFTWARE | C62: 44440
A63: 15 | B63: Efectúe la actualización anual de garantías en el aplicativo conforme a las instrucciones normativas | C63: 44378
A64: SARO CBC T IV Cap IV y anexos
A65: 1 | B65: Elabore, revise, analice o actualice su PLAN ESTRATEGICO o de DESARROLLO y el PESEM | C65: III Trim 2021
A66: 2 | B66: Elabore, revise, analice o actualice sus manuales de funciones y procedimientos y Organigrama | C66: III Trim 2021
A67: 3 | B67: Elabore, revise, analice o actualice el Codigo de Buen Gobierno e incluya en el código de ética y politica manejo conflicto de interés | C67: III Trim 2021
A68: 4 | B68: Elabore, revise, analice o actualice sus Reglamentos de servicio y funcionamiento | C68: III Trim 2021
A69: 5 | B69: Con el comité de Riesgos y lideres de cada proceso evalúen los principales procesos de la entidad y sus riesgos tomando como guía el modelo de referencia anexo | C69: III Trim 2021
A70: 6 | B70: Construya la matriz de evaluación del riesgo SARO | C70: IV Trim 2021
A71: 7 | B71: Elabore y apruebe el manual SARO | C71: IV Trim 2021
A72: 8 | B72: Evalúe el estado de las pólizas con que cuenta la entidad: vida deudores, colectiva o individual de las garantías, manejo, inventarios, PPE, riesgos sustracción, transporte de valores, daños o destrucción por terceros o desastres y accidentes etc. | C72: Anual
A73: 9 | B73: Analice, comente, recomiende a partir de la lectura del Informe de Revisor Fiscal y/o Auditoria Int | C73: Trimestral
A74: 10 | B74: Analice, comente, recomiende a partir de requerimientos SES, FOGACOOP, DIAN otros | C74: Trimestral
A75: 11 | B75: Revise el estado de reportes a través del SICSES, control de legalidad reformas de estatutos, reporte de información impresa a la SES | C75: Trimestral
A76: 12 | B76: Efectúe la autoevaluación de desempeño de los órganos de administración y control | C76: Anual | D76: Diciembre
A77: 13 | B77: Efectúe la autoevaluación de desempeño de los colaboradores y empleados | C77: Anual | D77: Diciembre
A78: 14 | B78: Analice, comente, recomiende a partir de los eventos de riesgo operativo presentados durante el mes | C78: Mensual
A79: 15 | B79: Revise resultado de arqueos de caja, conciliaciones bancarias, inventario físico de mercancías y propiedad, planta y equipo. Verifique actualización de avalúos de propiedad planta y equipo | C79: Anual
A80: 16 | B80: Revise el estado de la seguridad informática de la entidad y recomiende: copias o respaldos, seguridad de acceso, virus y ataques informáticos, interrupciones y acceso remoto. | C80: Anual | D80: Externo
A81: 17 | B81: Revise el estado del SSGST | C81: Anual | D81: Externo
A82: 18 | B82: Cumplimiento RUNEOL, CAMARA DE COMERCIO, contribución SES, Renta, Exógena e ICA | C82: Anual | D82: en abril
A83: 19 | B83: Revisión estados financieros, ejecución presupuestal | C83: Trimestral
A84: 20 | B84: Revisión cumplimiento y actualización estrategias y objetivos PLAN DE DESARROLLO, presupuesto | C84: Anual | D84: en noviembre
A85: SARM CBC Titulo IV Cap V
A86: 1 | B86: Defina una política de inversiones establezca limites: | C86: IV Trim 2021
B87: 1.1. Inversiones de capital (acciones, cuotas o partes de interés social) <= (Patrimonio - aportes - PPE e intangibles) | D87: Limite recomendado
B88: 1.2. Establezca las atribuciones y limites de la gerencia y demás funcionarios para la apertura de inversiones (verifique atribuciones del estatuto): que tipo de inversiones tiene permitido efectuar la entidad. | D88: Nada especulativo
B89: 1.3. Manejo de excedentes de tesorería: Concentración por tipo de inversión (instrumento), emisor, sector o grupo económico, | D89: Solo entidades vigiladas SF
B90: 1.4. Defina una política de inversión en activos fijos: Solo invertir con recursos de reservas y fondos patrimoniales. | D90: Inverso 2.1
A91: 2 | B91: Seguimiento a tasas de interés del mercado comparativas con portafolio: (ahorros y crédito) | C91: Trimestral | D91: ** si es una cooperativa de caficultores revisará los precios de mercado
B92: https://www.superfinanciera.gov.co/inicio/informes-y-cifras/cifras/establecimientos-de-credito/informacion-periodica/semanal/tasas-y-desembolsos-a-traves-de-libranza-10081990 | C92: Trimestral | D92: Tasas y Desembolsos libranzas
B93: https://www.superfinanciera.gov.co/inicio/informes-y-cifras/cifras/establecimientos-de-credito/informacion-periodica/mensual/tasa-de-interes-y-desembolsos-por-modalidad-de-credito-60955 | C93: Trimestral | D93: Tasas y desembolsos por modalidad de crédito
B94: https://www.superfinanciera.gov.co/inicio/simulador-y-tarifas-de-servicios-financieros/tasas-de-interes-61295 | C94: Trimestral | D94: Tasas Activas y Pasivas
B95: https://www.banrep.gov.co/es/catalogo-estadisticas-disponibles | C95: Trimestral | D95: Tasas, inflación, PIB
A96: 3 | B96: Evaluación anual de la composición y rentabilidad del portafolio de inversiones vs tasas mercado | C96: Trimestral

Sheet CAPACIDAD PATRIMONIAL
A1: CUC | B1: Posición | C1: RIESGO | D1: Vr contable | E1: % Var | F1: Vr Riesgo | G1: Vr poliza / Deterioro | H1: Deducible | I1: VaR | J1: Observación
A2: 100000 | B2: Activo | C2: SARO | D2: =VLOOKUP(A2,cuc!$A$2:$H$2088,8,FALSE) -> 1.14897e+10 | E2: 0.05 | F2: =+D2*E2 -> 5.7448502e+08 | G2: 0 | H2: 0 | I2: =IF(+F2+G2+H2>0,+F2+G2+H2,0) -> 5.7448502e+08 | J2: Demandas, multas
A3: 110500 | B3: Caja | C3: SARO | D3: =VLOOKUP(A3,cuc!$A$2:$H$2088,8,FALSE) -> 1156800 | E3: 1 | F3: =+D3*E3 -> 1156800 | G3: =-F3 -> -1156800 | H3: =-G3*10% -> 115680 | I3: =IF(+F3+G3+H3>0,+F3+G3+H3,0) -> 115680 | J3: Sustracción
A4: 111000 | B4: Bancos Y Otras Entidades Con Actividad Financiera | C4: SARO | D4: =VLOOKUP(A4,cuc!$A$2:$H$2088,8,FALSE) -> 1.0471347e+09 | E4: 0.5 | F4: =+D4*E4 -> 5.2356734e+08 | G4: =-F4 -> -5.2356734e+08 | H4: =-G4*10% -> 52356734 | I4: =IF(+F4+G4+H4>0,+F4+G4+H4,0) -> 52356734 | J4: Fraude
A5: 111500 | B5: Equivalentes Al Efectivo (Compromiso De Pago) | C5: SARM | D5: =VLOOKUP(A5,cuc!$A$2:$H$2088,8,FALSE) -> 0 | E5: 0.5 | F5: =+D5*E5 -> 0 | G5: 0 | H5: =+G5*-10% -> 0 | I5: =IF(+F5+G5+H5>0,+F5+G5+H5,0) -> 0 | J5: Desvalorización
A6: 112000 | B6: Efectivo De Uso Restringido Y/O Con Destinación Específica | C6: SARM | D6: =VLOOKUP(A6,cuc!$A$2:$H$2088,8,FALSE) -> 1.1253313e+08 | E6: 0.5 | F6: =+D6*E6 -> 56266563 | G6: 0 | H6: =+G6*-10% -> 0 | I6: =IF(+F6+G6+H6>0,+F6+G6+H6,0) -> 56266563 | J6: Desvalorización
A7: 120000 | B7: Inversiones | C7: SARO | D7: =VLOOKUP(A7,cuc!$A$2:$H$2088,8,FALSE) -> 1.7103825e+08 | E7: 0.5 | F7: =+D7*E7 -> 85519126 | G7: 0 | H7: =-G7*10% -> 0 | I7: =IF(+F7+G7+H7>0,+F7+G7+H7,0) -> 85519126 | J7: Desvalorización
A8: 140000 | B8: Cartera De CrÉditos | C8: SARC | D8: =VLOOKUP(A8,cuc!$A$2:$H$2088,8,FALSE) -> 9264950899 | E8: 0.08 | F8: =+D8*E8 -> 7.4119607e+08 | G8: =-D8*1% -> -92649509 | H8: 0 | I8: =IF(+F8+G8+H8>0,+F8+G8+H8,0) -> 6.4854656e+08 | J8: Deterioro
A9: 170000 | B9: Activos Materiales | C9: SARO | D9: =VLOOKUP(A9,cuc!$A$2:$H$2088,8,FALSE) -> 45433657 | E9: 1 | F9: =+SUM(D9:D9) -> 45433657 | G9: =-F9 -> -45433657 | H9: =-G9*10% -> 4543365.7 | I9: =IF(+F9+G9+H9>0,+F9+G9+H9,0) -> 4543365.7 | J9: Destrucción, Robo
A10: 190000 | B10: Otros Activos | C10: SARO | D10: =VLOOKUP(A10,cuc!$A$2:$H$2088,8,FALSE) -> 374488 | E10: 1 | F10: =+SUM(D10:D15) -> 374488 | I10: =IF(+F10+G10+H10>0,+F10+G10+H10,0) -> 374488
B11: Total Exposicion Riesgos | I11: =+SUM(I2:I10) -> 1.4222075e+09
B12: Patrimonio sin aportes | H12: =+I12/I11 -> 1.0838947 | I12: =cuc!H1068-cuc!H1069+cuc!H1075 -> 1.5415232e+09

Sheet Perfil de Riesgo 
H1: 10 | I1: modificar manualmente según el mes de corte
A2: CTA | B2: descripcion | C2: 42705 | D2: 43070 | E2: 43435 | F2: 43800 | G2: 44166 | H2: =EOMONTH(G2,H1) -> 44500
A3: 100000 | B3: ACTIVO | C3: 7.8891958e+09 | D3: 8.6070806e+09 | E3: 9.0401657e+09 | F3: 9.23811e+09 | G3: 1.0368671e+10 | H3: 1.14897e+10
A4: 110000 | B4: EFECTIVO Y EQUIVALENTE AL EFECTIVO | C4: 1.2269127e+08 | D4: 3.0901244e+08 | E4: 3.8197413e+08 | F4: 5.0393843e+08 | G4: 6.7341274e+08 | H4: 1.1608246e+09
A5: 110500 | B5: CAJA | C5: 1346100 | D5: 277600 | E5: 14407 | F5: 1098000 | G5: 1255150 | H5: 1156800
A6: 110505 | B6: CAJA GENERAL | C6: 1126100 | D6: 57600 | E6: 14407 | F6: 684000 | G6: 841150 | H6: 742800
A7: 110510 | B7: CAJA MENOR | C7: 220000 | D7: 220000 | E7: 0 | F7: 414000 | G7: 414000 | H7: 414000
A8: 111000 | B8: BANCOS Y OTRAS ENTIDADES CON ACTIVIDAD FINANCIERA | C8: 82032386 | D8: 2.6037943e+08 | E8: 3.185538e+08 | F8: 4.343698e+08 | G8: 5.6971018e+08 | H8: 1.0471347e+09
A9: 111005 | B9: BANCOS COMERCIALES | C9: 82032386 | D9: 2.6037943e+08 | E9: 3.185538e+08 | F9: 4.343698e+08 | G9: 5.6971018e+08 | H9: 1.0471347e+09
A10: 111010 | B10: BANCOS COOPERATIVOS | C10: 0 | D10: 0 | E10: 0 | F10: 0 | G10: 0 | H10: 0
A11: 111015 | B11: ENTIDADES SECTOR SOLIDARIO | C11: 0 | D11: 0 | E11: 0 | F11: 0 | G11: 0 | H11: 0
A12: 111020 | B12: ENTIDADES DEL EXTERIOR | C12: 0 | D12: 0 | E12: 0 | F12: 0 | G12: 0 | H12: 0
A13: 111025 | B13: OTRAS ENTIDADES | C13: 0 | D13: 0 | E13: 0 | F13: 0 | G13: 0 | H13: 0
A14: 111500 | B14: EQUIVALENTES AL EFECTIVO (compromiso de pago) | C14: 0 | D14: 0 | E14: 0 | F14: 0 | G14: 0 | H14: 0
... A2025: 980000 | B2025: ACREEDORAS DE CONTROL POR CONTRA (CR) | C2025: 0 | D2025: 0 | E2025: 0 | F2025: 7592037161 | G2025: 8989826768 | H2025: 9213414170
B2028: ESTADISTICA | C2028: 42705 | D2028: 43070 | E2028: 43435 | F2028: 43800 | G2028: 44166 | H2028: =+H2 -> 44500
B2029: N° Asociados | C2029: 1328 | D2029: 1561 | E2029: 1767 | F2029: 1798 | G2029: 1699 | H2029: 1689 | I2029: **
B2030: Empleados | C2030: 10 | D2030: 11 | E2030: 11 | F2030: 11 | G2030: 11 | H2030: 10 | I2030: **
B2031: SMLMV | C2031: 689455 | D2031: 737717 | E2031: 781242 | F2031: 828116 | G2031: 878000 | H2031: 908000
B2032: IPC | C2032: 0.0575 | D2032: 0.0409 | E2032: 0.0318 | F2032: 0.038 | G2032: 0.0161 | H2032: 0.053
B2033: Tasa Usura | C2033: 0.32985 | D2033: 0.3116 | E2033: 0.291 | F2033: 0.2837 | G2033: 0.26 | H2033: 0.26
B2034: IBR efectiva anual (3 meses) | C2034: 0.07204 | D2034: 0.04655 | E2034: 0.04267 | F2034: 0.0427 | G2034: 0.0175 | H2034: 0.04
B2035: Gasto NETO de provisiones | C2035: =+C1521-C1344 -> -7202682 | D2035: =+D1521-D1344 -> -6978502 | E2035: =+E1521-E1344 -> 29948960 | F2035: =+F1521-F1344 -> 30591973 | G2035: =+G1521-G1344 -> 90330808 | H2035: =+H1521-H1344 -> 71137934
B2036: Cartera Bruta | C2036: =+C249+C255+C261+C291+C297+C303+C309+C350+C386+C392+C433+C439+C267+C321+C362+C356+C398+C404+C451+C481+C492+C525+C534 -> 7552647886 | D2036: =+D249+D255+D261+D291+D297+D303+D309+D350+D386+D392+D433+D439+D267+D321+D362+D356+D398+D404+D451+D481+D492+D525+D534 -> 7553319763 | E2036: =+E249+E255+E261+E291+E297+E303+E309+E350+E386+E392+E433+E439+E267+E321+E362+E356+E398+E404+E451+E481+E492+E525+E534 -> 7887272803 | F2036: =+F249+F255+F261+F291+F297+F303+F309+F350+F386+F392+F433+F439+F267+F321+F362+F356+F398+F404+F451+F481+F492+F525+F534 -> 7934057401 | G2036: =+G249+G255+G261+G291+G297+G303+G309+G350+G386+G392+G433+G439+G267+G321+G362+G356+G398+G404+G451+G481+G492+G525+G534 -> 9332949614 | H2036: =+H249+H255+H261+H291+H297+H303+H309+H350+H386+H392+H433+H439+H267+H321+H362+H356+H398+H404+H451+H481+H492+H525+H534 -> 9554982298
B2037: Cartera Vigente | C2037: =+C250+C256+C292+C298+C304+C310+C351+C387+C393+C434+C440+C268+C322+C363+C357+C399+C405+C446+C452+C482+C493+C525+C535+C262+C487+C498 -> 7453713765 | D2037: =+D250+D256+D292+D298+D304+D310+D351+D387+D393+D434+D440+D268+D322+D363+D357+D399+D405+D446+D452+D482+D493+D525+D535+D262+D487+D498 -> 7475598933 | E2037: =+E250+E256+E292+E298+E304+E310+E351+E387+E393+E434+E440+E268+E322+E363+E357+E399+E405+E446+E452+E482+E493+E525+E535+E262+E487+E498 -> 7730525181 | F2037: =+F250+F256+F292+F298+F304+F310+F351+F387+F393+F434+F440+F268+F322+F363+F357+F399+F405+F446+F452+F482+F493+F525+F535+F262+F487+F498 -> 7553661397 | G2037: =+G250+G256+G292+G298+G304+G310+G351+G387+G393+G434+G440+G268+G322+G363+G357+G399+G405+G446+G452+G482+G493+G525+G535+G262+G487+G498 -> 9146203003 | H2037: =+H250+H256+H292+H298+H304+H310+H351+H387+H393+H434+H440+H268+H322+H363+H357+H399+H405+H446+H452+H482+H493+H525+H535+H262+H487+H498 -> 9357408022
B2038: Cartera MORA | C2038: =+C2036-C2037 -> 98934121 | D2038: =+D2036-D2037 -> 77720830 | E2038: =+E2036-E2037 -> 156747622 | F2038: =+F2036-F2037 -> 380396004 | G2038: =+G2036-G2037 -> 186746611 | H2038: =+H2036-H2037 -> 197574276
B2039: Cartera improductiva | C2039: =+C2038-C251-C257-C263-C269-C293-C299-C305-C311-C317-C352-C358-C364-C388-C394-C400-C406-C435-C441-C447-C453-C483-C494-C323-C488 -> 85096418 | D2039: =+D2038-D251-D257-D263-D269-D293-D299-D305-D311-D317-D352-D358-D364-D388-D394-D400-D406-D435-D441-D447-D453-D483-D494-D323-D488 -> 75031172 | E2039: =+E2038-E251-E257-E263-E269-E293-E299-E305-E311-E317-E352-E358-E364-E388-E394-E400-E406-E435-E441-E447-E453-E483-E494-E323-E488 -> 131412424 | F2039: =+F2038-F251-F257-F263-F269-F293-F299-F305-F311-F317-F352-F358-F364-F388-F394-F400-F406-F435-F441-F447-F453-F483-F494-F323-F488 -> 86343025 | G2039: =+G2038-G251-G257-G263-G269-G293-G299-G305-G311-G317-G352-G358-G364-G388-G394-G400-G406-G435-G441-G447-G453-G483-G494-G323-G488 -> 149049766 | H2039: =+H2038-H251-H257-H263-H269-H293-H299-H305-H311-H317-H352-H358-H364-H388-H394-H400-H406-H435-H441-H447-H453-H483-H494-H323-H488 -> 175486244
B2040: % improducitva | C2040: =+C2039/C2036 -> 0.011267097 | D2040: =+D2039/D2036 -> 0.0099335358 | E2040: =+E2039/E2036 -> 0.016661326 | F2040: =+F2039/F2036 -> 0.010882581 | G2040: =+G2039/G2036 -> 0.015970274 | H2040: =+H2039/H2036 -> 0.018365941
B2041: Provisiones | C2041: =+C273+C279+C285+C327+C338+C344+C368+C374+C380+C410+C421+C427+C457+C468+C474+C480+C503+C514 -> 151865111 | D2041: =+D273+D279+D285+D327+D338+D344+D368+D374+D380+D410+D421+D427+D457+D468+D474+D480+D503+D514 -> 138241997 | E2041: =+E273+E279+E285+E327+E338+E344+E368+E374+E380+E410+E421+E427+E457+E468+E474+E480+E503+E514 -> 175422728 | F2041: =+F273+F279+F285+F327+F338+F344+F368+F374+F380+F410+F421+F427+F457+F468+F474+F480+F503+F514 -> 142263065 | G2041: =+G273+G279+G285+G327+G338+G344+G368+G374+G380+G410+G421+G427+G457+G468+G474+G480+G503+G514 -> 229710931 | H2041: =+H273+H279+H285+H327+H338+H344+H368+H374+H380+H410+H421+H427+H457+H468+H474+H480+H503+H514 -> 300722903
B2042: Cartera Libranza / Bruta | C2042: =+(C249+C291+C303)/C2036 -> 0.96792624 | D2042: =+(D249+D291+D303)/D2036 -> 0.9434908 | E2042: =+(E249+E291+E303)/E2036 -> 0.94218569 | F2042: =+(F249+F291+F303)/F2036 -> 0.93757223 | G2042: =+(G249+G291+G303)/G2036 -> 0.92216877 | H2042: =+(H249+H291+H303)/H2036 -> 0.90848852
B2043: Inversiones / Activos | C2043: =+C32/C3 -> 0.02359945 | D2043: =+D32/D3 -> 0.025198042 | E2043: =+E32/E3 -> 0.016114021 | F2043: =+F32/F3 -> 0.017093175 | G2043: =+G32/G3 -> 0.015931219 | H2043: =+H32/H3 -> 0.014886224
B2044: Depositos + Aportes | C2044: =+(C740+C1034) -> 5.7202371e+09 | D2044: =+(D740+D1034) -> 6.2919787e+09 | E2044: =+(E740+E1034) -> 6.9179637e+09 | F2044: =+(F740+F1034) -> 7.2317445e+09 | G2044: =+(G740+G1034) -> 8.1935964e+09 | H2044: =+(H740+H1034) -> 8.8959012e+09
I2045: Sector 2020
B2046: INDICADOR | C2046: =+C2 -> 42705 | D2046: =+D2 -> 43070 | E2046: =+E2 -> 43435 | F2046: =+F2 -> 43800 | G2046: =+G2 -> 44166 | H2046: =+H2 -> 44500 | I2046: PROM | J2046: MED | K2046: P.80
A2047: RIESGO CREDITO | B2047: Calidad de Cartera | C2047: =+C2038/C2036 -> 0.013099263 | D2047: =+D2038/D2036 -> 0.010289625 | E2047: =+E2038/E2036 -> 0.019873488 | F2047: =+F2038/F2036 -> 0.0479447 | G2047: =+G2038/G2036 -> 0.020009388 | H2047: =+H2038/H2036 -> 0.020677618 | I2047: 0.025397795 | J2047: 0.017955032 | K2047: 0.042406227
B2048: Cartera mora / Patrimonio | C2048: =+C2038/C1033 -> 0.019234207 | D2048: =+D2038/D1033 -> 0.013836114 | E2048: =+E2038/E1033 -> 0.02548215 | F2048: =+F2038/F1033 -> 0.059344918 | G2048: =+G2038/G1033 -> 0.026032116 | H2048: =+H2038/H1033 -> 0.025602836 | I2048: 0.080279869 | J2048: 0.044256907 | K2048: 0.11259204
B2049: Cartera improductiva (>=c) | C2049: =+C2040 -> 0.011267097 | D2049: =+D2040 -> 0.0099335358 | E2049: =+E2040 -> 0.016661326 | F2049: =+F2040 -> 0.010882581 | G2049: =+G2040 -> 0.015970274 | H2049: =+H2040 -> 0.018365941 | I2049: 0.017591313 | J2049: 0.013446605 | K2049: 0.030981632
B2050: Patrimonio sin aportes / PPE + Improductiva | C2050: =IFERROR(+(C1033-C1034)/(+C224+C634+C$252+C$253+C$254+C$258+C$259+C$260+C$264+C$265+C$266+C$270+C$271+C$272+C$294+C$295+C$296+C$300+C$301+C$302+C$306+C$307+C$308+C$312+C$313+C$314+C$318+C$319+C$320+C$324+C$325+C$326+C$353+C$354+C$355+C$359+C$360+C$361+C$365+C$366+C$367+C$389+C$390+C$391+C$395+C$396+C$397+C$401+C$402+C$403+C$407+C$408+C$409+C$436+C$437+C$438+C$442+C$443+C$444+C$448+C$449+C$450+C$454+C$455+C$456+C$484+C$485+C$486+C$489+C$490+C$491+C$495+C$496+C$497+C$500+C$501+C$502+C$537+C$538+C$539),9999%) -> 11.843815 | D2050: =IFERROR(+(D1033-D1034)/(+D224+D634+D$252+D$253+D$254+D$258+D$259+D$260+D$264+D$265+D$266+D$270+D$271+D$272+D$294+D$295+D$296+D$300+D$301+D$302+D$306+D$307+D$308+D$312+D$313+D$314+D$318+D$319+D$320+D$324+D$325+D$326+D$353+D$354+D$355+D$359+D$360+D$361+D$365+D$366+D$367+D$389+D$390+D$391+D$395+D$396+D$397+D$401+D$402+D$403+D$407+D$408+D$409+D$436+D$437+D$438+D$442+D$443+D$444+D$448+D$449+D$450+D$454+D$455+D$456+D$484+D$485+D$486+D$489+D$490+D$491+D$495+D$496+D$497+D$500+D$501+D$502+D$537+D$538+D$539),9999%) -> 11.301467 | E2050: =IFERROR(+(E1033-E1034)/(+E224+E634+E$252+E$253+E$254+E$258+E$259+E$260+E$264+E$265+E$266+E$270+E$271+E$272+E$294+E$295+E$296+E$300+E$301+E$302+E$306+E$307+E$308+E$312+E$313+E$314+E$318+E$319+E$320+E$324+E$325+E$326+E$353+E$354+E$355+E$359+E$360+E$361+E$365+E$366+E$367+E$389+E$390+E$391+E$395+E$396+E$397+E$401+E$402+E$403+E$407+E$408+E$409+E$436+E$437+E$438+E$442+E$443+E$444+E$448+E$449+E$450+E$454+E$455+E$456+E$484+E$485+E$486+E$489+E$490+E$491+E$495+E$496+E$497+E$500+E$501+E$502+E$537+E$538+E$539),9999%) -> 5.8802258 | F2050: =IFERROR(+(F1033-F1034)/(+F224+F634+F$252+F$253+F$254+F$258+F$259+F$260+F$264+F$265+F$266+F$270+F$271+F$272+F$294+F$295+F$296+F$300+F$301+F$302+F$306+F$307+F$308+F$312+F$313+F$314+F$318+F$319+F$320+F$324+F$325+F$326+F$353+F$354+F$355+F$359+F$360+F$361+F$365+F$366+F$367+F$389+F$390+F$391+F$395+F$396+F$397+F$401+F$402+F$403+F$407+F$408+F$409+F$436+F$437+F$438+F$442+F$443+F$444+F$448+F$449+F$450+F$454+F$455+F$456+F$484+F$485+F$486+F$489+F$490+F$491+F$495+F$496+F$497+F$500+F$501+F$502+F$537+F$538+F$539),9999%) -> 8.8122892 | G2050: =IFERROR(+(G1033-G1034)/(+G224+G634+G$252+G$253+G$254+G$258+G$259+G$260+G$264+G$265+G$266+G$270+G$271+G$272+G$294+G$295+G$296+G$300+G$301+G$302+G$306+G$307+G$308+G$312+G$313+G$314+G$318+G$319+G$320+G$324+G$325+G$326+G$353+G$354+G$355+G$359+G$360+G$361+G$365+G$366+G$367+G$389+G$390+G$391+G$395+G$396+G$397+G$401+G$402+G$403+G$407+G$408+G$409+G$436+G$437+G$438+G$442+G$443+G$444+G$448+G$449+G$450+G$454+G$455+G$456+G$484+G$485+G$486+G$489+G$490+G$491+G$495+G$496+G$497+G$500+G$501+G$502+G$537+G$538+G$539),9999%) -> 6.8633128 | H2050: =IFERROR(+(H1033-H1034)/(+H224+H634+H$252+H$253+H$254+H$258+H$259+H$260+H$264+H$265+H$266+H$270+H$271+H$272+H$294+H$295+H$296+H$300+H$301+H$302+H$306+H$307+H$308+H$312+H$313+H$314+H$318+H$319+H$320+H$324+H$325+H$326+H$353+H$354+H$355+H$359+H$360+H$361+H$365+H$366+H$367+H$389+H$390+H$391+H$395+H$396+H$397+H$401+H$402+H$403+H$407+H$408+H$409+H$436+H$437+H$438+H$442+H$443+H$444+H$448+H$449+H$450+H$454+H$455+H$456+H$484+H$485+H$486+H$489+H$490+H$491+H$495+H$496+H$497+H$500+H$501+H$502+H$537+H$538+H$539),9999%) -> 6.752606 | I2050: 4.3659221 | J2050: 3.0080832 | K2050: 9.8280872
B2051: Patrimonio / Activos | C2051: =+C1033/C3 -> 0.65198721 | D2051: =+D1033/D3 -> 0.65263059 | E2051: =+E1033/E3 -> 0.68043791 | F2051: =+F1033/F3 -> 0.6938559 | G2051: =+G1033/G3 -> 0.69186311 | H2051: =+H1033/H3 -> 0.67163546 | I2051: 0.28995688 | J2051: 0.24628601 | K2051: 0.42906905
B2052: Provisiones / Cartera en MORA (cobertura total) | C2052: =IFERROR(+C2041/C2038,9999%) -> 1.5350125 | D2052: =IFERROR(+D2041/D2038,9999%) -> 1.7786994 | E2052: =IFERROR(+E2041/E2038,9999%) -> 1.1191412 | F2052: =IFERROR(+F2041/F2038,9999%) -> 0.37398675 | G2052: =IFERROR(+G2041/G2038,9999%) -> 1.2300675 | H2052: =IFERROR(+H2041/H2038,9999%) -> 1.5220752 | I2052: 1.3303946 | J2052: 1.3634948 | K2052: 1.99
B2053: Quebranto Patrimonial (Patrimonio / Aportes) | C2053: =+C1033/(C1034-C1040) -> 1.2949692 | D2053: =+D1033/(D1034-D1040) -> 1.2661719 | E2053: =+E1033/(E1034-E1040) -> 1.2382831 | F2053: =+F1033/(F1034-F1040) -> 1.2441981 | G2053: =+G1033/(G1034-G1040) -> 1.2385951 | H2053: =+H1033/(H1034-H1040) -> 1.2496245 | I2053: 2.1565416 | J2053: 1.555231 | K2053: 2.3042245
A2054: RIESGO DE LIQUIDEZ Y MERCADO | B2054: Inversiones + Fiducias y Cartera / Depositos + Obligaciones + Aportes | C2054: =+(C14+C18+C32-C143+C248)/(C740+C768+C1034-C1040) -> 1.2491941 | D2054: =+(D14+D18+D32-D143+D248)/(D740+D768+D1034-D1040) -> 1.1545185 | E2054: =+(E14+E18+E32-E143+E248)/(E740+E768+E1034-E1040) -> 1.1221145 | F2054: =+(F14+F18+F32-F143+F248)/(F740+F768+F1034-F1040) -> 1.0998279 | G2054: =+(G14+G18+G32-G143+G248)/(G740+G768+G1034-G1040) -> 1.1353379 | H2054: =+(H14+H18+H32-H143+H248)/(H740+H768+H1034-H1040) -> 1.0638575 | I2054: 1.2066308 | J2054: 1.0443083 | K2054: 1.211784
B2055: Activos productivos / Pasivos con costo | C2055: =+(C14+C18+C32+C2036-C2039)/(C740+C768) -> 3.6591556 | D2055: =+(D14+D18+D32+D2036-D2039)/(D740+D768) -> 3.5534126 | E2055: =+(E14+E18+E32+E2036-E2039)/(E740+E768) -> 3.8884672 | F2055: =+(F14+F18+F32+F2036-F2039)/(F740+F768) -> 3.8819652 | G2055: =+(G14+G18+G32+G2036-G2039)/(G740+G768) -> 3.9352009 | H2055: =+(H14+H18+H32+H2036-H2039)/(H740+H768) -> 3.5519008 | I2055: 1.8270968 | J2055: 1.3498925 | K2055: 1.8535142
B2056: Activos Fijos a Activos | C2056: =+C634/C3 -> 0.0013235845 | D2056: =+D634/D3 -> 0.0030790826 | E2056: =+E634/E3 -> 0.0070732604 | F2056: =+F634/F3 -> 0.0057398741 | G2056: =+G634/G3 -> 0.0043649222 | H2056: =+H634/H3 -> 0.0039542943 | I2056: 0.030469492 | J2056: 0.020116707 | K2056: 0.04432603
B2057: Activos improductivos | C2057: =+(C5+C8+C634+C2039)/C3 -> 0.022678727 | D2057: =+(D5+D8+D634+D2039)/D3 -> 0.042080484 | E2057: =+(E5+E8+E634+E2039)/E3 -> 0.056848966 | F2057: =+(F5+F8+F634+F2039)/F3 -> 0.062224461 | G2057: =+(G5+G8+G634+G2039)/G3 -> 0.073806331 | H2057: =+(H5+H8+H634+H2039)/H3 -> 0.11046514 | I2057: 0.11247919 | J2057: 0.099808698 | K2057: 0.15610351
B2058: Depositos / Cartera | C2058: =+C740/C248 -> 0.23605742 | D2058: =+D740/D248 -> 0.24994208 | E2058: =+E740/E248 -> 0.25254921 | F2058: =+F740/F248 -> 0.26669755 | G2058: =+G740/G248 -> 0.26354029 | H2058: =+H740/H248 -> 0.29363719 | I2058: 0.89931343 | J2058: 0.95363563 | K2058: 1.1609479
B2059: Endeudamiento Bancario | C2059: =(+C768)/C3 -> 0.044897029 | D2059: =(+D768)/D3 -> 0.037597009 | E2059: =(+E768)/E3 -> 0.010836813 | F2059: =(+F768)/F3 -> 0 | G2059: =(+G768)/G3 -> 0 | H2059: =(+H768)/H3 -> 0 | I2059: 0.03552543 | J2059: 0 | K2059: 0.013475463
B2060: Cartera / Activos | C2060: =+C248/C3 -> 0.93873458 | D2060: =+D248/D3 -> 0.86255007 | E2060: =+E248/E3 -> 0.85427456 | F2060: =+F248/F3 -> 0.84418959 | G2060: =+G248/G3 -> 0.87895217 | H2060: =+H248/H3 -> 0.80637011 | I2060: 0.7074432 | J2060: 0.72989309 | K2060: 0.81771446
B2061: Efectivo y Eq. + Inversiones + patronales / Depósitos y aportes | C2061: =+(C4+C32+C610)/(C740+C1034) -> 0.082513673 | D2061: =+(D4+D32+D610)/(D740+D1034) -> 0.18368703 | E2061: =+(E4+E32+E610)/(E740+E1034) -> 0.18074207 | F2061: =+(F4+F32+F610)/(F740+F1034) -> 0.19092172 | G2061: =+(G4+G32+G610)/(G740+G1034) -> 0.14751952 | H2061: =+(H4+H32+H610)/(H740+H1034) -> 0.24468439 | I2061: 0.48837055 | J2061: 0.27437614 | K2061: 0.40965222
B2062: Patrimonio sin aportes / Activos | C2062: =+(C1033-C1034)/C3 -> 0.14851021 | D2062: =+(D1033-D1034)/D3 -> 0.13719458 | E2062: =+(E1033-E1034)/E3 -> 0.13093684 | F2062: =+(F1033-F1034)/F3 -> 0.13618274 | G2062: =+(G1033-G1034)/G3 -> 0.1332761 | H2062: =+(H1033-H1034)/H3 -> 0.13416566 | I2062: 0.10283677 | J2062: 0.064718414 | K2062: 0.1431302
A2063: RIESGO OPERATIVO | B2063: Suficiencia de Margen Financiero (Sin det, deprec, otros g) | C2063: =+(C1292+C1329+C1340-C1626-C1950)/(C1438+C1484-C1520) -> 1.5299196 | D2063: =+(D1292+D1329+D1340-D1626-D1950)/(D1438+D1484-D1520) -> 1.446204 | E2063: =+(E1292+E1329+E1340-E1626-E1950)/(E1438+E1484-E1520) -> 1.4268951 | F2063: =+(F1292+F1329+F1340-F1626-F1950)/(F1438+F1484-F1520) -> 1.448016 | G2063: =+(G1292+G1329+G1340-G1626-G1950)/(G1438+G1484-G1520) -> 1.5571563 | H2063: =+(H1292+H1329+H1340-H1626-H1950)/(H1438+H1484-H1520) -> 1.6880923 | I2063: 2.4264641 | J2063: 1.8118813 | K2063: 2.3638529
B2064: Margen sin 511095 ni 523095 ni ingresos x recuperaciones | C2064: =+(C1064+C1669+C1520)/(C1087-C1344) -> 0.29707147 | D2064: =+(D1064+D1669+D1520)/(D1087-D1344) -> 0.26860017 | E2064: =+(E1064+E1669+E1520)/(E1087-E1344) -> 0.23274587 | F2064: =+(F1064+F1669+F1520)/(F1087-F1344) -> 0.25049716 | G2064: =+(G1064+G1669+G1520)/(G1087-G1344) -> 0.25535687 | H2064: =+(H1064+H1669+H1520)/(H1087-H1344) -> 0.31376799 | I2064: 0.26968646 | J2064: 0.24731517 | K2064: 0.38780024
B2065: Margen TOTAL | C2065: =+C1064/C1087 -> 0.13704114 | D2065: =+D1064/D1087 -> 0.10560154 | E2065: =+E1064/E1087 -> 0.07922173 | F2065: =+F1064/F1087 -> 0.11529661 | G2065: =+G1064/G1087 -> 0.17075027 | H2065: =+H1064/H1087 -> 0.27289583 | I2065: 0.15490204 | J2065: 0.10611737 | K2065: 0.25698299
B2066: Margen financiero bruto / Activo promedio | C2066: =(+(C1292+C1329+C1340)-(C1626+C1950))/AVERAGE(C3:C3) -> 0.11096515 | D2066: =(+(D1292+D1329+D1340)-(D1626+D1950))/AVERAGE(D3:D3) -> 0.11611292 | E2066: =(+(E1292+E1329+E1340)-(E1626+E1950))/AVERAGE(D3:E3) -> 0.12542462 | F2066: =(+(F1292+F1329+F1340)-(F1626+F1950))/AVERAGE(E3:F3) -> 0.12874202 | G2066: =(+(G1292+G1329+G1340)-(G1626+G1950))/AVERAGE(F3:G3) -> 0.13084887 | H2066: =((+(H1292+H1329+H1340)-(H1626+H1950))/AVERAGE(G3:H3))/H1*12 -> 0.12972304 | I2066: 0.057455779 | J2066: 0.058786534 | K2066: 0.078414916
B2067: Rentabilidad del patrimonio promedio | C2067: =+C1064/+AVERAGE(C1033:C1033) -> 0.028255418 | D2067: =+D1064/+AVERAGE(D1033:D1033) -> 0.022339712 | E2067: =+E1064/+AVERAGE(D1033:E1033) -> 0.01754444 | F2067: =+F1064/+AVERAGE(E1033:F1033) -> 0.024992734 | G2067: =+G1064/+AVERAGE(F1033:G1033) -> 0.036720738 | H2067: =(+H1064/+AVERAGE(G1033:H1033))/H1*12 -> 0.057885794 | I2067: 0.057514813 | J2067: 0.048863964 | K2067: 0.089423607
B2068: Excedente + Gastos Sociales 511095 + 523095 / Activos | C2068: =+(C1064+C1520+C1669)/+AVERAGE(C3:C3) -> 0.039033186 | D2068: =+(D1064+D1520+D1669)/+AVERAGE(D3:D3) -> 0.036353697 | E2068: =+(E1064+E1520+1670)/+AVERAGE(D3:E3) -> 0.03396145 | F2068: =+(F1064+F1520+1670)/+AVERAGE(E3:F3) -> 0.036679665 | G2068: =+(G1064+G1520+1670)/+AVERAGE(F3:G3) -> 0.037223728 | H2068: =(+(H1064+H1520+1670)/+AVERAGE(G3:H3))/H1*12 -> 0.044201473 | I2068: 0.025139864 | J2068: 0.025907427 | K2068: 0.033284491
B2069: Rentabilidad Total de los aportes y ahorros | C2069: =+(C1064*70%+C1520+C1669+C1951+C1952+C1953+C1954)/+AVERAGE(C2044:C2044) -> 0.061886154 | D2069: =+(D1064*70%+D1520+D1669+D1951+D1952+D1953+D1954)/+AVERAGE(D2044:D2044) -> 0.058305342 | E2069: =+(E1064*70%+E1520+E1669+E1951+E1952+E1953+E1954)/+AVERAGE(D2044:E2044) -> 0.057106649 | F2069: =+(F1064*70%+F1520+F1669+F1951+F1952+F1953+F1954)/+AVERAGE(E2044:F2044) -> 0.054487532 | G2069: =+(G1064*70%+G1520+G1669+G1951+G1952+G1953+G1954)/+AVERAGE(F2044:G2044) -> 0.050646519 | H2069: =+(H1064*70%+H1520+H1669+H1951+H1952+H1953+H1954)/+AVERAGE(G2044:H2044)/H1*12 -> 0.050563025 | I2069: 0.07861329 | J2069: 0.056679638 | K2069: 0.077193937
B2070: Excedente / Capital Social | C2070: =+C1064/+AVERAGE(C1034:C1034) -> 0.036589895 | D2070: =+D1064/+AVERAGE(D1034:D1034) -> 0.028285916 | E2070: =+E1064/+AVERAGE(D1034:E1034) -> 0.021955811 | F2070: =+F1064/+AVERAGE(E1034:F1034) -> 0.031023343 | G2070: =+G1064/+AVERAGE(F1034:G1034) -> 0.045578983 | H2070: =(+H1064/+AVERAGE(G1034:H1034))/H1*12 -> 0.072026516 | I2070: 0.14724927 | J2070: 0.075742455 | K2070: 0.18234745
B2071: Rentabilidad de la cartera | C2071: =+C1292/+AVERAGE(C248:C248) -> 0.13515924 | D2071: =+D1292/+AVERAGE(D248:D248) -> 0.14993909 | E2071: =+E1292/+AVERAGE(D248:E248) -> 0.15945824 | F2071: =+F1292/+AVERAGE(E248:F248) -> 0.16864889 | G2071: =+G1292/+AVERAGE(F248:G248) -> 0.16689782 | H2071: =(+H1292/+AVERAGE(G248:H248))/H1*12 -> 0.16636917 | I2071: 0.11317889 | J2071: 0.11386616 | K2071: 0.13299949
B2072: Rentabilidad de Cartera / Tasa Usura | C2072: =+C2071/C2033 -> 0.40975972 | D2072: =+D2071/D2033 -> 0.4811909 | E2072: =+E2071/E2033 -> 0.54796645 | F2072: =+F2071/F2033 -> 0.59446208 | G2072: =+G2071/G2033 -> 0.64191469 | H2072: =+H2071/H2033 -> 0.63988141 | I2072: 0.39027204 | J2072: 0.39264193 | K2072: 0.45861894
B2073: Diferencial de Tasa (Tasa - IBR) | C2073: =+C2071-C2034 -> 0.063119243 | D2073: =+D2071-D2034 -> 0.10338909 | E2073: =+E2071-E2034 -> 0.11678824 | F2073: =+F2071-F2034 -> 0.12594889 | G2073: =+G2071-G2034 -> 0.14939782 | H2073: =+H2071-H2034 -> 0.12636917 | I2073: 0.095078892 | J2073: 0.09576616 | K2073: 0.11489949
B2074: Costo de los Depósitos | C2074: =+(C1951+C1952+C1953+C1954)/+AVERAGE(C740:C740) -> 0.051288996 | D2074: =+(D1951+D1952+D1953+D1954)/+AVERAGE(D740:D740) -> 0.049366279 | E2074: =+(E1951+E1952+E1953+E1954)/+AVERAGE(D740:E740) -> 0.056721682 | F2074: =+(F1951+F1952+F1953+F1954)/+AVERAGE(E740:F740) -> 0.048040193 | G2074: =+(G1951+G1952+G1953+G1954)/+AVERAGE(F740:G740) -> 0.044310814 | H2074: =(+(H1951+H1952+H1953+H1954)/+AVERAGE(G740:H740))/H1*12 -> 0.030383347 | I2074: 0.042516527 | J2074: 0.041971396 | K2074: 0.058141004
B2075: Tasa de cartera - retorno al asociado | C2075: =+C2071-C2069 -> 0.073273089 | D2075: =+D2071-D2069 -> 0.091633744 | E2075: =+E2071-E2069 -> 0.10235159 | F2075: =+F2071-F2069 -> 0.11416136 | G2075: =+G2071-G2069 -> 0.1162513 | H2075: =+H2071-H2069 -> 0.11580614 | I2075: 0.053735041 | J2075: 0.052464897 | K2075: 0.074246082
B2076: Eficiencia op. (51+54 /41) | C2076: =+(C1437+C1673)/C1088 -> 0.75488523 | D2076: =+(D1437+D1673)/D1088 -> 0.80764459 | E2076: =+(E1437+E1673)/E1088 -> 0.84496839 | F2076: =+(F1437+F1673)/F1088 -> 0.80147763 | G2076: =+(G1437+G1673)/G1088 -> 0.75591773 | H2076: =+(H1437+H1673)/H1088 -> 0.67097328 | I2076: 0.57056876 | J2076: 0.53683205 | K2076: 0.74832438
B2077: Eficiencia op. (Corregido): sin 511095 con recup deterioro y rendim fciero | C2077: =+(C1438+C1484-C1520+C1673)/(C1088+C1329+C1393) -> 0.55641549 | D2077: =+(D1438+D1484-D1520+D1673)/(D1088+D1329+D1393) -> 0.59884794 | E2077: =+(E1438+E1484-E1520+E1673)/(E1088+E1329+E1393) -> 0.60624114 | F2077: =+(F1438+F1484-F1520+F1673)/(F1088+F1329+F1393) -> 0.61523221 | G2077: =+(G1438+G1484-G1520+G1673)/(G1088+G1329+G1393) -> 0.58052758 | H2077: =+(H1438+H1484-H1520+H1673)/(H1088+H1329+H1393) -> 0.54735096 | I2077: 0.35251651 | J2077: 0.33263209 | K2077: 0.44068416
B2078: G. Personal + Generales sin varios / Ingresos financieros | C2078: =+(C1438+C1484-C1520)/(C1292+C1329) -> 0.55641549 | D2078: =+(D1438+D1484-D1520)/(D1292+D1329) -> 0.59884794 | E2078: =+(E1438+E1484-E1520)/(E1292+E1329) -> 0.61137174 | F2078: =+(F1438+F1484-F1520)/(F1292+F1329) -> 0.61785472 | G2078: =+(G1438+G1484-G1520)/(G1292+G1329) -> 0.58052758 | H2078: =+(H1438+H1484-H1520)/(H1292+H1329) -> 0.54776675 | I2078: 0.36373265 | J2078: 0.35351376 | K2078: 0.45798335
B2079: Gasto Provisiones / Ingresos de Cartera | C2079: =+(C1521)/C1292 -> 0.016723061 | D2079: =+(D1521)/D1292 -> 0.014740414 | E2079: =+(E1521)/E1292 -> 0.035754761 | F2079: =+(F1521)/F1292 -> 0.039422973 | G2079: =+(G1521)/G1292 -> 0.082960889 | H2079: =+(H1521)/H1292 -> 0.080854881 | I2079: 0.072482481 | J2079: 0.051663223 | K2079: 0.11998393
A2080: OTRO | B2080: Crecim. Cartera # VECES IPC | D2080: =+(D2036/C2036-1)/D2032 -> 0.0021750399 | E2080: =+(E2036/D2036-1)/E2032 -> 1.3903381 | F2080: =+(F2036/E2036-1)/F2032 -> 0.15609624 | G2080: =+(G2036/F2036-1)/G2032 -> 10.951233 | H2080: =+(H2036/G2036-1)/H2032 -> 0.44887159 | I2080: -0.65395752
B2081: Crecim. captaciones y aportes # VECES IPC | D2081: =+((D740+D1034)/(C740+C1034)-1)/D2032 -> 2.443782 | E2081: =+((E740+E1034)/(D740+D1034)-1)/E2032 -> 3.1285962 | F2081: =+((F740+F1034)/(E740+E1034)-1)/F2032 -> 1.1936157 | G2081: =+((G740+G1034)/(F740+F1034)-1)/G2032 -> 8.2611268 | H2081: =+((H740+H1034)/(G740+G1034)-1)/H2032 -> 1.6172425 | I2081: 5.48355
B2082: Crecim. Asociados | D2082: =+D2029/C2029-1 -> 0.17545181 | E2082: =+E2029/D2029-1 -> 0.13196669 | F2082: =+F2029/E2029-1 -> 0.01754386 | G2082: =+G2029/F2029-1 -> -0.055061179 | H2082: =+H2029/G2029-1 -> -0.0058858152 | I2082: -0.036
B2083: =+B2047 -> Calidad de Cartera | C2083: =VLOOKUP(C2047,'Apetito y Límites'!$A$10:$B$15,2,TRUE) -> 100 | D2083: =VLOOKUP(D2047,'Apetito y Límites'!$A$10:$B$15,2,TRUE) -> 100 | E2083: =VLOOKUP(E2047,'Apetito y Límites'!$A$10:$B$15,2,TRUE) -> 100 | F2083: =VLOOKUP(F2047,'Apetito y Límites'!$A$10:$B$15,2,TRUE) -> 0 | G2083: =VLOOKUP(G2047,'Apetito y Límites'!$A$10:$B$15,2,TRUE) -> 75 | H2083: =VLOOKUP(H2047,'Apetito y Límites'!$A$10:$B$15,2,TRUE) -> 75
B2084: Cartera en MORA / patrimonio | C2084: =VLOOKUP(C2048,'Apetito y Límites'!$C$10:$D$15,2,TRUE) -> 100 | D2084: =VLOOKUP(D2048,'Apetito y Límites'!$C$10:$D$15,2,TRUE) -> 100 | E2084: =VLOOKUP(E2048,'Apetito y Límites'!$C$10:$D$15,2,TRUE) -> 100 | F2084: =VLOOKUP(F2048,'Apetito y Límites'!$C$10:$D$15,2,TRUE) -> 100 | G2084: =VLOOKUP(G2048,'Apetito y Límites'!$C$10:$D$15,2,TRUE) -> 100 | H2084: =VLOOKUP(H2048,'Apetito y Límites'!$C$10:$D$15,2,TRUE) -> 100
B2085: Cartera improductiva (>=c) | C2085: =VLOOKUP(C2049,'Apetito y Límites'!$E$10:$F$15,2,TRUE) -> 100 | D2085: =VLOOKUP(D2049,'Apetito y Límites'!$E$10:$F$15,2,TRUE) -> 100 | E2085: =VLOOKUP(E2049,'Apetito y Límites'!$E$10:$F$15,2,TRUE) -> 75 | F2085: =VLOOKUP(F2049,'Apetito y Límites'!$E$10:$F$15,2,TRUE) -> 100 | G2085: =VLOOKUP(G2049,'Apetito y Límites'!$E$10:$F$15,2,TRUE) -> 100 | H2085: =VLOOKUP(H2049,'Apetito y Límites'!$E$10:$F$15,2,TRUE) -> 75
B2086: =+B2050 -> Patrimonio sin aportes / PPE + Improductiva | C2086: =VLOOKUP(C2050,'Apetito y Límites'!$E$26:$F$31,2,TRUE) -> 100 | D2086: =VLOOKUP(D2050,'Apetito y Límites'!$E$26:$F$31,2,TRUE) -> 100 | E2086: =VLOOKUP(E2050,'Apetito y Límites'!$E$26:$F$31,2,TRUE) -> 100 | F2086: =VLOOKUP(F2050,'Apetito y Límites'!$E$26:$F$31,2,TRUE) -> 100 | G2086: =VLOOKUP(G2050,'Apetito y Límites'!$E$26:$F$31,2,TRUE) -> 100 | H2086: =VLOOKUP(H2050,'Apetito y Límites'!$E$26:$F$31,2,TRUE) -> 100
B2087: Patrimonio / Activos | C2087: =VLOOKUP(C2051,'Apetito y Límites'!$G$2:$H$7,2,TRUE) -> 100 | D2087: =VLOOKUP(D2051,'Apetito y Límites'!$G$2:$H$7,2,TRUE) -> 100 | E2087: =VLOOKUP(E2051,'Apetito y Límites'!$G$2:$H$7,2,TRUE) -> 100 | F2087: =VLOOKUP(F2051,'Apetito y Límites'!$G$2:$H$7,2,TRUE) -> 100 | G2087: =VLOOKUP(G2051,'Apetito y Límites'!$G$2:$H$7,2,TRUE) -> 100 | H2087: =VLOOKUP(H2051,'Apetito y Límites'!$G$2:$H$7,2,TRUE) -> 100
B2088: =+B2052 -> Provisiones / Cartera en MORA (cobertura total) | C2088: =VLOOKUP(C2052,'Apetito y Límites'!$G$26:$H$31,2,TRUE) -> 100 | D2088: =VLOOKUP(D2052,'Apetito y Límites'!$G$26:$H$31,2,TRUE) -> 100 | E2088: =VLOOKUP(E2052,'Apetito y Límites'!$G$26:$H$31,2,TRUE) -> 75 | F2088: =VLOOKUP(F2052,'Apetito y Límites'!$G$26:$H$31,2,TRUE) -> 0 | G2088: =VLOOKUP(G2052,'Apetito y Límites'!$G$26:$H$31,2,TRUE) -> 100 | H2088: =VLOOKUP(H2052,'Apetito y Límites'!$G$26:$H$31,2,TRUE) -> 100
B2089: =+B2053 -> Quebranto Patrimonial (Patrimonio / Aportes) | C2089: =VLOOKUP(C2053,'Apetito y Límites'!$C$34:$D$39,2,TRUE) -> 100 | D2089: =VLOOKUP(D2053,'Apetito y Límites'!$C$34:$D$39,2,TRUE) -> 100 | E2089: =VLOOKUP(E2053,'Apetito y Límites'!$C$34:$D$39,2,TRUE) -> 75 | F2089: =VLOOKUP(F2053,'Apetito y Límites'!$C$34:$D$39,2,TRUE) -> 75 | G2089: =VLOOKUP(G2053,'Apetito y Límites'!$C$34:$D$39,2,TRUE) -> 75 | H2089: =VLOOKUP(H2053,'Apetito y Límites'!$C$34:$D$39,2,TRUE) -> 75
B2090: =+B2054 -> Inversiones + Fiducias y Cartera / Depositos + Obligaciones + Aportes | C2090: =VLOOKUP(C2054,'Apetito y Límites'!$G$10:$H$15,2,TRUE) -> 100 | D2090: =VLOOKUP(D2054,'Apetito y Límites'!$G$10:$H$15,2,TRUE) -> 100 | E2090: =VLOOKUP(E2054,'Apetito y Límites'!$G$10:$H$15,2,TRUE) -> 100 | F2090: =VLOOKUP(F2054,'Apetito y Límites'!$G$10:$H$15,2,TRUE) -> 100 | G2090: =VLOOKUP(G2054,'Apetito y Límites'!$G$10:$H$15,2,TRUE) -> 100 | H2090: =VLOOKUP(H2054,'Apetito y Límites'!$G$10:$H$15,2,TRUE) -> 100
B2091: Activos productivos a pasivos con costo | C2091: =VLOOKUP(C2055,'Apetito y Límites'!$I$10:$J$15,2,TRUE) -> 100 | D2091: =VLOOKUP(D2055,'Apetito y Límites'!$I$10:$J$15,2,TRUE) -> 100 | E2091: =VLOOKUP(E2055,'Apetito y Límites'!$I$10:$J$15,2,TRUE) -> 100 | F2091: =VLOOKUP(F2055,'Apetito y Límites'!$I$10:$J$15,2,TRUE) -> 100 | G2091: =VLOOKUP(G2055,'Apetito y Límites'!$I$10:$J$15,2,TRUE) -> 100 | H2091: =VLOOKUP(H2055,'Apetito y Límites'!$I$10:$J$15,2,TRUE) -> 100
B2092: =+B2056 -> Activos Fijos a Activos | C2092: =VLOOKUP(C2056,'Apetito y Límites'!$M$10:$N$15,2,TRUE) -> 100 | D2092: =VLOOKUP(D2056,'Apetito y Límites'!$M$10:$N$15,2,TRUE) -> 100 | E2092: =VLOOKUP(E2056,'Apetito y Límites'!$M$10:$N$15,2,TRUE) -> 100 | F2092: =VLOOKUP(F2056,'Apetito y Límites'!$M$10:$N$15,2,TRUE) -> 100 | G2092: =VLOOKUP(G2056,'Apetito y Límites'!$M$10:$N$15,2,TRUE) -> 100 | H2092: =VLOOKUP(H2056,'Apetito y Límites'!$M$10:$N$15,2,TRUE) -> 100
B2093: Activos Improductivos | C2093: =VLOOKUP(C2057,'Apetito y Límites'!$K$10:$L$15,2,TRUE) -> 100 | D2093: =VLOOKUP(D2057,'Apetito y Límites'!$K$10:$L$15,2,TRUE) -> 100 | E2093: =VLOOKUP(E2057,'Apetito y Límites'!$K$10:$L$15,2,TRUE) -> 100 | F2093: =VLOOKUP(F2057,'Apetito y Límites'!$K$10:$L$15,2,TRUE) -> 100 | G2093: =VLOOKUP(G2057,'Apetito y Límites'!$K$10:$L$15,2,TRUE) -> 100 | H2093: =VLOOKUP(H2057,'Apetito y Límites'!$K$10:$L$15,2,TRUE) -> 50
B2094: =+B2058 -> Depositos / Cartera | C2094: =VLOOKUP(C2058,'Apetito y Límites'!$C$2:$D$7,2,TRUE) -> 100 | D2094: =VLOOKUP(D2058,'Apetito y Límites'!$C$2:$D$7,2,TRUE) -> 100 | E2094: =VLOOKUP(E2058,'Apetito y Límites'!$C$2:$D$7,2,TRUE) -> 100 | F2094: =VLOOKUP(F2058,'Apetito y Límites'!$C$2:$D$7,2,TRUE) -> 100 | G2094: =VLOOKUP(G2058,'Apetito y Límites'!$C$2:$D$7,2,TRUE) -> 100 | H2094: =VLOOKUP(H2058,'Apetito y Límites'!$C$2:$D$7,2,TRUE) -> 100
B2095: =+B2059 -> Endeudamiento Bancario | C2095: =VLOOKUP(C2059,'Apetito y Límites'!$E$2:$F$7,2,TRUE) -> 75 | D2095: =VLOOKUP(D2059,'Apetito y Límites'!$E$2:$F$7,2,TRUE) -> 100 | E2095: =VLOOKUP(E2059,'Apetito y Límites'!$E$2:$F$7,2,TRUE) -> 100 | F2095: =VLOOKUP(F2059,'Apetito y Límites'!$E$2:$F$7,2,TRUE) -> 100 | G2095: =VLOOKUP(G2059,'Apetito y Límites'!$E$2:$F$7,2,TRUE) -> 100 | H2095: =VLOOKUP(H2059,'Apetito y Límites'!$E$2:$F$7,2,TRUE) -> 100
B2096: =+B2060 -> Cartera / Activos | C2096: =VLOOKUP(C2060,'Apetito y Límites'!$I$26:$J$31,2,TRUE) -> 100 | D2096: =VLOOKUP(D2060,'Apetito y Límites'!$I$26:$J$31,2,TRUE) -> 100 | E2096: =VLOOKUP(E2060,'Apetito y Límites'!$I$26:$J$31,2,TRUE) -> 100 | F2096: =VLOOKUP(F2060,'Apetito y Límites'!$I$26:$J$31,2,TRUE) -> 100 | G2096: =VLOOKUP(G2060,'Apetito y Límites'!$I$26:$J$31,2,TRUE) -> 100 | H2096: =VLOOKUP(H2060,'Apetito y Límites'!$I$26:$J$31,2,TRUE) -> 75
B2097: =+B2061 -> Efectivo y Eq. + Inversiones + patronales / Depósitos y aportes | C2097: =VLOOKUP(C2061,'Apetito y Límites'!$K$26:$L$31,2,TRUE) -> 0 | D2097: =VLOOKUP(D2061,'Apetito y Límites'!$K$26:$L$31,2,TRUE) -> 100 | E2097: =VLOOKUP(E2061,'Apetito y Límites'!$K$26:$L$31,2,TRUE) -> 100 | F2097: =VLOOKUP(F2061,'Apetito y Límites'!$K$26:$L$31,2,TRUE) -> 100 | G2097: =VLOOKUP(G2061,'Apetito y Límites'!$K$26:$L$31,2,TRUE) -> 100 | H2097: =VLOOKUP(H2061,'Apetito y Límites'!$K$26:$L$31,2,TRUE) -> 100
B2098: =+B2062 -> Patrimonio sin aportes / Activos | C2098: =VLOOKUP(C2062,'Apetito y Límites'!$E$34:$F$39,2,TRUE) -> 100 | D2098: =VLOOKUP(D2062,'Apetito y Límites'!$E$34:$F$39,2,TRUE) -> 100 | E2098: =VLOOKUP(E2062,'Apetito y Límites'!$E$34:$F$39,2,TRUE) -> 100 | F2098: =VLOOKUP(F2062,'Apetito y Límites'!$E$34:$F$39,2,TRUE) -> 100 | G2098: =VLOOKUP(G2062,'Apetito y Límites'!$E$34:$F$39,2,TRUE) -> 100 | H2098: =VLOOKUP(H2062,'Apetito y Límites'!$E$34:$F$39,2,TRUE) -> 100
B2099: =+B2063 -> Suficiencia de Margen Financiero (Sin det, deprec, otros g) | C2099: =VLOOKUP(C2063,'Apetito y Límites'!$A$2:$B$7,2,TRUE) -> 100 | D2099: =VLOOKUP(D2063,'Apetito y Límites'!$A$2:$B$7,2,TRUE) -> 100 | E2099: =VLOOKUP(E2063,'Apetito y Límites'!$A$2:$B$7,2,TRUE) -> 100 | F2099: =VLOOKUP(F2063,'Apetito y Límites'!$A$2:$B$7,2,TRUE) -> 100 | G2099: =VLOOKUP(G2063,'Apetito y Límites'!$A$2:$B$7,2,TRUE) -> 100 | H2099: =VLOOKUP(H2063,'Apetito y Límites'!$A$2:$B$7,2,TRUE) -> 100
B2100: =+B2064 -> Margen sin 511095 ni 523095 ni ingresos x recuperaciones | C2100: =VLOOKUP(C2064,'Apetito y Límites'!$K$2:$L$7,2,TRUE) -> 100 | D2100: =VLOOKUP(D2064,'Apetito y Límites'!$K$2:$L$7,2,TRUE) -> 100 | E2100: =VLOOKUP(E2064,'Apetito y Límites'!$K$2:$L$7,2,TRUE) -> 100 | F2100: =VLOOKUP(F2064,'Apetito y Límites'!$K$2:$L$7,2,TRUE) -> 100 | G2100: =VLOOKUP(G2064,'Apetito y Límites'!$K$2:$L$7,2,TRUE) -> 100 | H2100: =VLOOKUP(H2064,'Apetito y Límites'!$K$2:$L$7,2,TRUE) -> 100
B2101: =+B2065 -> Margen TOTAL | C2101: =VLOOKUP(C2065,'Apetito y Límites'!$I$2:$J$7,2,TRUE) -> 100 | D2101: =VLOOKUP(D2065,'Apetito y Límites'!$I$2:$J$7,2,TRUE) -> 100 | E2101: =VLOOKUP(E2065,'Apetito y Límites'!$I$2:$J$7,2,TRUE) -> 20 | F2101: =VLOOKUP(F2065,'Apetito y Límites'!$I$2:$J$7,2,TRUE) -> 100 | G2101: =VLOOKUP(G2065,'Apetito y Límites'!$I$2:$J$7,2,TRUE) -> 100 | H2101: =VLOOKUP(H2065,'Apetito y Límites'!$I$2:$J$7,2,TRUE) -> 100
B2102: =+B2066 -> Margen financiero bruto / Activo promedio | C2102: =VLOOKUP(C2066,'Apetito y Límites'!$I$18:$J$23,2,TRUE) -> 100 | D2102: =VLOOKUP(D2066,'Apetito y Límites'!$I$18:$J$23,2,TRUE) -> 100 | E2102: =VLOOKUP(E2066,'Apetito y Límites'!$I$18:$J$23,2,TRUE) -> 100 | F2102: =VLOOKUP(F2066,'Apetito y Límites'!$I$18:$J$23,2,TRUE) -> 100 | G2102: =VLOOKUP(G2066,'Apetito y Límites'!$I$18:$J$23,2,TRUE) -> 100 | H2102: =VLOOKUP(H2066,'Apetito y Límites'!$I$18:$J$23,2,TRUE) -> 100
B2103: =+B2067 -> Rentabilidad del patrimonio promedio | C2103: =VLOOKUP(C2067,'Apetito y Límites'!$K$18:$L$23,2,TRUE) -> 100 | D2103: =VLOOKUP(D2067,'Apetito y Límites'!$K$18:$L$23,2,TRUE) -> 20 | E2103: =VLOOKUP(E2067,'Apetito y Límites'!$K$18:$L$23,2,TRUE) -> 0 | F2103: =VLOOKUP(F2067,'Apetito y Límites'!$K$18:$L$23,2,TRUE) -> 50 | G2103: =VLOOKUP(G2067,'Apetito y Límites'!$K$18:$L$23,2,TRUE) -> 100 | H2103: =VLOOKUP(H2067,'Apetito y Límites'!$K$18:$L$23,2,TRUE) -> 100
B2104: =+B2068 -> Excedente + Gastos Sociales 511095 + 523095 / Activos | C2104: =VLOOKUP(C2068,'Apetito y Límites'!$M$2:$N$7,2,TRUE) -> 100 | D2104: =VLOOKUP(D2068,'Apetito y Límites'!$M$2:$N$7,2,TRUE) -> 100 | E2104: =VLOOKUP(E2068,'Apetito y Límites'!$M$2:$N$7,2,TRUE) -> 100 | F2104: =VLOOKUP(F2068,'Apetito y Límites'!$M$2:$N$7,2,TRUE) -> 100 | G2104: =VLOOKUP(G2068,'Apetito y Límites'!$M$2:$N$7,2,TRUE) -> 100 | H2104: =VLOOKUP(H2068,'Apetito y Límites'!$M$2:$N$7,2,TRUE) -> 100
B2105: =+B2070 -> Excedente / Capital Social | C2105: =VLOOKUP(C2070,'Apetito y Límites'!$M$26:$N$31,2,TRUE) -> 50 | D2105: =VLOOKUP(D2070,'Apetito y Límites'!$M$26:$N$31,2,TRUE) -> 0 | E2105: =VLOOKUP(E2070,'Apetito y Límites'!$M$26:$N$31,2,TRUE) -> 0 | F2105: =VLOOKUP(F2070,'Apetito y Límites'!$M$26:$N$31,2,TRUE) -> 20 | G2105: =VLOOKUP(G2070,'Apetito y Límites'!$M$26:$N$31,2,TRUE) -> 100 | H2105: =VLOOKUP(H2070,'Apetito y Límites'!$M$26:$N$31,2,TRUE) -> 100
B2106: =+B2069 -> Rentabilidad Total de los aportes y ahorros | C2106: =VLOOKUP(C2069,'Apetito y Límites'!$A$34:$B$39,2,TRUE) -> 100 | D2106: =VLOOKUP(D2069,'Apetito y Límites'!$A$34:$B$39,2,TRUE) -> 100 | E2106: =VLOOKUP(E2069,'Apetito y Límites'!$A$34:$B$39,2,TRUE) -> 100 | F2106: =VLOOKUP(F2069,'Apetito y Límites'!$A$34:$B$39,2,TRUE) -> 100 | G2106: =VLOOKUP(G2069,'Apetito y Límites'!$A$34:$B$39,2,TRUE) -> 100 | H2106: =VLOOKUP(H2069,'Apetito y Límites'!$A$34:$B$39,2,TRUE) -> 100
B2107: =+B2078 -> G. Personal + Generales sin varios / Ingresos financieros | C2107: =VLOOKUP(C2078,'Apetito y Límites'!$A$18:$B$23,2,TRUE) -> 100 | D2107: =VLOOKUP(D2078,'Apetito y Límites'!$A$18:$B$23,2,TRUE) -> 100 | E2107: =VLOOKUP(E2078,'Apetito y Límites'!$A$18:$B$23,2,TRUE) -> 75 | F2107: =VLOOKUP(F2078,'Apetito y Límites'!$A$18:$B$23,2,TRUE) -> 75 | G2107: =VLOOKUP(G2078,'Apetito y Límites'!$A$18:$B$23,2,TRUE) -> 100 | H2107: =VLOOKUP(H2078,'Apetito y Límites'!$A$18:$B$23,2,TRUE) -> 100
B2108: =+B2071 -> Rentabilidad de la cartera | C2108: =VLOOKUP(C2071,'Apetito y Límites'!$C$18:$D$23,2,TRUE) -> 20 | D2108: =VLOOKUP(D2071,'Apetito y Límites'!$C$18:$D$23,2,TRUE) -> 50 | E2108: =VLOOKUP(E2071,'Apetito y Límites'!$C$18:$D$23,2,TRUE) -> 75 | F2108: =VLOOKUP(F2071,'Apetito y Límites'!$C$18:$D$23,2,TRUE) -> 100 | G2108: =VLOOKUP(G2071,'Apetito y Límites'!$C$18:$D$23,2,TRUE) -> 100 | H2108: =VLOOKUP(H2071,'Apetito y Límites'!$C$18:$D$23,2,TRUE) -> 100
B2109: =+B2074 -> Costo de los Depósitos | C2109: =VLOOKUP(C2074,'Apetito y Límites'!$E$18:$F$23,2,TRUE) -> 0 | D2109: =VLOOKUP(D2074,'Apetito y Límites'!$E$18:$F$23,2,TRUE) -> 0 | E2109: =VLOOKUP(E2074,'Apetito y Límites'!$E$18:$F$23,2,TRUE) -> 0 | F2109: =VLOOKUP(F2074,'Apetito y Límites'!$E$18:$F$23,2,TRUE) -> 0 | G2109: =VLOOKUP(G2074,'Apetito y Límites'!$E$18:$F$23,2,TRUE) -> 0 | H2109: =VLOOKUP(H2074,'Apetito y Límites'!$E$18:$F$23,2,TRUE) -> 25
B2110: Margen de intermediación | C2110: =VLOOKUP(C2075,'Apetito y Límites'!$G$18:$H$23,2,TRUE) -> 0 | D2110: =VLOOKUP(D2075,'Apetito y Límites'!$G$18:$H$23,2,TRUE) -> 20 | E2110: =VLOOKUP(E2075,'Apetito y Límites'!$G$18:$H$23,2,TRUE) -> 50 | F2110: =VLOOKUP(F2075,'Apetito y Límites'!$G$18:$H$23,2,TRUE) -> 75 | G2110: =VLOOKUP(G2075,'Apetito y Límites'!$G$18:$H$23,2,TRUE) -> 75 | H2110: =VLOOKUP(H2075,'Apetito y Límites'!$G$18:$H$23,2,TRUE) -> 75
B2111: =+B2072 -> Rentabilidad de Cartera / Tasa Usura | C2111: =VLOOKUP(C2072,'Apetito y Límites'!$M$18:$N$23,2,TRUE) -> 100 | D2111: =VLOOKUP(D2072,'Apetito y Límites'!$M$18:$N$23,2,TRUE) -> 100 | E2111: =VLOOKUP(E2072,'Apetito y Límites'!$M$18:$N$23,2,TRUE) -> 100 | F2111: =VLOOKUP(F2072,'Apetito y Límites'!$M$18:$N$23,2,TRUE) -> 100 | G2111: =VLOOKUP(G2072,'Apetito y Límites'!$M$18:$N$23,2,TRUE) -> 75 | H2111: =VLOOKUP(H2072,'Apetito y Límites'!$M$18:$N$23,2,TRUE) -> 75
B2112: =+B2073 -> Diferencial de Tasa (Tasa - IBR) | C2112: =VLOOKUP(C2073,'Apetito y Límites'!$A$26:$B$31,2,TRUE) -> 0 | D2112: =VLOOKUP(D2073,'Apetito y Límites'!$A$26:$B$31,2,TRUE) -> 20 | E2112: =VLOOKUP(E2073,'Apetito y Límites'!$A$26:$B$31,2,TRUE) -> 50 | F2112: =VLOOKUP(F2073,'Apetito y Límites'!$A$26:$B$31,2,TRUE) -> 75 | G2112: =VLOOKUP(G2073,'Apetito y Límites'!$A$26:$B$31,2,TRUE) -> 100 | H2112: =VLOOKUP(H2073,'Apetito y Límites'!$A$26:$B$31,2,TRUE) -> 75
...

Sheet pasos
A1: # | B1: PASO
A2: 1 | B2: Insertar columnas del mes anterior para convertir en valores y comparar evolucion de corto plazo
A3: 2 | B3: actualizar el numero de meses en las tablas (ejemplo octubre = 10)
A4: 3 | B4: Actualizar el balance en PERFIL DE RIESGO… tener presente los signos (no deben estar negativas las que tienen naturaleza credito (depreciacion, deterioro)
A5: 4 | B5: Actualizar numero de asociados

Sheet Apetito y Límites
A1: Suficiencia Margen | B1: Puntos | C1: Depósitos / Cartera | D1: Puntos | E1: Endeudamiento Bancario | F1: Puntos | G1: Patrimonio / Activos | H1: Puntos | I1: Margen TOTAL | J1: Puntos | K1: Margen operacional | L1: Puntos | M1: Excedente + gastos sociales / Activos | N1: Puntos
A2: 0 | B2: 0 | C2: 0 | D2: 100 | E2: 0 | F2: 100 | G2: 0 | H2: 0 | I2: -1 | J2: 0 | K2: -1 | L2: 0 | M2: -1 | N2: 0
A3: 1.1 | B3: 20 | C3: 0.8 | D3: 75 | E3: 0.04 | F3: 75 | G3: 0.3 | H3: 20 | I3: 0.07 | J3: 20 | K3: 0.08 | L3: 20 | M3: 0.02 | N3: 20
A4: 1.15 | B4: 50 | C4: 0.85 | D4: 50 | E4: 0.06 | F4: 50 | G4: 0.32 | H4: 50 | I4: 0.08 | J4: 50 | K4: 0.09 | L4: 50 | M4: 0.0225 | N4: 50
A5: 1.2 | B5: 75 | C5: 0.9 | D5: 20 | E5: 0.08 | F5: 20 | G5: 0.34 | H5: 75 | I5: 0.09 | J5: 75 | K5: 0.1 | L5: 75 | M5: 0.025 | N5: 75
A6: 1.25 | B6: 100 | C6: 0.95 | D6: 0 | E6: 0.1 | F6: 0 | G6: 0.36 | H6: 100 | I6: 0.1 | J6: 100 | K6: 0.11 | L6: 100 | M6: 0.0275 | N6: 100
A7: 10 | C7: 10 | E7: 10 | G7: 9.99 | I7: 1 | K7: 1 | M7: 1
A9: Calidad Cartera | B9: Puntos | C9: Cartera MORA / Patrimonio | D9: Puntos | E9: Cartera improductiva / Cartera | F9: Puntos | G9: Activos productivos / Pasivos con Costo y aportes | H9: Puntos | I9: Activos productivos / Pasivos con costo | J9: Puntos | K9: Activo improductivo / Activo | L9: Puntos | M9: Activos Fijos / Activos | N9: Puntos
A10: 0 | B10: 100 | C10: -0.01 | D10: 100 | E10: -0.01 | F10: 100 | G10: 0 | H10: 0 | I10: 0 | J10: 0 | K10: 0 | L10: 100 | M10: 0 | N10: 100
A11: 0.02 | B11: 75 | C11: 0.08 | D11: 75 | E11: 0.016 | F11: 75 | G11: 0.98 | H11: 20 | I11: 1.1 | J11: 20 | K11: 0.08 | L11: 75 | M11: 0.02 | N11: 75
A12: 0.025 | B12: 50 | C12: 0.1 | D12: 50 | E12: 0.02 | F12: 50 | G12: 0.99 | H12: 50 | I12: 1.15 | J12: 50 | K12: 0.1 | L12: 50 | M12: 0.03 | N12: 50
A13: 0.03 | B13: 20 | C13: 0.12 | D13: 20 | E13: 0.024 | F13: 20 | G13: 1 | H13: 75 | I13: 1.2 | J13: 75 | K13: 0.12 | L13: 20 | M13: 0.04 | N13: 20
A14: 0.035 | B14: 0 | C14: 0.14 | D14: 0 | E14: 0.028 | F14: 0 | G14: 1.01 | H14: 100 | I14: 1.25 | J14: 100 | K14: 0.14 | L14: 0 | M14: 0.05 | N14: 0
A15: 1 | B15: 0 | C15: 10 | D15: 0 | E15: 1 | F15: 0 | G15: 10 | H15: 0 | I15: 10 | J15: 0 | K15: 1 | M15: 1
A17: Gastos Personal y Generales / Ingresos operacionales | B17: Puntos | C17: Rentabilidad de la Cartera | D17: Puntos | E17: Costo de los Depósitos | F17: Puntos | G17: Margen de intermediación | H17: Puntos | I17: Margen Financiero Bruto / Activo promedio | J17: Puntos | K17: Rentabilidad del Patrimonio Promedio | L17: Puntos | M17: Tasa Cartera / Tasa usura | N17: Puntos
A18: 0 | B18: 100 | C18: 0 | D18: 0 | E18: 0 | F18: 100 | G18: -1 | H18: 0 | I18: -1 | J18: 0 | K18: -1 | L18: 0 | M18: 0 | N18: 100
A19: 0.6 | B19: 75 | C19: 0.13 | D19: 20 | E19: 0.025 | F19: 75 | G19: 0.09 | H19: 20 | I19: 0.06 | J19: 20 | K19: 0.02 | L19: 20 | M19: 0.6 | N19: 75
A20: 0.62 | B20: 50 | C20: 0.14 | D20: 50 | E20: 0.0275 | F20: 50 | G20: 0.1 | H20: 50 | I20: 0.07 | J20: 50 | K20: 0.0225 | L20: 50 | M20: 0.7 | N20: 50
A21: 0.64 | B21: 20 | C21: 0.15 | D21: 75 | E21: 0.03 | F21: 25 | G21: 0.11 | H21: 75 | I21: 0.08 | J21: 75 | K21: 0.025 | L21: 75 | M21: 0.8 | N21: 20
A22: 0.66 | B22: 0 | C22: 0.16 | D22: 100 | E22: 0.0325 | F22: 0 | G22: 0.12 | H22: 100 | I22: 0.09 | J22: 100 | K22: 0.0275 | L22: 100 | M22: 0.9 | N22: 0
A23: 1 | C23: 1 | E23: 1 | G23: 1 | I23: 1 | K23: 1 | M23: 1
A25: Tasa Cartera - IBR | B25: Puntos | C25: G. Provision Neta / Ingresos | D25: Puntos | E25: Patrimonio sin aportes / PPE + Improductiva | F25: Puntos | G25: Provision / Cartera improductiva | H25: Puntos | I25: Cartera / Activos | J25: Puntos | K25: Efectivo y Equivalentes + Inversiones / Depósitos | L25: Puntos | M25: Excedente / Aporte Social | N25: Puntos
A26: 0 | B26: 0 | C26: 0 | D26: 100 | E26: 0 | F26: 0 | G26: 0 | H26: 0 | I26: 0 | J26: 0 | K26: 0 | L26: 0 | M26: -1 | N26: 0
A27: 0.1 | B27: 20 | C27: 0.06 | D27: 75 | E27: 1 | F27: 20 | G27: 1 | H27: 20 | I27: 0.76 | J27: 20 | K27: 0.1 | L27: 20 | M27: 0.03 | N27: 20
A28: 0.11 | B28: 50 | C28: 0.08 | D28: 50 | E28: 1.2 | F28: 50 | G28: 1.05 | H28: 50 | I28: 0.78 | J28: 50 | K28: 0.11 | L28: 50 | M28: 0.035 | N28: 50
A29: 0.12 | B29: 75 | C29: 0.1 | D29: 20 | E29: 1.4 | F29: 75 | G29: 1.1 | H29: 75 | I29: 0.8 | J29: 75 | K29: 0.12 | L29: 75 | M29: 0.04 | N29: 75
A30: 0.13 | B30: 100 | C30: 0.12 | D30: 0 | E30: 1.6 | F30: 100 | G30: 1.15 | H30: 100 | I30: 0.82 | J30: 100 | K30: 0.13 | L30: 100 | M30: 0.045 | N30: 100
A31: 1 | C31: 1 | E31: 10000 | G31: 100 | I31: 1 | K31: 1 | L31: 0 | M31: 100
A33: Rentabilidad TOTAL de los aportes y ahorros | B33: Puntos | C33: Patrimonio / Aportes (Quebranto Patrimonial) | D33: Puntos | E33: Capital institucional | F33: Puntos | G33: Crecimiento Cartera # VECES IPC | H33: Puntos | I33: Crecimiento Aportes y Captac # VECES IPC | J33: Puntos | K33: Crecimiento Asociados | L33: Puntos
A34: -1 | B34: 0 | C34: -1 | D34: 0 | E34: 0 | F34: 0 | G34: -1000 | H34: 0 | I34: -1000 | J34: 0 | K34: -1 | L34: 0
A35: 0.035 | B35: 20 | C35: 1.1 | D35: 20 | E35: 0.1 | F35: 20 | G35: 0 | H35: 20 | I35: 0 | J35: 20 | K35: 0 | L35: 20
A36: 0.0375 | B36: 50 | C36: 1.15 | D36: 50 | E36: 0.105 | F36: 50 | G36: 0.5 | H36: 50 | I36: 0.5 | J36: 50 | K36: 0.005 | L36: 50
A37: 0.04 | B37: 75 | C37: 1.2 | D37: 75 | E37: 0.11 | F37: 75 | G37: 1 | H37: 75 | I37: 1 | J37: 75 | K37: 0.01 | L37: 75
A38: 0.0425 | B38: 100 | C38: 1.25 | D38: 100 | E38: 0.115 | F38: 100 | G38: 1.5 | H38: 100 | I38: 1.5 | J38: 100 | K38: 0.015 | L38: 100
A39: 1 | C39: 1000 | E39: 99.99 | G39: 1000 | I39: 1000 | K39: 1000

Sheet cuc
A1: CUENTA | B1: DESCRIPCION | C1: 42735 | D1: 43100 | E1: 43465 | F1: 43830 | G1: 44196 | H1: =+'Perfil de Riesgo '!H2 -> 44500
A2: 100000 | B2: ACTIVO | C2: =IFERROR(VLOOKUP($A2,'Perfil de Riesgo '!$A$3:$H$2025,3,FALSE),0) -> 7.8891958e+09 | D2: =IFERROR(VLOOKUP($A2,'Perfil de Riesgo '!$A$3:$H$2025,4,FALSE),0) -> 8.6070806e+09 | E2: =IFERROR(VLOOKUP($A2,'Perfil de Riesgo '!$A$3:$H$2025,5,FALSE),0) -> 9.0401657e+09 | F2: =IFERROR(VLOOKUP($A2,'Perfil de Riesgo '!$A$3:$H$2025,6,FALSE),0) -> 9.23811e+09 | G2: =IFERROR(VLOOKUP($A2,'Perfil de Riesgo '!$A$3:$H$2025,7,FALSE),0) -> 1.0368671e+10 | H2: =IFERROR(VLOOKUP($A2,'Perfil de Riesgo '!$A$3:$H$2025,8,FALSE),0) -> 1.14897e+10
A3: 110000 | B3: EFECTIVO Y EQUIVALENTE AL EFECTIVO | C3: =IFERROR(VLOOKUP($A3,'Perfil de Riesgo '!$A$3:$H$2025,3,FALSE),0) -> 1.2269127e+08 | D3: =IFERROR(VLOOKUP($A3,'Perfil de Riesgo '!$A$3:$H$2025,4,FALSE),0) -> 3.0901244e+08 | E3: =IFERROR(VLOOKUP($A3,'Perfil de Riesgo '!$A$3:$H$2025,5,FALSE),0) -> 3.8197413e+08 | F3: =IFERROR(VLOOKUP($A3,'Perfil de Riesgo '!$A$3:$H$2025,6,FALSE),0) -> 5.0393843e+08 | G3: =IFERROR(VLOOKUP($A3,'Perfil de Riesgo '!$A$3:$H$2025,7,FALSE),0) -> 6.7341274e+08 | H3: =IFERROR(VLOOKUP($A3,'Perfil de Riesgo '!$A$3:$H$2025,8,FALSE),0) -> 1.1608246e+09
A4: 110500 | B4: CAJA | C4: =IFERROR(VLOOKUP($A4,'Perfil de Riesgo '!$A$3:$H$2025,3,FALSE),0) -> 1346100 | D4: =IFERROR(VLOOKUP($A4,'Perfil de Riesgo '!$A$3:$H$2025,4,FALSE),0) -> 277600 | E4: =IFERROR(VLOOKUP($A4,'Perfil de Riesgo '!$A$3:$H$2025,5,FALSE),0) -> 14407 | F4: =IFERROR(VLOOKUP($A4,'Perfil de Riesgo '!$A$3:$H$2025,6,FALSE),0) -> 1098000 | G4: =IFERROR(VLOOKUP($A4,'Perfil de Riesgo '!$A$3:$H$2025,7,FALSE),0) -> 1255150 | H4: =IFERROR(VLOOKUP($A4,'Perfil de Riesgo '!$A$3:$H$2025,8,FALSE),0) -> 1156800
A5: 110505 | B5: CAJA GENERAL | C5: =IFERROR(VLOOKUP($A5,'Perfil de Riesgo '!$A$3:$H$2025,3,FALSE),0) -> 1126100 | D5: =IFERROR(VLOOKUP($A5,'Perfil de Riesgo '!$A$3:$H$2025,4,FALSE),0) -> 57600 | E5: =IFERROR(VLOOKUP($A5,'Perfil de Riesgo '!$A$3:$H$2025,5,FALSE),0) -> 14407 | F5: =IFERROR(VLOOKUP($A5,'Perfil de Riesgo '!$A$3:$H$2025,6,FALSE),0) -> 684000 | G5: =IFERROR(VLOOKUP($A5,'Perfil de Riesgo '!$A$3:$H$2025,7,FALSE),0) -> 841150 | H5: =IFERROR(VLOOKUP($A5,'Perfil de Riesgo '!$A$3:$H$2025,8,FALSE),0) -> 742800
A6: 110510 | B6: CAJA MENOR | C6: =IFERROR(VLOOKUP($A6,'Perfil de Riesgo '!$A$3:$H$2025,3,FALSE),0) -> 220000 | D6: =IFERROR(VLOOKUP($A6,'Perfil de Riesgo '!$A$3:$H$2025,4,FALSE),0) -> 220000 | E6: =IFERROR(VLOOKUP($A6,'Perfil de Riesgo '!$A$3:$H$2025,5,FALSE),0) -> 0 | F6: =IFERROR(VLOOKUP($A6,'Perfil de Riesgo '!$A$3:$H$2025,6,FALSE),0) -> 414000 | G6: =IFERROR(VLOOKUP($A6,'Perfil de Riesgo '!$A$3:$H$2025,7,FALSE),0) -> 414000 | H6: =IFERROR(VLOOKUP($A6,'Perfil de Riesgo '!$A$3:$H$2025,8,FALSE),0) -> 414000
A7: 111000 | B7: BANCOS Y OTRAS ENTIDADES CON ACTIVIDAD FINANCIERA | C7: =IFERROR(VLOOKUP($A7,'Perfil de Riesgo '!$A$3:$H$2025,3,FALSE),0) -> 82032386 | D7: =IFERROR(VLOOKUP($A7,'Perfil de Riesgo '!$A$3:$H$2025,4,FALSE),0) -> 2.6037943e+08 | E7: =IFERROR(VLOOKUP($A7,'Perfil de Riesgo '!$A$3:$H$2025,5,FALSE),0) -> 3.185538e+08 | F7: =IFERROR(VLOOKUP($A7,'Perfil de Riesgo '!$A$3:$H$2025,6,FALSE),0) -> 4.343698e+08 | G7: =IFERROR(VLOOKUP($A7,'Perfil de Riesgo '!$A$3:$H$2025,7,FALSE),0) -> 5.6971018e+08 | H7: =IFERROR(VLOOKUP($A7,'Perfil de Riesgo '!$A$3:$H$2025,8,FALSE),0) -> 1.0471347e+09
A8: 111005 | B8: BANCOS COMERCIALES | C8: =IFERROR(VLOOKUP($A8,'Perfil de Riesgo '!$A$3:$H$2025,3,FALSE),0) -> 82032386 | D8: =IFERROR(VLOOKUP($A8,'Perfil de Riesgo '!$A$3:$H$2025,4,FALSE),0) -> 2.6037943e+08 | E8: =IFERROR(VLOOKUP($A8,'Perfil de Riesgo '!$A$3:$H$2025,5,FALSE),0) -> 3.185538e+08 | F8: =IFERROR(VLOOKUP($A8,'Perfil de Riesgo '!$A$3:$H$2025,6,FALSE),0) -> 4.343698e+08 | G8: =IFERROR(VLOOKUP($A8,'Perfil de Riesgo '!$A$3:$H$2025,7,FALSE),0) -> 5.6971018e+08 | H8: =IFERROR(VLOOKUP($A8,'Perfil de Riesgo '!$A$3:$H$2025,8,FALSE),0) -> 1.0471347e+09
A9: 111010 | B9: BANCOS COOPERATIVOS | C9: =IFERROR(VLOOKUP($A9,'Perfil de Riesgo '!$A$3:$H$2025,3,FALSE),0) -> 0 | D9: =IFERROR(VLOOKUP($A9,'Perfil de Riesgo '!$A$3:$H$2025,4,FALSE),0) -> 0 | E9: =IFERROR(VLOOKUP($A9,'Perfil de Riesgo '!$A$3:$H$2025,5,FALSE),0) -> 0 | F9: =IFERROR(VLOOKUP($A9,'Perfil de Riesgo '!$A$3:$H$2025,6,FALSE),0) -> 0 | G9: =IFERROR(VLOOKUP($A9,'Perfil de Riesgo '!$A$3:$H$2025,7,FALSE),0) -> 0 | H9: =IFERROR(VLOOKUP($A9,'Perfil de Riesgo '!$A$3:$H$2025,8,FALSE),0) -> 0
A10: 111015 | B10: ENTIDADES SECTOR SOLIDARIO | C10: =IFERROR(VLOOKUP($A10,'Perfil de Riesgo '!$A$3:$H$2025,3,FALSE),0) -> 0 | D10: =IFERROR(VLOOKUP($A10,'Perfil de Riesgo '!$A$3:$H$2025,4,FALSE),0) -> 0 | E10: =IFERROR(VLOOKUP($A10,'Perfil de Riesgo '!$A$3:$H$2025,5,FALSE),0) -> 0 | F10: =IFERROR(VLOOKUP($A10,'Perfil de Riesgo '!$A$3:$H$2025,6,FALSE),0) -> 0 | G10: =IFERROR(VLOOKUP($A10,'Perfil de Riesgo '!$A$3:$H$2025,7,FALSE),0) -> 0 | H10: =IFERROR(VLOOKUP($A10,'Perfil de Riesgo '!$A$3:$H$2025,8,FALSE),0) -> 0
A11: 111020 | B11: ENTIDADES DEL EXTERIOR | C11: =IFERROR(VLOOKUP($A11,'Perfil de Riesgo '!$A$3:$H$2025,3,FALSE),0) -> 0 | D11: =IFERROR(VLOOKUP($A11,'Perfil de Riesgo '!$A$3:$H$2025,4,FALSE),0) -> 0 | E11: =IFERROR(VLOOKUP($A11,'Perfil de Riesgo '!$A$3:$H$2025,5,FALSE),0) -> 0 | F11: =IFERROR(VLOOKUP($A11,'Perfil de Riesgo '!$A$3:$H$2025,6,FALSE),0) -> 0 | G11: =IFERROR(VLOOKUP($A11,'Perfil de Riesgo '!$A$3:$H$2025,7,FALSE),0) -> 0 | H11: =IFERROR(VLOOKUP($A11,'Perfil de Riesgo '!$A$3:$H$2025,8,FALSE),0) -> 0
A12: 111025 | B12: OTRAS ENTIDADES | C12: =IFERROR(VLOOKUP($A12,'Perfil de Riesgo '!$A$3:$H$2025,3,FALSE),0) -> 0 | D12: =IFERROR(VLOOKUP($A12,'Perfil de Riesgo '!$A$3:$H$2025,4,FALSE),0) -> 0 | E12: =IFERROR(VLOOKUP($A12,'Perfil de Riesgo '!$A$3:$H$2025,5,FALSE),0) -> 0 | F12: =IFERROR(VLOOKUP($A12,'Perfil de Riesgo '!$A$3:$H$2025,6,FALSE),0) -> 0 | G12: =IFERROR(VLOOKUP($A12,'Perfil de Riesgo '!$A$3:$H$2025,7,FALSE),0) -> 0 | H12: =IFERROR(VLOOKUP($A12,'Perfil de Riesgo '!$A$3:$H$2025,8,FALSE),0) -> 0
A13: 111500 | B13: EQUIVALENTES AL EFECTIVO (compromiso de pago) | C13: =IFERROR(VLOOKUP($A13,'Perfil de Riesgo '!$A$3:$H$2025,3,FALSE),0) -> 0 | D13: =IFERROR(VLOOKUP($A13,'Perfil de Riesgo '!$A$3:$H$2025,4,FALSE),0) -> 0 | E13: =IFERROR(VLOOKUP($A13,'Perfil de Riesgo '!$A$3:$H$2025,5,FALSE),0) -> 0 | F13: =IFERROR(VLOOKUP($A13,'Perfil de Riesgo '!$A$3:$H$2025,6,FALSE),0) -> 0 | G13: =IFERROR(VLOOKUP($A13,'Perfil de Riesgo '!$A$3:$H$2025,7,FALSE),0) -> 0 | H13: =IFERROR(VLOOKUP($A13,'Perfil de Riesgo '!$A$3:$H$2025,8,FALSE),0) -> 0
... A16: 111515 | B16: FONDOS FIDUCIARIOS A LA VISTA | C16: =IFERROR(VLOOKUP($A16,'Perfil de Riesgo '!$A$3:$H$2025,3,FALSE),0) -> 0 | D16: =IFERROR(VLOOKUP($A16,'Perfil de Riesgo '!$A$3:$H$2025,4,FALSE),0) -> 0 | E16: =IFERROR(VLOOKUP($A16,'Perfil de Riesgo '!$A$3:$H$2025,5,FALSE),0) -> 0 | F16: =IFERROR(VLOOKUP($A16,'Perfil de Riesgo '!$A$3:$H$2025,6,FALSE),0) -> 0 | G16: =IFERROR(VLOOKUP($A16,'Perfil de Riesgo '!$A$3:$H$2025,7,FALSE),0) -> 0 | H16: =IFERROR(VLOOKUP($A16,'Perfil de Riesgo '!$A$3:$H$2025,8,FALSE),0) -> 0
A17: 112000 | B17: EFECTIVO DE USO RESTRINGIDO Y/O CON DESTINACIÓN ESPECÍFICA | C17: =IFERROR(VLOOKUP($A17,'Perfil de Riesgo '!$A$3:$H$2025,3,FALSE),0) -> 39312781 | D17: =IFERROR(VLOOKUP($A17,'Perfil de Riesgo '!$A$3:$H$2025,4,FALSE),0) -> 48355408 | E17: =IFERROR(VLOOKUP($A17,'Perfil de Riesgo '!$A$3:$H$2025,5,FALSE),0) -> 63405919 | F17: =IFERROR(VLOOKUP($A17,'Perfil de Riesgo '!$A$3:$H$2025,6,FALSE),0) -> 68470629 | G17: =IFERROR(VLOOKUP($A17,'Perfil de Riesgo '!$A$3:$H$2025,7,FALSE),0) -> 1.0244741e+08 | H17: =IFERROR(VLOOKUP($A17,'Perfil de Riesgo '!$A$3:$H$2025,8,FALSE),0) -> 1.1253313e+08 | I17: =+H17/I20 -> 0.5654349
A18: 112001 | B18: FONDO DE LIQUIDEZ – CUENTAS CORRIENTES | C18: =IFERROR(VLOOKUP($A18,'Perfil de Riesgo '!$A$3:$H$2025,3,FALSE),0) -> 0 | D18: =IFERROR(VLOOKUP($A18,'Perfil de Riesgo '!$A$3:$H$2025,4,FALSE),0) -> 0 | E18: =IFERROR(VLOOKUP($A18,'Perfil de Riesgo '!$A$3:$H$2025,5,FALSE),0) -> 0 | F18: =IFERROR(VLOOKUP($A18,'Perfil de Riesgo '!$A$3:$H$2025,6,FALSE),0) -> 0 | G18: =IFERROR(VLOOKUP($A18,'Perfil de Riesgo '!$A$3:$H$2025,7,FALSE),0) -> 0 | H18: =IFERROR(VLOOKUP($A18,'Perfil de Riesgo '!$A$3:$H$2025,8,FALSE),0) -> 0
A19: 112003 | B19: FONDO DE LIQUIDEZ - FONDOS DE INVERSIÓN COLECTIVA ADMINISTRADOS POR SOCIEDADES FIDUCIARIAS | C19: =IFERROR(VLOOKUP($A19,'Perfil de Riesgo '!$A$3:$H$2025,3,FALSE),0) -> 0 | D19: =IFERROR(VLOOKUP($A19,'Perfil de Riesgo '!$A$3:$H$2025,4,FALSE),0) -> 0 | E19: =IFERROR(VLOOKUP($A19,'Perfil de Riesgo '!$A$3:$H$2025,5,FALSE),0) -> 0 | F19: =IFERROR(VLOOKUP($A19,'Perfil de Riesgo '!$A$3:$H$2025,6,FALSE),0) -> 0 | G19: =IFERROR(VLOOKUP($A19,'Perfil de Riesgo '!$A$3:$H$2025,7,FALSE),0) -> 0 | H19: =IFERROR(VLOOKUP($A19,'Perfil de Riesgo '!$A$3:$H$2025,8,FALSE),0) -> 0
A20: 112005 | B20: FONDO DE LIQUIDEZ - CUENTAS DE AHORRO | C20: =IFERROR(VLOOKUP($A20,'Perfil de Riesgo '!$A$3:$H$2025,3,FALSE),0) -> 39312781 | D20: =IFERROR(VLOOKUP($A20,'Perfil de Riesgo '!$A$3:$H$2025,4,FALSE),0) -> 48355408 | E20: =IFERROR(VLOOKUP($A20,'Perfil de Riesgo '!$A$3:$H$2025,5,FALSE),0) -> 63405919 | F20: =IFERROR(VLOOKUP($A20,'Perfil de Riesgo '!$A$3:$H$2025,6,FALSE),0) -> 68470629 | G20: =IFERROR(VLOOKUP($A20,'Perfil de Riesgo '!$A$3:$H$2025,7,FALSE),0) -> 1.0244741e+08 | H20: =IFERROR(VLOOKUP($A20,'Perfil de Riesgo '!$A$3:$H$2025,8,FALSE),0) -> 1.1253313e+08 | I20: =+H20+H33 -> 1.9902048e+08
A21: 112006 | B21: FONDO DE LIQUIDEZ - FONDOS DE INVERSIÓN COLECTIVA ADMINISTRADOS POR SOCIEDADES COMISIONISTAS DE BOLSA | C21: =IFERROR(VLOOKUP($A21,'Perfil de Riesgo '!$A$3:$H$2025,3,FALSE),0) -> 0 | D21: =IFERROR(VLOOKUP($A21,'Perfil de Riesgo '!$A$3:$H$2025,4,FALSE),0) -> 0 | E21: =IFERROR(VLOOKUP($A21,'Perfil de Riesgo '!$A$3:$H$2025,5,FALSE),0) -> 0 | F21: =IFERROR(VLOOKUP($A21,'Perfil de Riesgo '!$A$3:$H$2025,6,FALSE),0) -> 0 | G21: =IFERROR(VLOOKUP($A21,'Perfil de Riesgo '!$A$3:$H$2025,7,FALSE),0) -> 0 | H21: =IFERROR(VLOOKUP($A21,'Perfil de Riesgo '!$A$3:$H$2025,8,FALSE),0) -> 0
A22: 112007 | B22: FONDO DE LIQUIDEZ - CERTIFICADO DE DEPÓSITO A TÉRMINO | C22: =IFERROR(VLOOKUP($A22,'Perfil de Riesgo '!$A$3:$H$2025,3,FALSE),0) -> 0 | D22: =IFERROR(VLOOKUP($A22,'Perfil de Riesgo '!$A$3:$H$2025,4,FALSE),0) -> 0 | E22: =IFERROR(VLOOKUP($A22,'Perfil de Riesgo '!$A$3:$H$2025,5,FALSE),0) -> 0 | F22: =IFERROR(VLOOKUP($A22,'Perfil de Riesgo '!$A$3:$H$2025,6,FALSE),0) -> 0 | G22: =IFERROR(VLOOKUP($A22,'Perfil de Riesgo '!$A$3:$H$2025,7,FALSE),0) -> 0 | H22: =IFERROR(VLOOKUP($A22,'Perfil de Riesgo '!$A$3:$H$2025,8,FALSE),0) -> 0
A23: 112008 | B23: FONDO DE LIQUIDEZ - CERTIFICADOS DE AHORRO A TÉRMINO | C23: =IFERROR(VLOOKUP($A23,'Perfil de Riesgo '!$A$3:$H$2025,3,FALSE),0) -> 0 | D23: =IFERROR(VLOOKUP($A23,'Perfil de Riesgo '!$A$3:$H$2025,4,FALSE),0) -> 0 | E23: =IFERROR(VLOOKUP($A23,'Perfil de Riesgo '!$A$3:$H$2025,5,FALSE),0) -> 0 | F23: =IFERROR(VLOOKUP($A23,'Perfil de Riesgo '!$A$3:$H$2025,6,FALSE),0) -> 0 | G23: =IFERROR(VLOOKUP($A23,'Perfil de Riesgo '!$A$3:$H$2025,7,FALSE),0) -> 0 | H23: =IFERROR(VLOOKUP($A23,'Perfil de Riesgo '!$A$3:$H$2025,8,FALSE),0) -> 0
A24: 112010 | B24: FONDOS FIDUCIARIOS | C24: =IFERROR(VLOOKUP($A24,'Perfil de Riesgo '!$A$3:$H$2025,3,FALSE),0) -> 0 | D24: =IFERROR(VLOOKUP($A24,'Perfil de Riesgo '!$A$3:$H$2025,4,FALSE),0) -> 0 | E24: =IFERROR(VLOOKUP($A24,'Perfil de Riesgo '!$A$3:$H$2025,5,FALSE),0) -> 0 | F24: =IFERROR(VLOOKUP($A24,'Perfil de Riesgo '!$A$3:$H$2025,6,FALSE),0) -> 0 | G24: =IFERROR(VLOOKUP($A24,'Perfil de Riesgo '!$A$3:$H$2025,7,FALSE),0) -> 0 | H24: =IFERROR(VLOOKUP($A24,'Perfil de Riesgo '!$A$3:$H$2025,8,FALSE),0) -> 0
A25: 112015 | B25: FONDOS ESPECIALES - FONDOS SOCIALES Y MUTUALES | C25: =IFERROR(VLOOKUP($A25,'Perfil de Riesgo '!$A$3:$H$2025,3,FALSE),0) -> 0 | D25: =IFERROR(VLOOKUP($A25,'Perfil de Riesgo '!$A$3:$H$2025,4,FALSE),0) -> 0 | E25: =IFERROR(VLOOKUP($A25,'Perfil de Riesgo '!$A$3:$H$2025,5,FALSE),0) -> 0 | F25: =IFERROR(VLOOKUP($A25,'Perfil de Riesgo '!$A$3:$H$2025,6,FALSE),0) -> 0 | G25: =IFERROR(VLOOKUP($A25,'Perfil de Riesgo '!$A$3:$H$2025,7,FALSE),0) -> 0 | H25: =IFERROR(VLOOKUP($A25,'Perfil de Riesgo '!$A$3:$H$2025,8,FALSE),0) -> 0
A26: 112020 | B26: FIDEICOMISO FONDO DE REPOSICIÓN | C26: =IFERROR(VLOOKUP($A26,'Perfil de Riesgo '!$A$3:$H$2025,3,FALSE),0) -> 0 | D26: =IFERROR(VLOOKUP($A26,'Perfil de Riesgo '!$A$3:$H$2025,4,FALSE),0) -> 0 | E26: =IFERROR(VLOOKUP($A26,'Perfil de Riesgo '!$A$3:$H$2025,5,FALSE),0) -> 0 | F26: =IFERROR(VLOOKUP($A26,'Perfil de Riesgo '!$A$3:$H$2025,6,FALSE),0) -> 0 | G26: =IFERROR(VLOOKUP($A26,'Perfil de Riesgo '!$A$3:$H$2025,7,FALSE),0) -> 0 | H26: =IFERROR(VLOOKUP($A26,'Perfil de Riesgo '!$A$3:$H$2025,8,FALSE),0) -> 0
A27: 112025 | B27: FIDEICOMISO DE ADMINISTRACIÓN | C27: =IFERROR(VLOOKUP($A27,'Perfil de Riesgo '!$A$3:$H$2025,3,FALSE),0) -> 0 | D27: =IFERROR(VLOOKUP($A27,'Perfil de Riesgo '!$A$3:$H$2025,4,FALSE),0) -> 0 | E27: =IFERROR(VLOOKUP($A27,'Perfil de Riesgo '!$A$3:$H$2025,5,FALSE),0) -> 0 | F27: =IFERROR(VLOOKUP($A27,'Perfil de Riesgo '!$A$3:$H$2025,6,FALSE),0) -> 0 | G27: =IFERROR(VLOOKUP($A27,'Perfil de Riesgo '!$A$3:$H$2025,7,FALSE),0) -> 0 | H27: =IFERROR(VLOOKUP($A27,'Perfil de Riesgo '!$A$3:$H$2025,8,FALSE),0) -> 0
A28: 112030 | B28: OTROS FONDOS ESPECIALES | C28: =IFERROR(VLOOKUP($A28,'Perfil de Riesgo '!$A$3:$H$2025,3,FALSE),0) -> 0 | D28: =IFERROR(VLOOKUP($A28,'Perfil de Riesgo '!$A$3:$H$2025,4,FALSE),0) -> 0 | E28: =IFERROR(VLOOKUP($A28,'Perfil de Riesgo '!$A$3:$H$2025,5,FALSE),0) -> 0 | F28: =IFERROR(VLOOKUP($A28,'Perfil de Riesgo '!$A$3:$H$2025,6,FALSE),0) -> 0 | G28: =IFERROR(VLOOKUP($A28,'Perfil de Riesgo '!$A$3:$H$2025,7,FALSE),0) -> 0 | H28: =IFERROR(VLOOKUP($A28,'Perfil de Riesgo '!$A$3:$H$2025,8,FALSE),0) -> 0
A29: 112035 | B29: FONDOS DE CAMBIO | C29: =IFERROR(VLOOKUP($A29,'Perfil de Riesgo '!$A$3:$H$2025,3,FALSE),0) -> 0 | D29: =IFERROR(VLOOKUP($A29,'Perfil de Riesgo '!$A$3:$H$2025,4,FALSE),0) -> 0 | E29: =IFERROR(VLOOKUP($A29,'Perfil de Riesgo '!$A$3:$H$2025,5,FALSE),0) -> 0 | F29: =IFERROR(VLOOKUP($A29,'Perfil de Riesgo '!$A$3:$H$2025,6,FALSE),0) -> 0 | G29: =IFERROR(VLOOKUP($A29,'Perfil de Riesgo '!$A$3:$H$2025,7,FALSE),0) -> 0 | H29: =IFERROR(VLOOKUP($A29,'Perfil de Riesgo '!$A$3:$H$2025,8,FALSE),0) -> 0
A30: 112040 | B30: DEPÓSITOS ENTREGADOS EN GARANTÍA | C30: =IFERROR(VLOOKUP($A30,'Perfil de Riesgo '!$A$3:$H$2025,3,FALSE),0) -> 0 | D30: =IFERROR(VLOOKUP($A30,'Perfil de Riesgo '!$A$3:$H$2025,4,FALSE),0) -> 0 | E30: =IFERROR(VLOOKUP($A30,'Perfil de Riesgo '!$A$3:$H$2025,5,FALSE),0) -> 0 | F30: =IFERROR(VLOOKUP($A30,'Perfil de Riesgo '!$A$3:$H$2025,6,FALSE),0) -> 0 | G30: =IFERROR(VLOOKUP($A30,'Perfil de Riesgo '!$A$3:$H$2025,7,FALSE),0) -> 0 | H30: =IFERROR(VLOOKUP($A30,'Perfil de Riesgo '!$A$3:$H$2025,8,FALSE),0) -> 0
A31: 112045 | B31: REMESAS EN TRÁNSITO | C31: =IFERROR(VLOOKUP($A31,'Perfil de Riesgo '!$A$3:$H$2025,3,FALSE),0) -> 0 | D31: =IFERROR(VLOOKUP($A31,'Perfil de Riesgo '!$A$3:$H$2025,4,FALSE),0) -> 0 | E31: =IFERROR(VLOOKUP($A31,'Perfil de Riesgo '!$A$3:$H$2025,5,FALSE),0) -> 0 | F31: =IFERROR(VLOOKUP($A31,'Perfil de Riesgo '!$A$3:$H$2025,6,FALSE),0) -> 0 | G31: =IFERROR(VLOOKUP($A31,'Perfil de Riesgo '!$A$3:$H$2025,7,FALSE),0) -> 0 | H31: =IFERROR(VLOOKUP($A31,'Perfil de Riesgo '!$A$3:$H$2025,8,FALSE),0) -> 0
A32: 120000 | B32: INVERSIONES | C32: =IFERROR(VLOOKUP($A32,'Perfil de Riesgo '!$A$3:$H$2025,3,FALSE),0) -> 1.8618068e+08 | D32: =IFERROR(VLOOKUP($A32,'Perfil de Riesgo '!$A$3:$H$2025,4,FALSE),0) -> 2.1688158e+08 | E32: =IFERROR(VLOOKUP($A32,'Perfil de Riesgo '!$A$3:$H$2025,5,FALSE),0) -> 1.4567342e+08 | F32: =IFERROR(VLOOKUP($A32,'Perfil de Riesgo '!$A$3:$H$2025,6,FALSE),0) -> 1.5790863e+08 | G32: =IFERROR(VLOOKUP($A32,'Perfil de Riesgo '!$A$3:$H$2025,7,FALSE),0) -> 1.6518556e+08 | H32: =IFERROR(VLOOKUP($A32,'Perfil de Riesgo '!$A$3:$H$2025,8,FALSE),0) -> 1.7103825e+08
... A2088: 980000 | B2088: ACREEDORAS DE CONTROL POR CONTRA (CR) | C2088: =IFERROR(VLOOKUP($A2088,'Perfil de Riesgo '!$A$3:$H$2025,3,FALSE),0) -> 0 | D2088: =IFERROR(VLOOKUP($A2088,'Perfil de Riesgo '!$A$3:$H$2025,4,FALSE),0) -> 0 | E2088: =IFERROR(VLOOKUP($A2088,'Perfil de Riesgo '!$A$3:$H$2025,5,FALSE),0) -> 0 | F2088: =IFERROR(VLOOKUP($A2088,'Perfil de Riesgo '!$A$3:$H$2025,6,FALSE),0) -> 7592037161 | G2088: =IFERROR(VLOOKUP($A2088,'Perfil de Riesgo '!$A$3:$H$2025,7,FALSE),0) -> 8989826768 | H2088: =IFERROR(VLOOKUP($A2088,'Perfil de Riesgo '!$A$3:$H$2025,8,FALSE),0) -> 9213414170
B2090: Rendimientos de las inversiones | C2090: =+C1353+C1372+C1384 -> 12371363 | D2090: =+D1353+D1372+D1384 -> 15642314 | E2090: =+E1353+E1372+E1384 -> 16697174 | F2090: =+F1353+F1372+F1384 -> 18186184 | G2090: =+G1353+G1372+G1384 -> 16166613 | H2090: =+H1353+H1372+H1384 -> 9210225.8
B2091: Efectivo, equivalentes, inversiones | C2091: =+C3+C32 -> 3.0887195e+08 | D2091: =+D3+D32 -> 5.2589402e+08 | E2091: =+E3+E32 -> 5.2764755e+08 | F2091: =+F3+F32 -> 6.6184706e+08 | G2091: =+G3+G32 -> 8.385983e+08 | H2091: =+H3+H32 -> 1.3318629e+09
B2092: Rentabilidad de las inversiones | D2092: =+D2090/+AVERAGE(C2091:D2091) -> 0.037477124 | E2092: =+E2090/+AVERAGE(D2091:E2091) -> 0.031697228 | F2092: =+F2090/+AVERAGE(E2091:F2091) -> 0.030578001 | G2092: =+G2090/+AVERAGE(F2091:G2091) -> 0.021549085 | H2092: =+H2090/+AVERAGE(G2091:H2091)/'Perfil de Riesgo '!H1*12 -> 0.010184261

Sheet Indicadores
A1: PPAL | B1: TIPO | C1: NOMBRE | D1: Descripcion | E1: Descripción FORMULA | F1: Formula
A2: RIESGO | B2: Riesgo Credito | C2: Indicador de calidad por riesgo | D2: Calidad x Riesgo (B,C,D,E) | E2: Cartera Total Calificada en Categorías B, C, D y E / Cartera Bruta | F2: (C140410+C140415+C140420+C140425+C140510+C140515+C140520+C140525+C141110+C141115+C141120+C141125+C141210+C141215+C141220+C141225+C144110+C144115+C144120+C144125+C144210+C144215+C144220+C144225+C144810+C144815+C144820+C144825+C145410+C145415+C145420+C145425+C145510+C145515+C145520+C145525+C146110+C146115+C146120+C146125+C146210+C146215+C146220+C146225+C146910+C146915+C146920+C146925+C146935+C146940+C146945+C146950)/(C140400+C140500+C141100+C141200+C144100+C144200+C144800+C145400+C145500+C146100+C146200+C146900)
A3: RIESGO | B3: Riesgo Credito | C3: Indicador de cartera por Riesgo en Consumo sin Libranza | D3: Calidad x Riesgo (B,C,D,E) | E3: Cartera Calificada en Categorías B, C, D y E "Consumo SL" / Cartera Bruta "Consumo SL" | F3: (C141210+C141215+C141220+C141225+C144210+C144215+C144220+C144225)/(C141200+C144200)
A4: RIESGO | B4: Riesgo Credito | C4: Indicador de cartera por Riesgo en Consumo con Libranza | D4: Calidad x Riesgo (B,C,D,E) | E4: Cartera Calificada en Categorías B, C, D y E "Consumo CL" / Cartera Bruta "Consumo CL" | F4: (C141110+C141115+C141120+C141125+C144110+C144115+C144120+C144125+C146935+C146940+C146945+C146950)/ (C141100+C144100+C146930+C146935+C146940+C146945+C146950)
A5: RIESGO | B5: Riesgo Credito | C5: Indicador de cartera por Riesgo en Comercial | D5: Calidad x Riesgo (B,C,D,E) | E5: Cartera Calificada en Categorías B, C, D y E "Comercial" / Cartera Bruta "Comercial" | F5: (C146110+C146210+C146115+C146215+C146120+C146220+C146125+C146225)/(C146100+C146200)
A6: RIESGO | B6: Riesgo Credito | C6: Indicador de cartera por Riesgo en Microcrédito | D6: Calidad x Riesgo (B,C,D,E) | E6: Cartera Calificada en Categorías B, C, D y E "Microcredito" / Cartera Bruta "Microcredito" | F6: (C144810+C144815+C144820+C144825+C145410+C145415+C145420+C145425+C145510+C145515+C145520+C145525)/(C145400+C145500+C144800)
A7: RIESGO | B7: Riesgo Credito | C7: Indicador de cartera por Riesgo en Vivienda | D7: Calidad x Riesgo (B,C,D,E) | E7: Cartera Calificada en Categorías B, C, D y E "Vivienda" / Cartera Bruta "Vivienda" | F7: (C140410+C140415+C140420+C140425+C140510+C140515+C140520+C140525+C146910+C146915+C146920+C146925)/(C140400+C140500+C146905+C146910+C146915+C146920+C146925)
A8: RIESGO | B8: Riesgo Credito | C8: Indicador de Cobertura de la Cartera de Consumo en Riesgo | D8: Cobertura (B, C, D, E) | E8: Deterioro / Cartera Vencida | F8: (C144505+C144510+C144515+C144520+C144525+C144530+C144535+C144540+C144545+C144550+C147130+C147135+C147140+C147145+C147150)/(C141110+C141115+C141120+C141125+C141210+C141215+C141220+C141225+C144110+C144115+C144120+C144125+C144210+C144215+C144220+C144225+C146935+C146940+C146945+C146950)
A9: RIESGO | B9: Riesgo Credito | C9: Indicador de Cobertura de la Cartera Comercial en Riesgo | D9: Cobertura (B, C, D, E) | E9: Deterioro / Cartera Vencida | F9: (C145805+C145810+C145815+C145820+C145825+C145830+C145835+C145840+C145845+C145850)/(C145410+C145415+C145420+C145425+C145510+C145515+C145520+C145525)
A10: RIESGO | B10: Riesgo Credito | C10: Indicador de Cobertura de la Cartera Microcrédito Empresarial en Riesgo | D10: Cobertura (B, C, D, E) | E10: Deterioro / Cartera Vencida | F10: (C145805+C145810+C145815+C145820+C145825+C145830+C145835+C145840+C145845+C145850)/(C145410+C145415+C145420+C145425+C145510+C145515+C145520+C145525)
A11: RIESGO | B11: Riesgo Credito | C11: Indicador de Cobertura de la Cartera de Vivienda en Riesgo | D11: Cobertura (B, C, D, E) | E11: Deterioro / Cartera Vencida | F11: (C140805+C140810+C140815+C140820+C140825+C147105+C147110+C147115+C147120+C147125)/(C140410+C140415+C140420+C140425+C140510+C140515+C140520+C140525+C146910+C146915+C146920+C146925)
A12: RIESGO | B12: Riesgo Credito | C12: Indicador de Crecimiento Cartera Bruta total | D12: Crecimiento Cartera Bruta | E12: (Carte Bruta periodo Actual / Cartera Bruta del mismo periodo del año anterior )-1 | F12: ((C140400+C140500+C141100+C141200+C144100+C144200+C4800+C145400+C145500+C146100+C146200+C146900)periodo actual / (C140400+C140500+C141100+C141200+C144100+C144200+C4800+C145400+C145500+C146100+C146200+C146900)periodo anterior))-1
... A43: CAMEL | B43: Rentabilidad | C43: Indicador de rentabilidad sobre el capital invertido - ROIC | D43: ROIC | E43: Excedente Neto / Fuentes de Financiación | F43: (1+((C530000/(PROMEDIO(C210000:C210000)+PROMEDIO(C230000:C230000)+PROMEDIO(C300000:C300000)))/n))^12-1
A44: CAMEL | B44: Liquidez | C44: Indicador de Riesgo de Liquidez - IRL | D44: IRL | F44: Se calcula con base en los anexos 1 y 2, del Capítulo III, Tìtulo IV, Circular Bàsica Contable y Financiera

Sheet Indicadores SIAR EVOLUCION
J1: 10 | K1: RIESGO
A2: PPAL | B2: TIPO | C2: NOMBRE | D2: Descripcion | E2: Descripción FORMULA | F2: =+cuc!D1 -> 43100 | G2: =+cuc!E1 -> 43465 | H2: =+cuc!F1 -> 43830 | I2: =+cuc!G1 -> 44196 | J2: 44470 | K2: Bajo | L2: Alto
A3: RIESGO | B3: SARC | C3: Indicador de calidad por riesgo | D3: Calidad x Riesgo (B,C,D,E) | E3: Cartera Total Calificada en Categorías B, C, D y E / Cartera Bruta | F3: =+'1. SARC - Calidad Cartera'!D75 -> 0.010294542 | G3: =+'1. SARC - Calidad Cartera'!E75 -> 0.019883861 | H3: =+'1. SARC - Calidad Cartera'!F75 -> 0.047947807 | I3: =+'1. SARC - Calidad Cartera'!G75 -> 0.020012855 | J3: =+'1. SARC - Calidad Cartera'!H75 -> 0.020677752 | K3: <3% | L3: >5%
A4: CAMEL | B4: SARC | C4: Indicador de calidad por riesgo con castigos | D4: Calidad x Riesgo (B,C,D,E) + Castigos | E4: (Cartera Total Calificada en Categorías B, C, D y E + Castigos) / (Total Cartera + Castigos) | F4: =+'1. SARC - Calidad (con castigo)'!D77 -> 0.010294542 | G4: =+'1. SARC - Calidad (con castigo)'!E77 -> 0.019883861 | H4: =+'1. SARC - Calidad (con castigo)'!F77 -> 0.047947807 | I4: =+'1. SARC - Calidad (con castigo)'!G77 -> 0.020012855 | J4: =+'1. SARC - Calidad (con castigo)'!H77 -> 0.020677752 | K4: <4% | L4: >6%
A5: RIESGO | B5: SARC | C5: Indicador de cartera por Riesgo en Consumo sin Libranza | D5: Calidad x Riesgo (B,C,D,E) | E5: Cartera Calificada en Categorías B, C, D y E "Consumo SL" / Cartera Bruta "Consumo SL" | F5: =+'2. SARC - Calidad Cons sin LBZ'!D21 -> 0.1707524 | G5: =+'2. SARC - Calidad Cons sin LBZ'!E21 -> 0.23070972 | H5: =+'2. SARC - Calidad Cons sin LBZ'!F21 -> 0.18098708 | I5: =+'2. SARC - Calidad Cons sin LBZ'!G21 -> 0.2421173 | J5: =+'2. SARC - Calidad Cons sin LBZ'!H21 -> 0.18433315 | K5: <20% | L5: >30%
A6: RIESGO | B6: SARC | C6: Indicador de cartera por Riesgo en Consumo con Libranza | D6: Calidad x Riesgo (B,C,D,E) | E6: Cartera Calificada en Categorías B, C, D y E "Consumo CL" / Cartera Bruta "Consumo CL" | F6: =+'3. SARC - Calidad Cons LBZ'!D30 -> 0.00076533844 | G6: =+'3. SARC - Calidad Cons LBZ'!E30 -> 0.0070639115 | H6: =+'3. SARC - Calidad Cons LBZ'!F30 -> 0.039098648 | I6: =+'3. SARC - Calidad Cons LBZ'!G30 -> 0.001308916 | J6: =+'3. SARC - Calidad Cons LBZ'!H30 -> 0.0041940141 | K6: <2% | L6: >3%
A7: RIESGO | B7: SARC | C7: Indicador de cartera por Riesgo en Comercial | D7: Calidad x Riesgo (B,C,D,E) | E7: Cartera Calificada en Categorías B, C, D y E "Comercial" / Cartera Bruta "Comercial" | F7: =+'4. SARC - Calidad Comercial'!D21 -> 0 | G7: =+'4. SARC - Calidad Comercial'!E21 -> 0 | H7: =+'4. SARC - Calidad Comercial'!F21 -> 0 | I7: =+'4. SARC - Calidad Comercial'!G21 -> 0 | J7: =+'4. SARC - Calidad Comercial'!H21 -> 0 | K7: <4% | L7: >6%
A8: RIESGO | B8: SARC | C8: Indicador de cartera por Riesgo en Microcrédito | D8: Calidad x Riesgo (B,C,D,E) | E8: Cartera Calificada en Categorías B, C, D y E "Microcredito" / Cartera Bruta "Microcredito" | F8: =+'5. SARC - Calidad MICRO'!D27 -> 0 | G8: =+'5. SARC - Calidad MICRO'!E27 -> 0 | H8: =+'5. SARC - Calidad MICRO'!F27 -> 0 | I8: =+'5. SARC - Calidad MICRO'!G27 -> 0 | J8: =+'5. SARC - Calidad MICRO'!H27 -> 0 | K8: <4% | L8: >6%
A9: RIESGO | B9: SARC | C9: Indicador de cartera por Riesgo en Vivienda | D9: Calidad x Riesgo (B,C,D,E) | E9: Cartera Calificada en Categorías B, C, D y E "Vivienda" / Cartera Bruta "Vivienda" | F9: =+'6. SARC - Calidad VIVI'!D30 -> 0 | G9: =+'6. SARC - Calidad VIVI'!E30 -> 0 | H9: =+'6. SARC - Calidad VIVI'!F30 -> 0 | I9: =+'6. SARC - Calidad VIVI'!G30 -> 0 | J9: =+'6. SARC - Calidad VIVI'!H30 -> 0 | K9: <3% | L9: >5%
A10: CAMEL | B10: SARC | C10: Indicador de Cobertura de la Cartera Total en Riesgo | D10: Deterioro / Cartera Bruta | E10: Deterioro / Cartera Bruta | F10: =+'7. SARC - Cobertura TOTAL'!D30 -> 0.017928016 | G10: =+'7. SARC - Cobertura TOTAL'!E30 -> 0.021583264 | H10: =+'7. SARC - Cobertura TOTAL'!F30 -> 0.017690457 | I10: =+'7. SARC - Cobertura TOTAL'!G30 -> 0.024015018 | J10: =+'7. SARC - Cobertura TOTAL'!H30 -> 0.030795789 | K10: >3% | L10: <1,5%
A11: CAMEL | B11: SARC | C11: Indicador de Cobertura individual de la cartera improductiva para la cartera en Riesgo | D11: Cobertura C D y E | E11: Deterioro CDE / Cartera Vencida CDE | F11: =+'30. Cobertura Cartera improduc'!D81 -> 0.82384967 | G11: =+'30. Cobertura Cartera improduc'!E81 -> 0.61749743 | H11: =+'30. Cobertura Cartera improduc'!F81 -> 0.28073017 | I11: =+'30. Cobertura Cartera improduc'!G81 -> 0.36346426 | J11: =+'30. Cobertura Cartera improduc'!H81 -> 0.42980293 | K11: >80% | L11: <50%
A12: RIESGO | B12: SARC | C12: Indicador de Cobertura de la Cartera de Consumo en Riesgo | D12: Cobertura (B, C, D, E) | E12: Deterioro / Cartera Vencida | F12: =+'7. SARC - Cobertura consumo'!D46 -> 0.79701317 | G12: =+'7. SARC - Cobertura consumo'!E46 -> 0.52503577 | H12: =+'7. SARC - Cobertura consumo'!F46 -> 0.072503885 | I12: =+'7. SARC - Cobertura consumo'!G46 -> 0.29501497 | J12: =+'7. SARC - Cobertura consumo'!H46 -> 0.38477054 | K12: >60% | L12: <30%
A13: RIESGO | B13: SARC | C13: Indicador de Cobertura de la Cartera Comercial en Riesgo | D13: Cobertura (B, C, D, E) | E13: Deterioro / Cartera Vencida | F13: =+'8. SARC - Cobertura comercial'!D29 -> 0 | G13: =+'8. SARC - Cobertura comercial'!E29 -> 0 | H13: =+'8. SARC - Cobertura comercial'!F29 -> 0 | I13: =+'8. SARC - Cobertura comercial'!G29 -> 0 | J13: =+'8. SARC - Cobertura comercial'!H29 -> 0 | K13: >50% | L13: <20%
A14: RIESGO | B14: SARC | C14: Indicador de Cobertura de la Cartera Microcrédito Empresarial en Riesgo | D14: Cobertura (B, C, D, E) | E14: Deterioro / Cartera Vencida | F14: =+'8. SARC - Cobertura MICRO'!D29 -> 0 | G14: =+'8. SARC - Cobertura MICRO'!E29 -> 0 | H14: =+'8. SARC - Cobertura MICRO'!F29 -> 0 | I14: =+'8. SARC - Cobertura MICRO'!G29 -> 0 | J14: =+'8. SARC - Cobertura MICRO'!H29 -> 0 | K14: >50% | L14: <20%
A15: RIESGO | B15: SARC | C15: Indicador de Cobertura de la Cartera de Vivienda en Riesgo | D15: Cobertura (B, C, D, E) | E15: Deterioro / Cartera Vencida | F15: =+'8. SARC - Cobertura VIVI'!D33 -> 0 | G15: =+'8. SARC - Cobertura VIVI'!E33 -> 0 | H15: =+'8. SARC - Cobertura VIVI'!F33 -> 0 | I15: =+'8. SARC - Cobertura VIVI'!G33 -> 0 | J15: =+'8. SARC - Cobertura VIVI'!H33 -> 0 | K15: >50% | L15: <20%
A16: RIESGO | B16: SARC | C16: Indicador de Crecimiento Cartera Bruta total | D16: Crecimiento Cartera Bruta | E16: (Carte Bruta periodo Actual / Cartera Bruta del mismo periodo del año anterior )-1 | F16: =+'9. SARC - Crecim Cartera BRUTA'!C22 -> 9.8901493e-05 | G16: =+'9. SARC - Crecim Cartera BRUTA'!D22 -> 0.044166683 | H16: =+'9. SARC - Crecim Cartera BRUTA'!E22 -> 0.0063914785 | I16: =+'9. SARC - Crecim Cartera BRUTA'!F22 -> 0.1761873 | J16: =+'9. SARC - Crecim Cartera BRUTA'!G22 -> 0.023960929 | K16: >6% | L16: <0%
A17: RIESGO | B17: SARC | C17: Indicador de Crecimiento de Cartera Bruta de Consumo Sin Libranza | D17: Crecimiento de Cartera Bruta de Consumo Sin Libranza | E17: (Cartera Bruta periodo Actual / Cartera Bruta del mismo periodo del año anterior )-1 | F17: =+'10. SARC - Crecim CONS sin LBZ'!C11 -> 0.77408211 | G17: =+'10. SARC - Crecim CONS sin LBZ'!D11 -> 0.067713288 | H17: =+'10. SARC - Crecim CONS sin LBZ'!E11 -> 0.094955303 | I17: =+'10. SARC - Crecim CONS sin LBZ'!F11 -> 0.46481566 | J17: =+'10. SARC - Crecim CONS sin LBZ'!G11 -> 0.20633952 | K17: <0% | L17: >10%
A18: RIESGO | B18: SARC | C18: Indicador de Crecimiento de Cartera Bruta de Consumo Con Libranza | D18: Crecimiento de Cartera Bruta de Consumo Con Libranza | E18: (Cartera Bruta periodo Actual / Cartera Bruta del mismo periodo del año anterior )-1 | F18: =+'11. SARC Crecim Cons LBZ'!C16 -> -0.02515843 | G18: =+'11. SARC Crecim Cons LBZ'!D16 -> 0.042768307 | H18: =+'11. SARC Crecim Cons LBZ'!E16 -> 0.0010060683 | I18: =+'11. SARC Crecim Cons LBZ'!F16 -> 0.15698908 | J18: =+'11. SARC Crecim Cons LBZ'!G16 -> 0.0086023977 | K18: >6% | L18: <0%
A19: RIESGO | B19: SARC | C19: Indicador de Crecimiento de Cartera Bruta Comercial | D19: Crecimiento de Cartera Bruta Comercial | E19: (Cartera Bruta periodo Actual / Cartera Bruta del mismo periodo del año anterior )-1 | F19: =+'12. SARC Crecim CCIAL'!$C$11 -> 0 | G19: =+'12. SARC Crecim CCIAL'!$C$11 -> 0 | H19: =+'12. SARC Crecim CCIAL'!$C$11 -> 0 | I19: =+'12. SARC Crecim CCIAL'!$C$11 -> 0 | J19: =+'12. SARC Crecim CCIAL'!$C$11 -> 0 | K19: >3% | L19: <0%
A20: RIESGO | B20: SARC | C20: Indicador de Crecimiento de Cartera Bruta Microcrédito | D20: Crecimiento de Cartera Bruta Microcrédito | E20: (Cartera Bruta periodo Actual / Cartera Bruta del mismo periodo del año anterior )-1 | F20: =+'13. SARC Crecim MICRO'!C12 -> 0 | G20: =+'13. SARC Crecim MICRO'!D12 -> 0 | H20: =+'13. SARC Crecim MICRO'!E12 -> 0 | I20: =+'13. SARC Crecim MICRO'!F12 -> 0 | J20: =+'13. SARC Crecim MICRO'!G12 -> 0 | K20: >3% | L20: <0%
A21: RIESGO | B21: SARC | C21: Indicador de Crecimiento de Cartera Bruta Vivienda | D21: Crecimiento de Cartera Bruta Vivienda | E21: (Cartera Bruta periodo Actual / Cartera Bruta del mismo periodo del año anterior )-1 | F21: =+'14. SARC Crecim VIVI'!C16 -> 0 | G21: =+'14. SARC Crecim VIVI'!D16 -> 0 | H21: =+'14. SARC Crecim VIVI'!E16 -> 0 | I21: =+'14. SARC Crecim VIVI'!F16 -> 0 | J21: =+'14. SARC Crecim VIVI'!G16 -> 0 | K21: >3% | L21: <0%
A22: RIESGO | B22: SARC | C22: Indicador de Crecimiento de Cartera Total por Riesgo | D22: Crecimiento de Cartera Total por Riesgo | E22: (Cartera en riesgo periodo actual / Cartera en riesgo del mismo periodo del año anterior )-1 | F22: =+'15. SARC Crecim mora'!C61 -> -0.21441835 | G22: =+'15. SARC Crecim mora'!D61 -> 1.0168032 | H22: =+'15. SARC Crecim mora'!E61 -> 1.4268056 | I22: =+'15. SARC Crecim mora'!F61 -> -0.50907315 | J22: =+'15. SARC Crecim mora'!G61 -> 0.057980517 | K22: <0% | L22: >10%
A23: RIESGO | B23: SARC | C23: Indicador de Crecimiento de Cartera Consumo Sin Libranza por Riesgo | D23: Crecimiento de Cartera Consumo Sin Libranza por Riesgo | E23: (Cartera Calificada en Categorías B, C, D y E periodo Actual / Cartera Calificada en Categorías B, C, D y E del mismo periodo del año anterior )-1 | F23: =+'16. SARC > mora Cons SIN LBZ'!C17 -> -0.24256695 | G23: =+'16. SARC > mora Cons SIN LBZ'!D17 -> 0.44262591 | H23: =+'16. SARC > mora Cons SIN LBZ'!E17 -> -0.14102985 | I23: =+'16. SARC > mora Cons SIN LBZ'!F17 -> 0.959572 | J23: =+'16. SARC > mora Cons SIN LBZ'!G17 -> -0.081567652 | K23: <0% | L23: >10%
A24: RIESGO | B24: SARC | C24: Indicador de Crecimiento de Cartera Consumo Con Libranza por Riesgo | D24: Crecimiento de Cartera Consumo Con Libranza por Riesgo | E24: (Cartera Calificada en Categorías B, C, D y E periodo Actual / Cartera Vencida del mismo periodo del año anterior )-1 | F24: =+'17. SARC > mora Cons LBZ'!C21 -> 0.54765073 | G24: =+'17. SARC > mora Cons LBZ'!D21 -> 8.6245304 | H24: =+'17. SARC > mora Cons LBZ'!E21 -> 4.5405542 | I24: =+'17. SARC > mora Cons LBZ'!F21 -> -0.96126717 | J24: =+'17. SARC > mora Cons LBZ'!G21 -> 2.2317526 | K24: <0% | L24: >10%
A25: RIESGO | B25: SARC | C25: Indicador de Crecimiento de Cartera Comercial por Riesgo | D25: Crecimiento de Cartera Comercial por Riesgo | E25: (Cartera Calificada en Categorías B, C, D y E periodo Actual / Cartera Vencida del mismo periodo del año anterior )-1 | F25: =+'18. SARC > mora CCIAL'!C17 -> 0 | G25: =+'18. SARC > mora CCIAL'!D17 -> 0 | H25: =+'18. SARC > mora CCIAL'!E17 -> 0 | I25: =+'18. SARC > mora CCIAL'!F17 -> 0 | J25: =+'18. SARC > mora CCIAL'!G17 -> 0 | K25: >3% | L25: <0%
A26: RIESGO | B26: SARC | C26: Indicador de Crecimiento de Cartera Microcrédito por Riesgo | D26: Crecimiento de Cartera Microcrédito por Riesgo | E26: (Cartera Calificada en Categorías B, C, D y E periodo Actual / Cartera Vencida del mismo periodo del año anterior )-1 | F26: =+'19. SARC > mora MICRO'!C21 -> 0 | G26: =+'19. SARC > mora MICRO'!D21 -> 0 | H26: =+'19. SARC > mora MICRO'!E21 -> 0 | I26: =+'19. SARC > mora MICRO'!F21 -> 0 | J26: =+'19. SARC > mora MICRO'!G21 -> 0 | K26: >3% | L26: <0%
A27: RIESGO | B27: SARC | C27: Indicador de Crecimiento de Cartera de Vivienda por Riesgo | D27: Crecimiento de Cartera de Vivienda por Riesgo | E27: (Cartera Calificada en Categorías B, C, D y E periodo Actual / Cartera Vencida del mismo periodo del año anterior )-1 | F27: =+'20. SARC > mora VIVI'!C21 -> 0 | G27: =+'20. SARC > mora VIVI'!D21 -> 0 | H27: =+'20. SARC > mora VIVI'!E21 -> 0 | I27: =+'20. SARC > mora VIVI'!F21 -> 0 | J27: =+'20. SARC > mora VIVI'!G21 -> 0 | K27: >3% | L27: <0%
A28: RIESGO | B28: SARL | C28: Indicador de relación entre Activos Liquidos ampliados a depósitos de corto plazo | D28: Activos Líquidos ampliados / Depósitos Corto Plazo | E28: Efectivo y equivalentes+ Fondo Liquidez +Inversiones / Depositso < 6 Meses | F28: =+'21. LIQUIDEZ - ALN vs Dep CP'!D36 -> 0.82316257 | G28: =+'21. LIQUIDEZ - ALN vs Dep CP'!E36 -> 0.85005801 | H28: =+'21. LIQUIDEZ - ALN vs Dep CP'!F36 -> 0.9838672 | I28: =+'21. LIQUIDEZ - ALN vs Dep CP'!G36 -> 1.0518466 | J28: =+'21. LIQUIDEZ - ALN vs Dep CP'!H36 -> 1.2093049 | K28: >100% | L28: <50%
A29: RIESGO | B29: SARL | C29: Indicador de relación entre la brecha de liquidez y los Activos Liquidos netos | D29: Valor en riesgo de liquidez brecha / ALN | E29: Brecha 2-3 meses /efectivo y equivalentes+fondo de liquidez + participación en fondos de inversión colectiva abiertos sin pacto de permanencia | F29: =+'22. LIQ. - Brecha GAP Vs ALN'!$C$26 -> 0 | G29: =+'22. LIQ. - Brecha GAP Vs ALN'!$C$26 -> 0 | H29: =+'22. LIQ. - Brecha GAP Vs ALN'!$C$26 -> 0 | I29: =+'22. LIQ. - Brecha GAP Vs ALN'!$C$26 -> 0 | J29: =+'22. LIQ. - Brecha GAP Vs ALN'!$C$26 -> 0 | K29: <=0% | L29: >100%
A30: RIESGO | B30: SARL | C30: Indicador de concentración de Depositos | D30: % Participación mayores ahorradores sobre el total de depósitos | E30: Saldo Depositos de los 20 mayores Ahorradores / Saldo Total de Depositos | F30: =+'23. Concentracion depositos'!D13 -> 0 | G30: =+'23. Concentracion depositos'!E13 -> 0.3108772 | H30: =+'23. Concentracion depositos'!F13 -> 0.28509989 | I30: =+'23. Concentracion depositos'!G13 -> 0.35109485 | J30: =+'23. Concentracion depositos'!H13 -> 0.36409506 | K30: <30% | L30: >40%
A31: RIESGO | B31: SARL | C31: Indicador de concentración de Cartera | D31: % Participación mayores deudores sobre el total de cartera | E31: Saldo Cartera de los 20 mayores Deudores / Saldo Total de la cartera | F31: =+'23. Concentracion cartera'!D21 -> 0 | G31: =+'23. Concentracion cartera'!E21 -> 0.19735663 | H31: =+'23. Concentracion cartera'!F21 -> 0.18997734 | I31: =+'23. Concentracion cartera'!G21 -> 0.20815441 | J31: =+'23. Concentracion cartera'!H21 -> 0.21266246 | K31: <20% | L31: >30%
A32: RIESGO | B32: SARO | C32: Indicador de relación entre el Gasto Administrativo y los Ingresos por venta de bienes y servicios y recuperaciones | D32: Estructura Gastos de Administración | E32: Gasto Administrativo / Ingresos por venta de bienes y servicios y recuperaciones | F32: =+'24. Eficiencia operativa'!D19 -> 0.78721399 | G32: =+'24. Eficiencia operativa'!E19 -> 0.82681606 | H32: =+'24. Eficiencia operativa'!F19 -> 0.78055991 | I32: =+'24. Eficiencia operativa'!G19 -> 0.73458875 | J32: =+'24. Eficiencia operativa'!H19 -> 0.64808334 | K32: <70% | L32: >80%
A33: CAMEL | B33: SARO | C33: Quebranto Patrimonial | D33: Quebranto Patrimonial | E33: Patrimonio / Capital social | F33: =+'25. Quebranto patrimonial'!D9 -> 1.2661719 | G33: =+'25. Quebranto patrimonial'!E9 -> 1.2382831 | H33: =+'25. Quebranto patrimonial'!F9 -> 1.2441981 | I33: =+'25. Quebranto patrimonial'!G9 -> 1.2385951 | J33: =+'25. Quebranto patrimonial'!H9 -> 1.2496245 | K33: >130% | L33: <100%
A34: CAMEL | B34: SARO | C34: Relacion Solvencia | D34: Relación de Solvencia | E34: Patrimonio Técnico / Activos Ponderados por Riesgo | J34: =+'26. solvencia - solidez'!C13 -> 0.43495676 | K34: >15% | L34: <10%
A35: CAMEL | B35: SARO | C35: Indicador de relación entre el Aportes sociales mínimos no reducibles y el Capital Social | D35: Aportes sociales mínimos no reducibles | E35: Aportes sociales no reducibles / Capital Social | F35: =+'27. Irreduc Total'!D9 -> 0.33257467 | G35: =+'27. Irreduc Total'!E9 -> 0.31453621 | H35: =+'27. Irreduc Total'!F9 -> 0.32148321 | I35: =+'27. Irreduc Total'!G9 -> 0.30311899 | J35: =+'27. Irreduc Total'!H9 -> 0.29424194 | K35: <30% | L35: >50%
A36: CAMEL | B36: SARO | C36: Indicador de relación entre el Capital Institucional y el Activo Total | D36: Capital Institucional | E36: Capital Institucional / Activo | F36: =+'28. Capital institucional'!D15 -> 0.122615 | G36: =+'28. Capital institucional'!E15 -> 0.11951714 | H36: =+'28. Capital institucional'!F15 -> 0.11919125 | I36: =+'28. Capital institucional'!G15 -> 0.10922285 | J36: =+'28. Capital institucional'!H15 -> 0.10290745 | K36: >10% | L36: <5%
A37: CAMEL | B37: SARM | C37: Activo Productivo | D37: Activo Productivo / Activo | E37: Activos Productivos / Activo | F37: =+'29. Activo productivo'!D43 -> 0.8992429 | G37: =+'29. Activo productivo'!E43 -> 0.88053245 | H37: =+'29. Activo productivo'!F43 -> 0.87378262 | I37: =+'29. Activo productivo'!G43 -> 0.91124346 | J37: =+'29. Activo productivo'!H43 -> 0.84093675 | K37: >90% | L37: <80%
A38: CAMEL | B38: SARM | C38: Activos liquidos / ahorros voluntarios | D38: Activo Productivo / Activo | E38: Activos Productivos / Activo | F38: =+'ALN + CxC a depositso'!D20 -> 0.94914378 | G38: =+'ALN + CxC a depositso'!E20 -> 1.0787799 | H38: =+'ALN + CxC a depositso'!F20 -> 1.0531844 | I38: =+'ALN + CxC a depositso'!G20 -> 0.74151748 | J38: =+'ALN + CxC a depositso'!H20 -> 1.1742728 | K38: <40% | L38: >70%
A39: CAMEL | B39: SARM | C39: Indicador de Margen Financiero de Operación | D39: Margen Financiero de Operación | E39: Margen Financiero de Operación / Ingresos por venta de bienes y servicios | F39: =+'31. Margen Financiero'!D11 -> 0.86929511 | G39: =+'31. Margen Financiero'!E11 -> 0.87719658 | H39: =+'31. Margen Financiero'!F11 -> 0.90893159 | I39: =+'31. Margen Financiero'!G11 -> 0.91531581 | J39: =+'31. Margen Financiero'!H11 -> 0.93649474 | K39: >80% | L39: <60%
A40: CAMEL | B40: SARO | C40: Indicador de Margen Operacional | D40: Margen Operacional | E40: Utilidad Operacional / Ingresos por venta de bienes y servicios y recuperaciones | F40: =+'32. Margen Operacional'!D17 -> 0.084770671 | G40: =+'32. Margen Operacional'!E17 -> 0.051703725 | H40: =+'32. Margen Operacional'!F17 -> 0.12980417 | I40: =+'32. Margen Operacional'!G17 -> 0.18230247 | J40: =+'32. Margen Operacional'!H17 -> 0.28996133 | K40: >20% | L40: <10%
A41: CAMEL | B41: SARM | C41: Indicador de relación entre las obligaciones financieras y el pasivo total | D41: % Participación Obligaciones financieras sobr el pasivo | E41: Obligac Financ. / Pasivo Tot | F41: =+'33. Endeudamiento bancario'!D9 -> 0.1082335 | G41: =+'33. Endeudamiento bancario'!E9 -> 0.033911448 | H41: =+'33. Endeudamiento bancario'!F9 -> 0 | I41: =+'33. Endeudamiento bancario'!G9 -> 0 | J41: =+'33. Endeudamiento bancario'!H9 -> 0 | K41: <10% | L41: >20%
A42: CAMEL | B42: SARM | C42: Estructura de Balance | D42: Estructura | E42: Activo Productivo / Pasivos con costo | F42: =+'34. Estructura de Balance'!D44 -> 3.5517287 | G42: =+'34. Estructura de Balance'!E44 -> 3.8861334 | H42: =+'34. Estructura de Balance'!F44 -> 3.8810067 | I42: =+'34. Estructura de Balance'!G44 -> 3.9338896 | J42: =+'34. Estructura de Balance'!H44 -> 3.5515494 | K42: >350% | L42: <250%
A43: CAMEL | B43: SARO | C43: Indicador de rentabilidad sobre recursos propios - ROE | D43: ROE | E43: (1+(Excedentes Neto / ((Patrimonio Año Actual + Patrimonio a Dic año anterior)/2)))^12-1 | F43: =+'35. Rentabilidad del patrimonio'!D9 -> 0.023322887 | G43: =+'35. Rentabilidad del patrimonio'!E9 -> 0.01754444 | H43: =+'35. Rentabilidad del patrimonio'!F9 -> 0.024992734 | I43: =+'35. Rentabilidad del patrimonio'!G9 -> 0.036720738 | J43: =EFFECT(+'35. Rentabilidad del patrimonio'!H9*(12/J1),12) -> 0.059446526 | K43: >3% | L43: <0%
A44: CAMEL | B44: SARO | C44: Indicador de margen neto | D44: Margen neto | E44: Excedente Neto / Ingresos por venta de bienes y servicios y recuperaciones | F44: =+'36. Margen NETO'!D10 -> 0.11041194 | G44: =+'36. Margen NETO'!E10 -> 0.084078839 | H44: =+'36. Margen NETO'!F10 -> 0.11753995 | I44: =+'36. Margen NETO'!G10 -> 0.17342773 | J44: =+'36. Margen NETO'!H10 -> 0.27502336 | K44: >20% | L44: <10%
A45: CAMEL | B45: SARO | C45: Indicador de rentabilidad sobre el capital invertido - ROIC | D45: ROIC | E45: Excedente Neto / Fuentes de Financiación | F45: =+'37. Rentabilidad FUENTES'!D13 -> 0.0189685 | G45: =+'37. Rentabilidad FUENTES'!E13 -> 0.014714514 | H45: =+'37. Rentabilidad FUENTES'!F13 -> 0.021705582 | I45: =+'37. Rentabilidad FUENTES'!G13 -> 0.030438433 | J45: =(+'37. Rentabilidad FUENTES'!H13)/J1*12 -> 0.048446676 | K45: >2% | L45: <0%
A46: PROPIO | B46: SARM | C46: Participacion cartera | D46: % de los activos representados en cartera | E46: Cartera bruta / activos + prov general | F46: =+'Cartera sobre activos'!C25 -> 0.94805346 | G46: =+'Cartera sobre activos'!D25 -> 0.86973371 | H46: =+'Cartera sobre activos'!E25 -> 0.8636227 | I46: =+'Cartera sobre activos'!F25 -> 0.84842765 | J46: =+'Cartera sobre activos'!G25 -> 0.88552149 | K46: >85% | L46: <70%

Sheet Cartera sobre activos
A1: Indicador | B1: Descripción Formula | C1: TIPO | D1: NOMBRE INDICADOR | E1: Descripcion Indicador
A2: RIESGO | B2: Cartera Total Calificada en Categorías B, C, D y E / Cartera Bruta | C2: Riesgo Credito | D2: Indicador de calidad por riesgo | E2: Calidad x Riesgo (B,C,D,E)
B3: 2 | C3: 3 | D3: 4 | E3: 5 | F3: 6 | G3: 7 | H3: 8
A4: Cuenta | B4: Descripcion | C4: =+cuc!C1 -> 42735 | D4: =+cuc!D1 -> 43100 | E4: =+cuc!E1 -> 43465 | F4: =+cuc!F1 -> 43830 | G4: =+cuc!G1 -> 44196 | H4: =+cuc!H1 -> 44500 | BD4: 140400 | BE4: 140500 | BF4: 141100 | BG4: 141200 | BH4: 144100 | BI4: 144200 | BJ4: 144800 | BK4: 145400 | BL4: 145500 | BM4: 146100 | BN4: 146200 | BO4: 146900
A5: 140400 | B5: =PROPER(VLOOKUP($A5,cuc!$A$2:$AA$2088,B$3,FALSE)) -> Créditos De Vivienda - Con Libranza | C5: =VLOOKUP($A5,cuc!$A$2:$AA$2088,C$3,FALSE) -> 0 | D5: =VLOOKUP($A5,cuc!$A$2:$AA$2088,D$3,FALSE) -> 0 | E5: =VLOOKUP($A5,cuc!$A$2:$AA$2088,E$3,FALSE) -> 0 | F5: =VLOOKUP($A5,cuc!$A$2:$AA$2088,F$3,FALSE) -> 0 | G5: =VLOOKUP($A5,cuc!$A$2:$AA$2088,G$3,FALSE) -> 0 | H5: =VLOOKUP($A5,cuc!$A$2:$AA$2088,H$3,FALSE) -> 0
A6: 140500 | B6: =PROPER(VLOOKUP($A6,cuc!$A$2:$AA$2088,B$3,FALSE)) -> Créditos De Vivienda - Sin Libranza | C6: =VLOOKUP($A6,cuc!$A$2:$AA$2088,C$3,FALSE) -> 0 | D6: =VLOOKUP($A6,cuc!$A$2:$AA$2088,D$3,FALSE) -> 0 | E6: =VLOOKUP($A6,cuc!$A$2:$AA$2088,E$3,FALSE) -> 0 | F6: =VLOOKUP($A6,cuc!$A$2:$AA$2088,F$3,FALSE) -> 0 | G6: =VLOOKUP($A6,cuc!$A$2:$AA$2088,G$3,FALSE) -> 0 | H6: =VLOOKUP($A6,cuc!$A$2:$AA$2088,H$3,FALSE) -> 0
A7: 141100 | B7: =PROPER(VLOOKUP($A7,cuc!$A$2:$AA$2088,B$3,FALSE)) -> Créditos De Consumo, Garantía Admisible - Con Libranza | C7: =VLOOKUP($A7,cuc!$A$2:$AA$2088,C$3,FALSE) -> 161540530 | D7: =VLOOKUP($A7,cuc!$A$2:$AA$2088,D$3,FALSE) -> 241509145 | E7: =VLOOKUP($A7,cuc!$A$2:$AA$2088,E$3,FALSE) -> 203397009 | F7: =VLOOKUP($A7,cuc!$A$2:$AA$2088,F$3,FALSE) -> 204551039 | G7: =VLOOKUP($A7,cuc!$A$2:$AA$2088,G$3,FALSE) -> 180033115 | H7: =VLOOKUP($A7,cuc!$A$2:$AA$2088,H$3,FALSE) -> 81927467
A8: 141200 | B8: =PROPER(VLOOKUP($A8,cuc!$A$2:$AA$2088,B$3,FALSE)) -> Créditos De Consumo, Garantía Admisible - Sin Libranza | C8: =VLOOKUP($A8,cuc!$A$2:$AA$2088,C$3,FALSE) -> 0 | D8: =VLOOKUP($A8,cuc!$A$2:$AA$2088,D$3,FALSE) -> 131627603 | E8: =VLOOKUP($A8,cuc!$A$2:$AA$2088,E$3,FALSE) -> 104765869 | F8: =VLOOKUP($A8,cuc!$A$2:$AA$2088,F$3,FALSE) -> 68763468 | G8: =VLOOKUP($A8,cuc!$A$2:$AA$2088,G$3,FALSE) -> 43975760 | H8: =VLOOKUP($A8,cuc!$A$2:$AA$2088,H$3,FALSE) -> 52652671
A9: 144100 | B9: =PROPER(VLOOKUP($A9,cuc!$A$2:$AA$2088,B$3,FALSE)) -> Créditos De Consumo, Otras Garantías - Con Libranza | C9: =VLOOKUP($A9,cuc!$A$2:$AA$2088,C$3,FALSE) -> 7148865534 | D9: =VLOOKUP($A9,cuc!$A$2:$AA$2088,D$3,FALSE) -> 6884978581 | E9: =VLOOKUP($A9,cuc!$A$2:$AA$2088,E$3,FALSE) -> 7227878534 | F9: =VLOOKUP($A9,cuc!$A$2:$AA$2088,F$3,FALSE) -> 7234200875 | G9: =VLOOKUP($A9,cuc!$A$2:$AA$2088,G$3,FALSE) -> 8426521593 | H9: =VLOOKUP($A9,cuc!$A$2:$AA$2088,H$3,FALSE) -> 8598664247
A10: 144200 | B10: =PROPER(VLOOKUP($A10,cuc!$A$2:$AA$2088,B$3,FALSE)) -> Créditos De Consumo, Otras Garantías - Sin Libranza | C10: =VLOOKUP($A10,cuc!$A$2:$AA$2088,C$3,FALSE) -> 238559889 | D10: =VLOOKUP($A10,cuc!$A$2:$AA$2088,D$3,FALSE) -> 291597228 | E10: =VLOOKUP($A10,cuc!$A$2:$AA$2088,E$3,FALSE) -> 347116907 | F10: =VLOOKUP($A10,cuc!$A$2:$AA$2088,F$3,FALSE) -> 426027974 | G10: =VLOOKUP($A10,cuc!$A$2:$AA$2088,G$3,FALSE) -> 680802495 | H10: =VLOOKUP($A10,cuc!$A$2:$AA$2088,H$3,FALSE) -> 821675980
A11: 144800 | B11: =PROPER(VLOOKUP($A11,cuc!$A$2:$AA$2088,B$3,FALSE)) -> Microcrédito Inmobiliario | C11: =VLOOKUP($A11,cuc!$A$2:$AA$2088,C$3,FALSE) -> 0 | D11: =VLOOKUP($A11,cuc!$A$2:$AA$2088,D$3,FALSE) -> 0 | E11: =VLOOKUP($A11,cuc!$A$2:$AA$2088,E$3,FALSE) -> 0 | F11: =VLOOKUP($A11,cuc!$A$2:$AA$2088,F$3,FALSE) -> 0 | G11: =VLOOKUP($A11,cuc!$A$2:$AA$2088,G$3,FALSE) -> 0 | H11: =VLOOKUP($A11,cuc!$A$2:$AA$2088,H$3,FALSE) -> 0
A12: 145400 | B12: =PROPER(VLOOKUP($A12,cuc!$A$2:$AA$2088,B$3,FALSE)) -> Microcrédito Empresarial - Garantía Admisible | C12: =VLOOKUP($A12,cuc!$A$2:$AA$2088,C$3,FALSE) -> 0 | D12: =VLOOKUP($A12,cuc!$A$2:$AA$2088,D$3,FALSE) -> 0 | E12: =VLOOKUP($A12,cuc!$A$2:$AA$2088,E$3,FALSE) -> 0 | F12: =VLOOKUP($A12,cuc!$A$2:$AA$2088,F$3,FALSE) -> 0 | G12: =VLOOKUP($A12,cuc!$A$2:$AA$2088,G$3,FALSE) -> 0 | H12: =VLOOKUP($A12,cuc!$A$2:$AA$2088,H$3,FALSE) -> 0
A13: 145500 | B13: =PROPER(VLOOKUP($A13,cuc!$A$2:$AA$2088,B$3,FALSE)) -> Microcrédito Empresarial - Otras Garantías | C13: =VLOOKUP($A13,cuc!$A$2:$AA$2088,C$3,FALSE) -> 0 | D13: =VLOOKUP($A13,cuc!$A$2:$AA$2088,D$3,FALSE) -> 0 | E13: =VLOOKUP($A13,cuc!$A$2:$AA$2088,E$3,FALSE) -> 0 | F13: =VLOOKUP($A13,cuc!$A$2:$AA$2088,F$3,FALSE) -> 0 | G13: =VLOOKUP($A13,cuc!$A$2:$AA$2088,G$3,FALSE) -> 0 | H13: =VLOOKUP($A13,cuc!$A$2:$AA$2088,H$3,FALSE) -> 0
A14: 146100 | B14: =PROPER(VLOOKUP($A14,cuc!$A$2:$AA$2088,B$3,FALSE)) -> Créditos Comerciales - Garantía Admisible | C14: =VLOOKUP($A14,cuc!$A$2:$AA$2088,C$3,FALSE) -> 0 | D14: =VLOOKUP($A14,cuc!$A$2:$AA$2088,D$3,FALSE) -> 0 | E14: =VLOOKUP($A14,cuc!$A$2:$AA$2088,E$3,FALSE) -> 0 | F14: =VLOOKUP($A14,cuc!$A$2:$AA$2088,F$3,FALSE) -> 0 | G14: =VLOOKUP($A14,cuc!$A$2:$AA$2088,G$3,FALSE) -> 0 | H14: =VLOOKUP($A14,cuc!$A$2:$AA$2088,H$3,FALSE) -> 0
A15: 146200 | B15: =PROPER(VLOOKUP($A15,cuc!$A$2:$AA$2088,B$3,FALSE)) -> Créditos Comerciales - Otras Garantías | C15: =VLOOKUP($A15,cuc!$A$2:$AA$2088,C$3,FALSE) -> 0 | D15: =VLOOKUP($A15,cuc!$A$2:$AA$2088,D$3,FALSE) -> 0 | E15: =VLOOKUP($A15,cuc!$A$2:$AA$2088,E$3,FALSE) -> 0 | F15: =VLOOKUP($A15,cuc!$A$2:$AA$2088,F$3,FALSE) -> 0 | G15: =VLOOKUP($A15,cuc!$A$2:$AA$2088,G$3,FALSE) -> 0 | H15: =VLOOKUP($A15,cuc!$A$2:$AA$2088,H$3,FALSE) -> 0
A16: 146900 | B16: =PROPER(VLOOKUP($A16,cuc!$A$2:$AA$2088,B$3,FALSE)) -> CréDitos A Empleados | C16: =VLOOKUP($A16,cuc!$A$2:$AA$2088,C$3,FALSE) -> 0 | D16: =VLOOKUP($A16,cuc!$A$2:$AA$2088,D$3,FALSE) -> 0 | E16: =VLOOKUP($A16,cuc!$A$2:$AA$2088,E$3,FALSE) -> 0 | F16: =VLOOKUP($A16,cuc!$A$2:$AA$2088,F$3,FALSE) -> 0 | G16: =VLOOKUP($A16,cuc!$A$2:$AA$2088,G$3,FALSE) -> 0 | H16: =VLOOKUP($A16,cuc!$A$2:$AA$2088,H$3,FALSE) -> 0
B17: CARTERA BRUTA | C17: =+SUM(C5:C16) -> 7548965953 | D17: =+SUM(D5:D16) -> 7549712557 | E17: =+SUM(E5:E16) -> 7883158319 | F17: =+SUM(F5:F16) -> 7933543356 | G17: =+SUM(G5:G16) -> 9331332963 | H17: =+SUM(H5:H16) -> 9554920365
A19: Cuenta | B19: Descripción | C19: =+C$4 -> 42735 | D19: =+D$4 -> 43100 | E19: =+E$4 -> 43465 | F19: =+F$4 -> 43830 | G19: =+G$4 -> 44196 | H19: =+H$4 -> 44500 | BD19: 140400 | BE19: 140500 | BF19: 141100 | BG19: 141200 | BH19: 144100 | BI19: 144200 | BJ19: 144800 | BK19: 145400 | BL19: 145500 | BM19: 146100 | BN19: 146200 | BO19: 146900
A20: 100000 | B20: =PROPER(VLOOKUP($A20,cuc!$A$2:$AA$2088,B$3,FALSE)) -> Activo | C20: =VLOOKUP($A20,cuc!$A$2:$AA$2088,C$3,FALSE) -> 7.8891958e+09 | D20: =VLOOKUP($A20,cuc!$A$2:$AA$2088,D$3,FALSE) -> 8.6070806e+09 | E20: =VLOOKUP($A20,cuc!$A$2:$AA$2088,E$3,FALSE) -> 9.0401657e+09 | F20: =VLOOKUP($A20,cuc!$A$2:$AA$2088,F$3,FALSE) -> 9.23811e+09 | G20: =VLOOKUP($A20,cuc!$A$2:$AA$2088,G$3,FALSE) -> 1.0368671e+10 | H20: =VLOOKUP($A20,cuc!$A$2:$AA$2088,H$3,FALSE) -> 1.14897e+10
A21: 146800 | B21: =PROPER(VLOOKUP($A21,cuc!$A$2:$AA$2088,B$3,FALSE)) -> Deterioro General De Cartera De CrÉditos (Cr) | C21: =VLOOKUP($A21,cuc!$A$2:$AA$2088,C$3,FALSE) -> 73399377 | D21: =VLOOKUP($A21,cuc!$A$2:$AA$2088,D$3,FALSE) -> 73406843 | E21: =VLOOKUP($A21,cuc!$A$2:$AA$2088,E$3,FALSE) -> 87846180 | F21: =VLOOKUP($A21,cuc!$A$2:$AA$2088,F$3,FALSE) -> 112767819 | G21: =VLOOKUP($A21,cuc!$A$2:$AA$2088,G$3,FALSE) -> 168999080 | H21: =VLOOKUP($A21,cuc!$A$2:$AA$2088,H$3,FALSE) -> 218230552
A22: Bruta | B22: Total | C22: =+C20+C21 -> 7.9625952e+09 | D22: =+D20+D21 -> 8.6804874e+09 | E22: =+E20+E21 -> 9.1280119e+09 | F22: =+F20+F21 -> 9.3508778e+09 | G22: =+G20+G21 -> 1.053767e+10 | H22: =+H20+H21 -> 1.1707931e+10
B24: Descripcion | C24: Año 16 | D24: Año 17 | E24: Año 18 | F24: Año 19 | G24: Año 20 | H24: Año 21
B25: Cartera bruta / Activo bruto | C25: =+C17/C22 -> 0.94805346 | D25: =+D17/D22 -> 0.86973371 | E25: =+E17/E22 -> 0.8636227 | F25: =+F17/F22 -> 0.84842765 | G25: =+G17/G22 -> 0.88552149 | H25: =+H17/H22 -> 0.81610666

Sheet 1. SARC - Calidad Cartera
A1: Indicador | B1: Descripción Formula | C1: TIPO | D1: NOMBRE INDICADOR | E1: Descripcion Indicador
A2: RIESGO | B2: Cartera Total Calificada en Categorías B, C, D y E / Cartera Bruta | C2: Riesgo Credito | D2: Indicador de calidad por riesgo | E2: Calidad x Riesgo (B,C,D,E)
B3: 2 | C3: 3 | D3: 4 | E3: 5 | F3: 6 | G3: 7 | H3: 8
A4: Cuenta | B4: Descripcion | C4: =+cuc!C1 -> 42735 | D4: =+cuc!D1 -> 43100 | E4: =+cuc!E1 -> 43465 | F4: =+cuc!F1 -> 43830 | G4: =+cuc!G1 -> 44196 | H4: =+cuc!H1 -> 44500 | BD4: 140400 | BE4: 140500 | BF4: 141100 | BG4: 141200 | BH4: 144100 | BI4: 144200 | BJ4: 144800 | BK4: 145400 | BL4: 145500 | BM4: 146100 | BN4: 146200 | BO4: 146900
A5: 140410 | B5: =PROPER(VLOOKUP($A5,cuc!$A$2:$AA$2088,B$3,FALSE)) -> Categoría B Riesgo Aceptable | C5: =VLOOKUP($A5,cuc!$A$2:$AA$2088,C$3,FALSE) -> 0 | D5: =VLOOKUP($A5,cuc!$A$2:$AA$2088,D$3,FALSE) -> 0 | E5: =VLOOKUP($A5,cuc!$A$2:$AA$2088,E$3,FALSE) -> 0 | F5: =VLOOKUP($A5,cuc!$A$2:$AA$2088,F$3,FALSE) -> 0 | G5: =VLOOKUP($A5,cuc!$A$2:$AA$2088,G$3,FALSE) -> 0 | H5: =VLOOKUP($A5,cuc!$A$2:$AA$2088,H$3,FALSE) -> 0
A6: 140415 | B6: =PROPER(VLOOKUP($A6,cuc!$A$2:$AA$2088,B$3,FALSE)) -> Categoría C Riesgo Apreciable | C6: =VLOOKUP($A6,cuc!$A$2:$AA$2088,C$3,FALSE) -> 0 | D6: =VLOOKUP($A6,cuc!$A$2:$AA$2088,D$3,FALSE) -> 0 | E6: =VLOOKUP($A6,cuc!$A$2:$AA$2088,E$3,FALSE) -> 0 | F6: =VLOOKUP($A6,cuc!$A$2:$AA$2088,F$3,FALSE) -> 0 | G6: =VLOOKUP($A6,cuc!$A$2:$AA$2088,G$3,FALSE) -> 0 | H6: =VLOOKUP($A6,cuc!$A$2:$AA$2088,H$3,FALSE) -> 0
A7: 140420 | B7: =PROPER(VLOOKUP($A7,cuc!$A$2:$AA$2088,B$3,FALSE)) -> Categoría D Riesgo Significativo | C7: =VLOOKUP($A7,cuc!$A$2:$AA$2088,C$3,FALSE) -> 0 | D7: =VLOOKUP($A7,cuc!$A$2:$AA$2088,D$3,FALSE) -> 0 | E7: =VLOOKUP($A7,cuc!$A$2:$AA$2088,E$3,FALSE) -> 0 | F7: =VLOOKUP($A7,cuc!$A$2:$AA$2088,F$3,FALSE) -> 0 | G7: =VLOOKUP($A7,cuc!$A$2:$AA$2088,G$3,FALSE) -> 0 | H7: =VLOOKUP($A7,cuc!$A$2:$AA$2088,H$3,FALSE) -> 0
A8: 140425 | B8: =PROPER(VLOOKUP($A8,cuc!$A$2:$AA$2088,B$3,FALSE)) -> Categoría E Riesgo De Incobrabilidad | C8: =VLOOKUP($A8,cuc!$A$2:$AA$2088,C$3,FALSE) -> 0 | D8: =VLOOKUP($A8,cuc!$A$2:$AA$2088,D$3,FALSE) -> 0 | E8: =VLOOKUP($A8,cuc!$A$2:$AA$2088,E$3,FALSE) -> 0 | F8: =VLOOKUP($A8,cuc!$A$2:$AA$2088,F$3,FALSE) -> 0 | G8: =VLOOKUP($A8,cuc!$A$2:$AA$2088,G$3,FALSE) -> 0 | H8: =VLOOKUP($A8,cuc!$A$2:$AA$2088,H$3,FALSE) -> 0
A9: 140510 | B9: =PROPER(VLOOKUP($A9,cuc!$A$2:$AA$2088,B$3,FALSE)) -> Categoría B Riesgo Aceptable | C9: =VLOOKUP($A9,cuc!$A$2:$AA$2088,C$3,FALSE) -> 0 | D9: =VLOOKUP($A9,cuc!$A$2:$AA$2088,D$3,FALSE) -> 0 | E9: =VLOOKUP($A9,cuc!$A$2:$AA$2088,E$3,FALSE) -> 0 | F9: =VLOOKUP($A9,cuc!$A$2:$AA$2088,F$3,FALSE) -> 0 | G9: =VLOOKUP($A9,cuc!$A$2:$AA$2088,G$3,FALSE) -> 0 | H9: =VLOOKUP($A9,cuc!$A$2:$AA$2088,H$3,FALSE) -> 0
A10: 140515 | B10: =PROPER(VLOOKUP($A10,cuc!$A$2:$AA$2088,B$3,FALSE)) -> Categoría C Riesgo Apreciable | C10: =VLOOKUP($A10,cuc!$A$2:$AA$2088,C$3,FALSE) -> 0 | D10: =VLOOKUP($A10,cuc!$A$2:$AA$2088,D$3,FALSE) -> 0 | E10: =VLOOKUP($A10,cuc!$A$2:$AA$2088,E$3,FALSE) -> 0 | F10: =VLOOKUP($A10,cuc!$A$2:$AA$2088,F$3,FALSE) -> 0 | G10: =VLOOKUP($A10,cuc!$A$2:$AA$2088,G$3,FALSE) -> 0 | H10: =VLOOKUP($A10,cuc!$A$2:$AA$2088,H$3,FALSE) -> 0
A11: 140520 | B11: =PROPER(VLOOKUP($A11,cuc!$A$2:$AA$2088,B$3,FALSE)) -> Categoría D Riesgo Significativo | C11: =VLOOKUP($A11,cuc!$A$2:$AA$2088,C$3,FALSE) -> 0 | D11: =VLOOKUP($A11,cuc!$A$2:$AA$2088,D$3,FALSE) -> 0 | E11: =VLOOKUP($A11,cuc!$A$2:$AA$2088,E$3,FALSE) -> 0 | F11: =VLOOKUP($A11,cuc!$A$2:$AA$2088,F$3,FALSE) -> 0 | G11: =VLOOKUP($A11,cuc!$A$2:$AA$2088,G$3,FALSE) -> 0 | H11: =VLOOKUP($A11,cuc!$A$2:$AA$2088,H$3,FALSE) -> 0
A12: 140525 | B12: =PROPER(VLOOKUP($A12,cuc!$A$2:$AA$2088,B$3,FALSE)) -> Categoría E Riesgo De Incobrabilidad | C12: =VLOOKUP($A12,cuc!$A$2:$AA$2088,C$3,FALSE) -> 0 | D12: =VLOOKUP($A12,cuc!$A$2:$AA$2088,D$3,FALSE) -> 0 | E12: =VLOOKUP($A12,cuc!$A$2:$AA$2088,E$3,FALSE) -> 0 | F12: =VLOOKUP($A12,cuc!$A$2:$AA$2088,F$3,FALSE) -> 0 | G12: =VLOOKUP($A12,cuc!$A$2:$AA$2088,G$3,FALSE) -> 0 | H12: =VLOOKUP($A12,cuc!$A$2:$AA$2088,H$3,FALSE) -> 0
A13: 141110 | B13: =PROPER(VLOOKUP($A13,cuc!$A$2:$AA$2088,B$3,FALSE)) -> Categoría B Riesgo Aceptable | C13: =VLOOKUP($A13,cuc!$A$2:$AA$2088,C$3,FALSE) -> 0 | D13: =VLOOKUP($A13,cuc!$A$2:$AA$2088,D$3,FALSE) -> 0 | E13: =VLOOKUP($A13,cuc!$A$2:$AA$2088,E$3,FALSE) -> 0 | F13: =VLOOKUP($A13,cuc!$A$2:$AA$2088,F$3,FALSE) -> 0 | G13: =VLOOKUP($A13,cuc!$A$2:$AA$2088,G$3,FALSE) -> 0 | H13: =VLOOKUP($A13,cuc!$A$2:$AA$2088,H$3,FALSE) -> 0
A14: 141115 | B14: =PROPER(VLOOKUP($A14,cuc!$A$2:$AA$2088,B$3,FALSE)) -> Categoría C Riesgo Apreciable | C14: =VLOOKUP($A14,cuc!$A$2:$AA$2088,C$3,FALSE) -> 0 | D14: =VLOOKUP($A14,cuc!$A$2:$AA$2088,D$3,FALSE) -> 0 | E14: =VLOOKUP($A14,cuc!$A$2:$AA$2088,E$3,FALSE) -> 0 | F14: =VLOOKUP($A14,cuc!$A$2:$AA$2088,F$3,FALSE) -> 0 | G14: =VLOOKUP($A14,cuc!$A$2:$AA$2088,G$3,FALSE) -> 0 | H14: =VLOOKUP($A14,cuc!$A$2:$AA$2088,H$3,FALSE) -> 0
A15: 141120 | B15: =PROPER(VLOOKUP($A15,cuc!$A$2:$AA$2088,B$3,FALSE)) -> Categoría D Riesgo Significativo | C15: =VLOOKUP($A15,cuc!$A$2:$AA$2088,C$3,FALSE) -> 0 | D15: =VLOOKUP($A15,cuc!$A$2:$AA$2088,D$3,FALSE) -> 0 | E15: =VLOOKUP($A15,cuc!$A$2:$AA$2088,E$3,FALSE) -> 0 | F15: =VLOOKUP($A15,cuc!$A$2:$AA$2088,F$3,FALSE) -> 0 | G15: =VLOOKUP($A15,cuc!$A$2:$AA$2088,G$3,FALSE) -> 0 | H15: =VLOOKUP($A15,cuc!$A$2:$AA$2088,H$3,FALSE) -> 0
A16: 141125 | B16: =PROPER(VLOOKUP($A16,cuc!$A$2:$AA$2088,B$3,FALSE)) -> Categoría E Riesgo De Incobrabilidad | C16: =VLOOKUP($A16,cuc!$A$2:$AA$2088,C$3,FALSE) -> 0 | D16: =VLOOKUP($A16,cuc!$A$2:$AA$2088,D$3,FALSE) -> 0 | E16: =VLOOKUP($A16,cuc!$A$2:$AA$2088,E$3,FALSE) -> 0 | F16: =VLOOKUP($A16,cuc!$A$2:$AA$2088,F$3,FALSE) -> 0 | G16: =VLOOKUP($A16,cuc!$A$2:$AA$2088,G$3,FALSE) -> 0 | H16: =VLOOKUP($A16,cuc!$A$2:$AA$2088,H$3,FALSE) -> 0
... A56: 146950 | B56: =PROPER(VLOOKUP($A56,cuc!$A$2:$AA$2088,B$3,FALSE)) -> Categoría E Riesgo De Incobrabilidad, Consumo | C56: =VLOOKUP($A56,cuc!$A$2:$AA$2088,C$3,FALSE) -> 0 | D56: =VLOOKUP($A56,cuc!$A$2:$AA$2088,D$3,FALSE) -> 0 | E56: =VLOOKUP($A56,cuc!$A$2:$AA$2088,E$3,FALSE) -> 0 | F56: =VLOOKUP($A56,cuc!$A$2:$AA$2088,F$3,FALSE) -> 0 | G56: =VLOOKUP($A56,cuc!$A$2:$AA$2088,G$3,FALSE) -> 0 | H56: =VLOOKUP($A56,cuc!$A$2:$AA$2088,H$3,FALSE) -> 0
A57: Mora | C57: =+SUM(C5:C56) -> 98934121 | D57: =+SUM(D5:D56) -> 77720830 | E57: =+SUM(E5:E56) -> 156747622 | F57: =+SUM(F5:F56) -> 380396004 | G57: =+SUM(G5:G56) -> 186746611 | H57: =+SUM(H5:H56) -> 197574276
A59: Cuenta | B59: Descripción | C59: =+C$4 -> 42735 | D59: =+D$4 -> 43100 | E59: =+E$4 -> 43465 | F59: =+F$4 -> 43830 | G59: =+G$4 -> 44196 | H59: =+H$4 -> 44500 | BD59: 140400 | BE59: 140500 | BF59: 141100 | BG59: 141200 | BH59: 144100 | BI59: 144200 | BJ59: 144800 | BK59: 145400 | BL59: 145500 | BM59: 146100 | BN59: 146200 | BO59: 146900
A60: 140400 | B60: =PROPER(VLOOKUP($A60,cuc!$A$2:$AA$2088,B$3,FALSE)) -> Créditos De Vivienda - Con Libranza | C60: =VLOOKUP($A60,cuc!$A$2:$AA$2088,C$3,FALSE) -> 0 | D60: =VLOOKUP($A60,cuc!$A$2:$AA$2088,D$3,FALSE) -> 0 | E60: =VLOOKUP($A60,cuc!$A$2:$AA$2088,E$3,FALSE) -> 0 | F60: =VLOOKUP($A60,cuc!$A$2:$AA$2088,F$3,FALSE) -> 0 | G60: =VLOOKUP($A60,cuc!$A$2:$AA$2088,G$3,FALSE) -> 0 | H60: =VLOOKUP($A60,cuc!$A$2:$AA$2088,H$3,FALSE) -> 0
A61: 140500 | B61: =PROPER(VLOOKUP($A61,cuc!$A$2:$AA$2088,B$3,FALSE)) -> Créditos De Vivienda - Sin Libranza | C61: =VLOOKUP($A61,cuc!$A$2:$AA$2088,C$3,FALSE) -> 0 | D61: =VLOOKUP($A61,cuc!$A$2:$AA$2088,D$3,FALSE) -> 0 | E61: =VLOOKUP($A61,cuc!$A$2:$AA$2088,E$3,FALSE) -> 0 | F61: =VLOOKUP($A61,cuc!$A$2:$AA$2088,F$3,FALSE) -> 0 | G61: =VLOOKUP($A61,cuc!$A$2:$AA$2088,G$3,FALSE) -> 0 | H61: =VLOOKUP($A61,cuc!$A$2:$AA$2088,H$3,FALSE) -> 0
A62: 141100 | B62: =PROPER(VLOOKUP($A62,cuc!$A$2:$AA$2088,B$3,FALSE)) -> Créditos De Consumo, Garantía Admisible - Con Libranza | C62: =VLOOKUP($A62,cuc!$A$2:$AA$2088,C$3,FALSE) -> 161540530 | D62: =VLOOKUP($A62,cuc!$A$2:$AA$2088,D$3,FALSE) -> 241509145 | E62: =VLOOKUP($A62,cuc!$A$2:$AA$2088,E$3,FALSE) -> 203397009 | F62: =VLOOKUP($A62,cuc!$A$2:$AA$2088,F$3,FALSE) -> 204551039 | G62: =VLOOKUP($A62,cuc!$A$2:$AA$2088,G$3,FALSE) -> 180033115 | H62: =VLOOKUP($A62,cuc!$A$2:$AA$2088,H$3,FALSE) -> 81927467
A63: 141200 | B63: =PROPER(VLOOKUP($A63,cuc!$A$2:$AA$2088,B$3,FALSE)) -> Créditos De Consumo, Garantía Admisible - Sin Libranza | C63: =VLOOKUP($A63,cuc!$A$2:$AA$2088,C$3,FALSE) -> 0 | D63: =VLOOKUP($A63,cuc!$A$2:$AA$2088,D$3,FALSE) -> 131627603 | E63: =VLOOKUP($A63,cuc!$A$2:$AA$2088,E$3,FALSE) -> 104765869 | F63: =VLOOKUP($A63,cuc!$A$2:$AA$2088,F$3,FALSE) -> 68763468 | G63: =VLOOKUP($A63,cuc!$A$2:$AA$2088,G$3,FALSE) -> 43975760 | H63: =VLOOKUP($A63,cuc!$A$2:$AA$2088,H$3,FALSE) -> 52652671
A64: 144100 | B64: =PROPER(VLOOKUP($A64,cuc!$A$2:$AA$2088,B$3,FALSE)) -> Créditos De Consumo, Otras Garantías - Con Libranza | C64: =VLOOKUP($A64,cuc!$A$2:$AA$2088,C$3,FALSE) -> 7148865534 | D64: =VLOOKUP($A64,cuc!$A$2:$AA$2088,D$3,FALSE) -> 6884978581 | E64: =VLOOKUP($A64,cuc!$A$2:$AA$2088,E$3,FALSE) -> 7227878534 | F64: =VLOOKUP($A64,cuc!$A$2:$AA$2088,F$3,FALSE) -> 7234200875 | G64: =VLOOKUP($A64,cuc!$A$2:$AA$2088,G$3,FALSE) -> 8426521593 | H64: =VLOOKUP($A64,cuc!$A$2:$AA$2088,H$3,FALSE) -> 8598664247
A65: 144200 | B65: =PROPER(VLOOKUP($A65,cuc!$A$2:$AA$2088,B$3,FALSE)) -> Créditos De Consumo, Otras Garantías - Sin Libranza | C65: =VLOOKUP($A65,cuc!$A$2:$AA$2088,C$3,FALSE) -> 238559889 | D65: =VLOOKUP($A65,cuc!$A$2:$AA$2088,D$3,FALSE) -> 291597228 | E65: =VLOOKUP($A65,cuc!$A$2:$AA$2088,E$3,FALSE) -> 347116907 | F65: =VLOOKUP($A65,cuc!$A$2:$AA$2088,F$3,FALSE) -> 426027974 | G65: =VLOOKUP($A65,cuc!$A$2:$AA$2088,G$3,FALSE) -> 680802495 | H65: =VLOOKUP($A65,cuc!$A$2:$AA$2088,H$3,FALSE) -> 821675980
A66: 144800 | B66: =PROPER(VLOOKUP($A66,cuc!$A$2:$AA$2088,B$3,FALSE)) -> Microcrédito Inmobiliario | C66: =VLOOKUP($A66,cuc!$A$2:$AA$2088,C$3,FALSE) -> 0 | D66: =VLOOKUP($A66,cuc!$A$2:$AA$2088,D$3,FALSE) -> 0 | E66: =VLOOKUP($A66,cuc!$A$2:$AA$2088,E$3,FALSE) -> 0 | F66: =VLOOKUP($A66,cuc!$A$2:$AA$2088,F$3,FALSE) -> 0 | G66: =VLOOKUP($A66,cuc!$A$2:$AA$2088,G$3,FALSE) -> 0 | H66: =VLOOKUP($A66,cuc!$A$2:$AA$2088,H$3,FALSE) -> 0
A67: 145400 | B67: =PROPER(VLOOKUP($A67,cuc!$A$2:$AA$2088,B$3,FALSE)) -> Microcrédito Empresarial - Garantía Admisible | C67: =VLOOKUP($A67,cuc!$A$2:$AA$2088,C$3,FALSE) -> 0 | D67: =VLOOKUP($A67,cuc!$A$2:$AA$2088,D$3,FALSE) -> 0 | E67: =VLOOKUP($A67,cuc!$A$2:$AA$2088,E$3,FALSE) -> 0 | F67: =VLOOKUP($A67,cuc!$A$2:$AA$2088,F$3,FALSE) -> 0 | G67: =VLOOKUP($A67,cuc!$A$2:$AA$2088,G$3,FALSE) -> 0 | H67: =VLOOKUP($A67,cuc!$A$2:$AA$2088,H$3,FALSE) -> 0
A68: 145500 | B68: =PROPER(VLOOKUP($A68,cuc!$A$2:$AA$2088,B$3,FALSE)) -> Microcrédito Empresarial - Otras Garantías | C68: =VLOOKUP($A68,cuc!$A$2:$AA$2088,C$3,FALSE) -> 0 | D68: =VLOOKUP($A68,cuc!$A$2:$AA$2088,D$3,FALSE) -> 0 | E68: =VLOOKUP($A68,cuc!$A$2:$AA$2088,E$3,FALSE) -> 0 | F68: =VLOOKUP($A68,cuc!$A$2:$AA$2088,F$3,FALSE) -> 0 | G68: =VLOOKUP($A68,cuc!$A$2:$AA$2088,G$3,FALSE) -> 0 | H68: =VLOOKUP($A68,cuc!$A$2:$AA$2088,H$3,FALSE) -> 0
A69: 146100 | B69: =PROPER(VLOOKUP($A69,cuc!$A$2:$AA$2088,B$3,FALSE)) -> Créditos Comerciales - Garantía Admisible | C69: =VLOOKUP($A69,cuc!$A$2:$AA$2088,C$3,FALSE) -> 0 | D69: =VLOOKUP($A69,cuc!$A$2:$AA$2088,D$3,FALSE) -> 0 | E69: =VLOOKUP($A69,cuc!$A$2:$AA$2088,E$3,FALSE) -> 0 | F69: =VLOOKUP($A69,cuc!$A$2:$AA$2088,F$3,FALSE) -> 0 | G69: =VLOOKUP($A69,cuc!$A$2:$AA$2088,G$3,FALSE) -> 0 | H69: =VLOOKUP($A69,cuc!$A$2:$AA$2088,H$3,FALSE) -> 0
A70: 146200 | B70: =PROPER(VLOOKUP($A70,cuc!$A$2:$AA$2088,B$3,FALSE)) -> Créditos Comerciales - Otras Garantías | C70: =VLOOKUP($A70,cuc!$A$2:$AA$2088,C$3,FALSE) -> 0 | D70: =VLOOKUP($A70,cuc!$A$2:$AA$2088,D$3,FALSE) -> 0 | E70: =VLOOKUP($A70,cuc!$A$2:$AA$2088,E$3,FALSE) -> 0 | F70: =VLOOKUP($A70,cuc!$A$2:$AA$2088,F$3,FALSE) -> 0 | G70: =VLOOKUP($A70,cuc!$A$2:$AA$2088,G$3,FALSE) -> 0 | H70: =VLOOKUP($A70,cuc!$A$2:$AA$2088,H$3,FALSE) -> 0
A71: 146900 | B71: =PROPER(VLOOKUP($A71,cuc!$A$2:$AA$2088,B$3,FALSE)) -> CréDitos A Empleados | C71: =VLOOKUP($A71,cuc!$A$2:$AA$2088,C$3,FALSE) -> 0 | D71: =VLOOKUP($A71,cuc!$A$2:$AA$2088,D$3,FALSE) -> 0 | E71: =VLOOKUP($A71,cuc!$A$2:$AA$2088,E$3,FALSE) -> 0 | F71: =VLOOKUP($A71,cuc!$A$2:$AA$2088,F$3,FALSE) -> 0 | G71: =VLOOKUP($A71,cuc!$A$2:$AA$2088,G$3,FALSE) -> 0 | H71: =VLOOKUP($A71,cuc!$A$2:$AA$2088,H$3,FALSE) -> 0
A72: Bruta | B72: Total | C72: =SUM(C60:C71) -> 7548965953 | D72: =SUM(D60:D71) -> 7549712557 | E72: =SUM(E60:E71) -> 7883158319 | F72: =SUM(F60:F71) -> 7933543356 | G72: =SUM(G60:G71) -> 9331332963 | H72: =SUM(H60:H71) -> 9554920365
B74: Descripcion | C74: Año 16 | D74: Año 17 | E74: Año 18 | F74: Año 19 | G74: Año 20 | H74: Año 21
B75: Cartera MORA / Cartera BRUTA | C75: =IFERROR(+C57/C72,0%) -> 0.013105652 | D75: =IFERROR(+D57/D72,0%) -> 0.010294542 | E75: =IFERROR(+E57/E72,0%) -> 0.019883861 | F75: =IFERROR(+F57/F72,0%) -> 0.047947807 | G75: =IFERROR(+G57/G72,0%) -> 0.020012855 | H75: =IFERROR(+H57/H72,0%) -> 0.020677752

Sheet 1. SARC - Calidad (con castigo)
A1: Indicador | B1: Descripción Formula | C1: TIPO | D1: NOMBRE INDICADOR | E1: Descripcion Indicador
A2: RIESGO | B2: =+Indicadores!E33 -> (Cartera Total Calificada en Categorías B, C, D y E + Castigos) / (Total Cartera + Castigos) | C2: =+Indicadores!B33 -> Activo | D2: =+Indicadores!C33 -> Indicador de calidad por riesgo con castigos | E2: =+Indicadores!D33 -> Calidad x Riesgo (B,C,D,E) + Castigos
B3: 2 | C3: 3 | D3: 4 | E3: 5 | F3: 6 | G3: 7 | H3: 8
A4: Cuenta | B4: Descripcion | C4: Año 16 | D4: Año 17 | E4: Año 18 | F4: Año 19 | G4: Año 20 | H4: Año 21 | BD4: 140400 | BE4: 140500 | BF4: 141100 | BG4: 141200 | BH4: 144100 | BI4: 144200 | BJ4: 144800 | BK4: 145400 | BL4: 145500 | BM4: 146100 | BN4: 146200 | BO4: 146900
A5: 140410 | B5: =PROPER(VLOOKUP($A5,cuc!$A$2:$AA$2088,B$3,FALSE)) -> Categoría B Riesgo Aceptable | C5: =VLOOKUP($A5,cuc!$A$2:$AA$2088,C$3,FALSE) -> 0 | D5: =VLOOKUP($A5,cuc!$A$2:$AA$2088,D$3,FALSE) -> 0 | E5: =VLOOKUP($A5,cuc!$A$2:$AA$2088,E$3,FALSE) -> 0 | F5: =VLOOKUP($A5,cuc!$A$2:$AA$2088,F$3,FALSE) -> 0 | G5: =VLOOKUP($A5,cuc!$A$2:$AA$2088,G$3,FALSE) -> 0 | H5: =VLOOKUP($A5,cuc!$A$2:$AA$2088,H$3,FALSE) -> 0
A6: 140415 | B6: =PROPER(VLOOKUP($A6,cuc!$A$2:$AA$2088,B$3,FALSE)) -> Categoría C Riesgo Apreciable | C6: =VLOOKUP($A6,cuc!$A$2:$AA$2088,C$3,FALSE) -> 0 | D6: =VLOOKUP($A6,cuc!$A$2:$AA$2088,D$3,FALSE) -> 0 | E6: =VLOOKUP($A6,cuc!$A$2:$AA$2088,E$3,FALSE) -> 0 | F6: =VLOOKUP($A6,cuc!$A$2:$AA$2088,F$3,FALSE) -> 0 | G6: =VLOOKUP($A6,cuc!$A$2:$AA$2088,G$3,FALSE) -> 0 | H6: =VLOOKUP($A6,cuc!$A$2:$AA$2088,H$3,FALSE) -> 0
A7: 140420 | B7: =PROPER(VLOOKUP($A7,cuc!$A$2:$AA$2088,B$3,FALSE)) -> Categoría D Riesgo Significativo | C7: =VLOOKUP($A7,cuc!$A$2:$AA$2088,C$3,FALSE) -> 0 | D7: =VLOOKUP($A7,cuc!$A$2:$AA$2088,D$3,FALSE) -> 0 | E7: =VLOOKUP($A7,cuc!$A$2:$AA$2088,E$3,FALSE) -> 0 | F7: =VLOOKUP($A7,cuc!$A$2:$AA$2088,F$3,FALSE) -> 0 | G7: =VLOOKUP($A7,cuc!$A$2:$AA$2088,G$3,FALSE) -> 0 | H7: =VLOOKUP($A7,cuc!$A$2:$AA$2088,H$3,FALSE) -> 0
A8: 140425 | B8: =PROPER(VLOOKUP($A8,cuc!$A$2:$AA$2088,B$3,FALSE)) -> Categoría E Riesgo De Incobrabilidad | C8: =VLOOKUP($A8,cuc!$A$2:$AA$2088,C$3,FALSE) -> 0 | D8: =VLOOKUP($A8,cuc!$A$2:$AA$2088,D$3,FALSE) -> 0 | E8: =VLOOKUP($A8,cuc!$A$2:$AA$2088,E$3,FALSE) -> 0 | F8: =VLOOKUP($A8,cuc!$A$2:$AA$2088,F$3,FALSE) -> 0 | G8: =VLOOKUP($A8,cuc!$A$2:$AA$2088,G$3,FALSE) -> 0 | H8: =VLOOKUP($A8,cuc!$A$2:$AA$2088,H$3,FALSE) -> 0
A9: 140510 | B9: =PROPER(VLOOKUP($A9,cuc!$A$2:$AA$2088,B$3,FALSE)) -> Categoría B Riesgo Aceptable | C9: =VLOOKUP($A9,cuc!$A$2:$AA$2088,C$3,FALSE) -> 0 | D9: =VLOOKUP($A9,cuc!$A$2:$AA$2088,D$3,FALSE) -> 0 | E9: =VLOOKUP($A9,cuc!$A$2:$AA$2088,E$3,FALSE) -> 0 | F9: =VLOOKUP($A9,cuc!$A$2:$AA$2088,F$3,FALSE) -> 0 | G9: =VLOOKUP($A9,cuc!$A$2:$AA$2088,G$3,FALSE) -> 0 | H9: =VLOOKUP($A9,cuc!$A$2:$AA$2088,H$3,FALSE) -> 0
A10: 140515 | B10: =PROPER(VLOOKUP($A10,cuc!$A$2:$AA$2088,B$3,FALSE)) -> Categoría C Riesgo Apreciable | C10: =VLOOKUP($A10,cuc!$A$2:$AA$2088,C$3,FALSE) -> 0 | D10: =VLOOKUP($A10,cuc!$A$2:$AA$2088,D$3,FALSE) -> 0 | E10: =VLOOKUP($A10,cuc!$A$2:$AA$2088,E$3,FALSE) -> 0 | F10: =VLOOKUP($A10,cuc!$A$2:$AA$2088,F$3,FALSE) -> 0 | G10: =VLOOKUP($A10,cuc!$A$2:$AA$2088,G$3,FALSE) -> 0 | H10: =VLOOKUP($A10,cuc!$A$2:$AA$2088,H$3,FALSE) -> 0
A11: 140520 | B11: =PROPER(VLOOKUP($A11,cuc!$A$2:$AA$2088,B$3,FALSE)) -> Categoría D Riesgo Significativo | C11: =VLOOKUP($A11,cuc!$A$2:$AA$2088,C$3,FALSE) -> 0 | D11: =VLOOKUP($A11,cuc!$A$2:$AA$2088,D$3,FALSE) -> 0 | E11: =VLOOKUP($A11,cuc!$A$2:$AA$2088,E$3,FALSE) -> 0 | F11: =VLOOKUP($A11,cuc!$A$2:$AA$2088,F$3,FALSE) -> 0 | G11: =VLOOKUP($A11,cuc!$A$2:$AA$2088,G$3,FALSE) -> 0 | H11: =VLOOKUP($A11,cuc!$A$2:$AA$2088,H$3,FALSE) -> 0
A12: 140525 | B12: =PROPER(VLOOKUP($A12,cuc!$A$2:$AA$2088,B$3,FALSE)) -> Categoría E Riesgo De Incobrabilidad | C12: =VLOOKUP($A12,cuc!$A$2:$AA$2088,C$3,FALSE) -> 0 | D12: =VLOOKUP($A12,cuc!$A$2:$AA$2088,D$3,FALSE) -> 0 | E12: =VLOOKUP($A12,cuc!$A$2:$AA$2088,E$3,FALSE) -> 0 | F12: =VLOOKUP($A12,cuc!$A$2:$AA$2088,F$3,FALSE) -> 0 | G12: =VLOOKUP($A12,cuc!$A$2:$AA$2088,G$3,FALSE) -> 0 | H12: =VLOOKUP($A12,cuc!$A$2:$AA$2088,H$3,FALSE) -> 0
A13: 141110 | B13: =PROPER(VLOOKUP($A13,cuc!$A$2:$AA$2088,B$3,FALSE)) -> Categoría B Riesgo Aceptable | C13: =VLOOKUP($A13,cuc!$A$2:$AA$2088,C$3,FALSE) -> 0 | D13: =VLOOKUP($A13,cuc!$A$2:$AA$2088,D$3,FALSE) -> 0 | E13: =VLOOKUP($A13,cuc!$A$2:$AA$2088,E$3,FALSE) -> 0 | F13: =VLOOKUP($A13,cuc!$A$2:$AA$2088,F$3,FALSE) -> 0 | G13: =VLOOKUP($A13,cuc!$A$2:$AA$2088,G$3,FALSE) -> 0 | H13: =VLOOKUP($A13,cuc!$A$2:$AA$2088,H$3,FALSE) -> 0
A14: 141115 | B14: =PROPER(VLOOKUP($A14,cuc!$A$2:$AA$2088,B$3,FALSE)) -> Categoría C Riesgo Apreciable | C14: =VLOOKUP($A14,cuc!$A$2:$AA$2088,C$3,FALSE) -> 0 | D14: =VLOOKUP($A14,cuc!$A$2:$AA$2088,D$3,FALSE) -> 0 | E14: =VLOOKUP($A14,cuc!$A$2:$AA$2088,E$3,FALSE) -> 0 | F14: =VLOOKUP($A14,cuc!$A$2:$AA$2088,F$3,FALSE) -> 0 | G14: =VLOOKUP($A14,cuc!$A$2:$AA$2088,G$3,FALSE) -> 0 | H14: =VLOOKUP($A14,cuc!$A$2:$AA$2088,H$3,FALSE) -> 0
A15: 141120 | B15: =PROPER(VLOOKUP($A15,cuc!$A$2:$AA$2088,B$3,FALSE)) -> Categoría D Riesgo Significativo | C15: =VLOOKUP($A15,cuc!$A$2:$AA$2088,C$3,FALSE) -> 0 | D15: =VLOOKUP($A15,cuc!$A$2:$AA$2088,D$3,FALSE) -> 0 | E15: =VLOOKUP($A15,cuc!$A$2:$AA$2088,E$3,FALSE) -> 0 | F15: =VLOOKUP($A15,cuc!$A$2:$AA$2088,F$3,FALSE) -> 0 | G15: =VLOOKUP($A15,cuc!$A$2:$AA$2088,G$3,FALSE) -> 0 | H15: =VLOOKUP($A15,cuc!$A$2:$AA$2088,H$3,FALSE) -> 0
A16: 141125 | B16: =PROPER(VLOOKUP($A16,cuc!$A$2:$AA$2088,B$3,FALSE)) -> Categoría E Riesgo De Incobrabilidad | C16: =VLOOKUP($A16,cuc!$A$2:$AA$2088,C$3,FALSE) -> 0 | D16: =VLOOKUP($A16,cuc!$A$2:$AA$2088,D$3,FALSE) -> 0 | E16: =VLOOKUP($A16,cuc!$A$2:$AA$2088,E$3,FALSE) -> 0 | F16: =VLOOKUP($A16,cuc!$A$2:$AA$2088,F$3,FALSE) -> 0 | G16: =VLOOKUP($A16,cuc!$A$2:$AA$2088,G$3,FALSE) -> 0 | H16: =VLOOKUP($A16,cuc!$A$2:$AA$2088,H$3,FALSE) -> 0
... A57: 831015 | B57: =PROPER(VLOOKUP($A57,cuc!$A$2:$AA$2088,B$3,FALSE)) -> Cartera De Crédito | C57: =VLOOKUP($A57,cuc!$A$2:$AA$2088,C$3,FALSE) -> 0 | D57: =VLOOKUP($A57,cuc!$A$2:$AA$2088,D$3,FALSE) -> 0 | E57: =VLOOKUP($A57,cuc!$A$2:$AA$2088,E$3,FALSE) -> 0 | F57: =VLOOKUP($A57,cuc!$A$2:$AA$2088,F$3,FALSE) -> 0 | G57: =VLOOKUP($A57,cuc!$A$2:$AA$2088,G$3,FALSE) -> 0 | H57: =VLOOKUP($A57,cuc!$A$2:$AA$2088,H$3,FALSE) -> 0
A58: Mora | C58: =+SUM(C5:C57) -> 98934121 | D58: =+SUM(D5:D57) -> 77720830 | E58: =+SUM(E5:E57) -> 156747622 | F58: =+SUM(F5:F57) -> 380396004 | G58: =+SUM(G5:G57) -> 186746611 | H58: =+SUM(H5:H57) -> 197574276
A60: Cuenta | B60: Descripción | C60: 42735 | D60: 43100 | E60: 43465 | F60: 43830 | G60: 44196 | H60: =+H4 -> Año 21 | BD60: 140400 | BE60: 140500 | BF60: 141100 | BG60: 141200 | BH60: 144100 | BI60: 144200 | BJ60: 144800 | BK60: 145400 | BL60: 145500 | BM60: 146100 | BN60: 146200 | BO60: 146900
A61: 140400 | B61: =PROPER(VLOOKUP($A61,cuc!$A$2:$AA$2088,B$3,FALSE)) -> Créditos De Vivienda - Con Libranza | C61: =VLOOKUP($A61,cuc!$A$2:$AA$2088,C$3,FALSE) -> 0 | D61: =VLOOKUP($A61,cuc!$A$2:$AA$2088,D$3,FALSE) -> 0 | E61: =VLOOKUP($A61,cuc!$A$2:$AA$2088,E$3,FALSE) -> 0 | F61: =VLOOKUP($A61,cuc!$A$2:$AA$2088,F$3,FALSE) -> 0 | G61: =VLOOKUP($A61,cuc!$A$2:$AA$2088,G$3,FALSE) -> 0 | H61: =VLOOKUP($A61,cuc!$A$2:$AA$2088,H$3,FALSE) -> 0
A62: 140500 | B62: =PROPER(VLOOKUP($A62,cuc!$A$2:$AA$2088,B$3,FALSE)) -> Créditos De Vivienda - Sin Libranza | C62: =VLOOKUP($A62,cuc!$A$2:$AA$2088,C$3,FALSE) -> 0 | D62: =VLOOKUP($A62,cuc!$A$2:$AA$2088,D$3,FALSE) -> 0 | E62: =VLOOKUP($A62,cuc!$A$2:$AA$2088,E$3,FALSE) -> 0 | F62: =VLOOKUP($A62,cuc!$A$2:$AA$2088,F$3,FALSE) -> 0 | G62: =VLOOKUP($A62,cuc!$A$2:$AA$2088,G$3,FALSE) -> 0 | H62: =VLOOKUP($A62,cuc!$A$2:$AA$2088,H$3,FALSE) -> 0
A63: 141100 | B63: =PROPER(VLOOKUP($A63,cuc!$A$2:$AA$2088,B$3,FALSE)) -> Créditos De Consumo, Garantía Admisible - Con Libranza | C63: =VLOOKUP($A63,cuc!$A$2:$AA$2088,C$3,FALSE) -> 161540530 | D63: =VLOOKUP($A63,cuc!$A$2:$AA$2088,D$3,FALSE) -> 241509145 | E63: =VLOOKUP($A63,cuc!$A$2:$AA$2088,E$3,FALSE) -> 203397009 | F63: =VLOOKUP($A63,cuc!$A$2:$AA$2088,F$3,FALSE) -> 204551039 | G63: =VLOOKUP($A63,cuc!$A$2:$AA$2088,G$3,FALSE) -> 180033115 | H63: =VLOOKUP($A63,cuc!$A$2:$AA$2088,H$3,FALSE) -> 81927467
A64: 141200 | B64: =PROPER(VLOOKUP($A64,cuc!$A$2:$AA$2088,B$3,FALSE)) -> Créditos De Consumo, Garantía Admisible - Sin Libranza | C64: =VLOOKUP($A64,cuc!$A$2:$AA$2088,C$3,FALSE) -> 0 | D64: =VLOOKUP($A64,cuc!$A$2:$AA$2088,D$3,FALSE) -> 131627603 | E64: =VLOOKUP($A64,cuc!$A$2:$AA$2088,E$3,FALSE) -> 104765869 | F64: =VLOOKUP($A64,cuc!$A$2:$AA$2088,F$3,FALSE) -> 68763468 | G64: =VLOOKUP($A64,cuc!$A$2:$AA$2088,G$3,FALSE) -> 43975760 | H64: =VLOOKUP($A64,cuc!$A$2:$AA$2088,H$3,FALSE) -> 52652671
A65: 144100 | B65: =PROPER(VLOOKUP($A65,cuc!$A$2:$AA$2088,B$3,FALSE)) -> Créditos De Consumo, Otras Garantías - Con Libranza | C65: =VLOOKUP($A65,cuc!$A$2:$AA$2088,C$3,FALSE) -> 7148865534 | D65: =VLOOKUP($A65,cuc!$A$2:$AA$2088,D$3,FALSE) -> 6884978581 | E65: =VLOOKUP($A65,cuc!$A$2:$AA$2088,E$3,FALSE) -> 7227878534 | F65: =VLOOKUP($A65,cuc!$A$2:$AA$2088,F$3,FALSE) -> 7234200875 | G65: =VLOOKUP($A65,cuc!$A$2:$AA$2088,G$3,FALSE) -> 8426521593 | H65: =VLOOKUP($A65,cuc!$A$2:$AA$2088,H$3,FALSE) -> 8598664247
A66: 144200 | B66: =PROPER(VLOOKUP($A66,cuc!$A$2:$AA$2088,B$3,FALSE)) -> Créditos De Consumo, Otras Garantías - Sin Libranza | C66: =VLOOKUP($A66,cuc!$A$2:$AA$2088,C$3,FALSE) -> 238559889 | D66: =VLOOKUP($A66,cuc!$A$2:$AA$2088,D$3,FALSE) -> 291597228 | E66: =VLOOKUP($A66,cuc!$A$2:$AA$2088,E$3,FALSE) -> 347116907 | F66: =VLOOKUP($A66,cuc!$A$2:$AA$2088,F$3,FALSE) -> 426027974 | G66: =VLOOKUP($A66,cuc!$A$2:$AA$2088,G$3,FALSE) -> 680802495 | H66: =VLOOKUP($A66,cuc!$A$2:$AA$2088,H$3,FALSE) -> 821675980
A67: 144800 | B67: =PROPER(VLOOKUP($A67,cuc!$A$2:$AA$2088,B$3,FALSE)) -> Microcrédito Inmobiliario | C67: =VLOOKUP($A67,cuc!$A$2:$AA$2088,C$3,FALSE) -> 0 | D67: =VLOOKUP($A67,cuc!$A$2:$AA$2088,D$3,FALSE) -> 0 | E67: =VLOOKUP($A67,cuc!$A$2:$AA$2088,E$3,FALSE) -> 0 | F67: =VLOOKUP($A67,cuc!$A$2:$AA$2088,F$3,FALSE) -> 0 | G67: =VLOOKUP($A67,cuc!$A$2:$AA$2088,G$3,FALSE) -> 0 | H67: =VLOOKUP($A67,cuc!$A$2:$AA$2088,H$3,FALSE) -> 0
A68: 145400 | B68: =PROPER(VLOOKUP($A68,cuc!$A$2:$AA$2088,B$3,FALSE)) -> Microcrédito Empresarial - Garantía Admisible | C68: =VLOOKUP($A68,cuc!$A$2:$AA$2088,C$3,FALSE) -> 0 | D68: =VLOOKUP($A68,cuc!$A$2:$AA$2088,D$3,FALSE) -> 0 | E68: =VLOOKUP($A68,cuc!$A$2:$AA$2088,E$3,FALSE) -> 0 | F68: =VLOOKUP($A68,cuc!$A$2:$AA$2088,F$3,FALSE) -> 0 | G68: =VLOOKUP($A68,cuc!$A$2:$AA$2088,G$3,FALSE) -> 0 | H68: =VLOOKUP($A68,cuc!$A$2:$AA$2088,H$3,FALSE) -> 0
A69: 145500 | B69: =PROPER(VLOOKUP($A69,cuc!$A$2:$AA$2088,B$3,FALSE)) -> Microcrédito Empresarial - Otras Garantías | C69: =VLOOKUP($A69,cuc!$A$2:$AA$2088,C$3,FALSE) -> 0 | D69: =VLOOKUP($A69,cuc!$A$2:$AA$2088,D$3,FALSE) -> 0 | E69: =VLOOKUP($A69,cuc!$A$2:$AA$2088,E$3,FALSE) -> 0 | F69: =VLOOKUP($A69,cuc!$A$2:$AA$2088,F$3,FALSE) -> 0 | G69: =VLOOKUP($A69,cuc!$A$2:$AA$2088,G$3,FALSE) -> 0 | H69: =VLOOKUP($A69,cuc!$A$2:$AA$2088,H$3,FALSE) -> 0
A70: 146100 | B70: =PROPER(VLOOKUP($A70,cuc!$A$2:$AA$2088,B$3,FALSE)) -> Créditos Comerciales - Garantía Admisible | C70: =VLOOKUP($A70,cuc!$A$2:$AA$2088,C$3,FALSE) -> 0 | D70: =VLOOKUP($A70,cuc!$A$2:$AA$2088,D$3,FALSE) -> 0 | E70: =VLOOKUP($A70,cuc!$A$2:$AA$2088,E$3,FALSE) -> 0 | F70: =VLOOKUP($A70,cuc!$A$2:$AA$2088,F$3,FALSE) -> 0 | G70: =VLOOKUP($A70,cuc!$A$2:$AA$2088,G$3,FALSE) -> 0 | H70: =VLOOKUP($A70,cuc!$A$2:$AA$2088,H$3,FALSE) -> 0
A71: 146200 | B71: =PROPER(VLOOKUP($A71,cuc!$A$2:$AA$2088,B$3,FALSE)) -> Créditos Comerciales - Otras Garantías | C71: =VLOOKUP($A71,cuc!$A$2:$AA$2088,C$3,FALSE) -> 0 | D71: =VLOOKUP($A71,cuc!$A$2:$AA$2088,D$3,FALSE) -> 0 | E71: =VLOOKUP($A71,cuc!$A$2:$AA$2088,E$3,FALSE) -> 0 | F71: =VLOOKUP($A71,cuc!$A$2:$AA$2088,F$3,FALSE) -> 0 | G71: =VLOOKUP($A71,cuc!$A$2:$AA$2088,G$3,FALSE) -> 0 | H71: =VLOOKUP($A71,cuc!$A$2:$AA$2088,H$3,FALSE) -> 0
A72: 146900 | B72: =PROPER(VLOOKUP($A72,cuc!$A$2:$AA$2088,B$3,FALSE)) -> CréDitos A Empleados | C72: =VLOOKUP($A72,cuc!$A$2:$AA$2088,C$3,FALSE) -> 0 | D72: =VLOOKUP($A72,cuc!$A$2:$AA$2088,D$3,FALSE) -> 0 | E72: =VLOOKUP($A72,cuc!$A$2:$AA$2088,E$3,FALSE) -> 0 | F72: =VLOOKUP($A72,cuc!$A$2:$AA$2088,F$3,FALSE) -> 0 | G72: =VLOOKUP($A72,cuc!$A$2:$AA$2088,G$3,FALSE) -> 0 | H72: =VLOOKUP($A72,cuc!$A$2:$AA$2088,H$3,FALSE) -> 0
A73: 831015 | B73: =PROPER(VLOOKUP($A73,cuc!$A$2:$AA$2088,B$3,FALSE)) -> Cartera De Crédito | C73: =VLOOKUP($A73,cuc!$A$2:$AA$2088,C$3,FALSE) -> 0 | D73: =VLOOKUP($A73,cuc!$A$2:$AA$2088,D$3,FALSE) -> 0 | E73: =VLOOKUP($A73,cuc!$A$2:$AA$2088,E$3,FALSE) -> 0 | F73: =VLOOKUP($A73,cuc!$A$2:$AA$2088,F$3,FALSE) -> 0 | G73: =VLOOKUP($A73,cuc!$A$2:$AA$2088,G$3,FALSE) -> 0 | H73: =VLOOKUP($A73,cuc!$A$2:$AA$2088,H$3,FALSE) -> 0
A74: Bruta | B74: Total | C74: =SUM(C61:C73) -> 7548965953 | D74: =SUM(D61:D73) -> 7549712557 | E74: =SUM(E61:E73) -> 7883158319 | F74: =SUM(F61:F73) -> 7933543356 | G74: =SUM(G61:G73) -> 9331332963 | H74: =SUM(H61:H73) -> 9554920365
B76: Descripcion | C76: =+C$4 -> Año 16 | D76: =+D$4 -> Año 17 | E76: =+E$4 -> Año 18 | F76: =+F$4 -> Año 19 | G76: =+G$4 -> Año 20 | H76: =+H$4 -> Año 21
B77: Cartera MORA / Cartera BRUTA | C77: =IFERROR(+C58/C74,0%) -> 0.013105652 | D77: =IFERROR(+D58/D74,0%) -> 0.010294542 | E77: =IFERROR(+E58/E74,0%) -> 0.019883861 | F77: =IFERROR(+F58/F74,0%) -> 0.047947807 | G77: =IFERROR(+G58/G74,0%) -> 0.020012855 | H77: =IFERROR(+H58/H74,0%) -> 0.020677752

Sheet 2. SARC - Calidad Cons sin LBZ
A1: Indicador | B1: Descripción Formula | C1: TIPO | D1: NOMBRE INDICADOR | E1: Descripcion Indicador
A2: RIESGO | B2: =+Indicadores!E3 -> Cartera Calificada en Categorías B, C, D y E "Consumo SL" / Cartera Bruta "Consumo SL" | C2: =+Indicadores!B3 -> Riesgo Credito | D2: =+Indicadores!C3 -> Indicador de cartera por Riesgo en Consumo sin Libranza | E2: =+Indicadores!D3 -> Calidad x Riesgo (B,C,D,E)
B3: 2 | C3: 3 | D3: 4 | E3: 5 | F3: 6 | G3: 7 | H3: 8
A4: Cuenta | B4: Descripcion | C4: Año 16 | D4: Año 17 | E4: Año 18 | F4: Año 19 | G4: Año 20 | H4: Año 21 | BC4: 140400 | BD4: 140500 | BE4: 141100 | BF4: 141200 | BG4: 144100 | BH4: 144200 | BI4: 144800 | BJ4: 145400 | BK4: 145500 | BL4: 146100 | BM4: 146200 | BN4: 146900
A5: 141210 | B5: =PROPER(VLOOKUP($A5,cuc!$A$2:$AA$2088,B$3,FALSE)) -> Categoría B Riesgo Aceptable | C5: =VLOOKUP($A5,cuc!$A$2:$AA$2088,C$3,FALSE) -> 0 | D5: =VLOOKUP($A5,cuc!$A$2:$AA$2088,D$3,FALSE) -> 0 | E5: =VLOOKUP($A5,cuc!$A$2:$AA$2088,E$3,FALSE) -> 0 | F5: =VLOOKUP($A5,cuc!$A$2:$AA$2088,F$3,FALSE) -> 0 | G5: =VLOOKUP($A5,cuc!$A$2:$AA$2088,G$3,FALSE) -> 0 | H5: =VLOOKUP($A5,cuc!$A$2:$AA$2088,H$3,FALSE) -> 0
A6: 141215 | B6: =PROPER(VLOOKUP($A6,cuc!$A$2:$AA$2088,B$3,FALSE)) -> Categoría C Riesgo Apreciable | C6: =VLOOKUP($A6,cuc!$A$2:$AA$2088,C$3,FALSE) -> 0 | D6: =VLOOKUP($A6,cuc!$A$2:$AA$2088,D$3,FALSE) -> 0 | E6: =VLOOKUP($A6,cuc!$A$2:$AA$2088,E$3,FALSE) -> 0 | F6: =VLOOKUP($A6,cuc!$A$2:$AA$2088,F$3,FALSE) -> 12769102 | G6: =VLOOKUP($A6,cuc!$A$2:$AA$2088,G$3,FALSE) -> 0 | H6: =VLOOKUP($A6,cuc!$A$2:$AA$2088,H$3,FALSE) -> 0
A7: 141220 | B7: =PROPER(VLOOKUP($A7,cuc!$A$2:$AA$2088,B$3,FALSE)) -> Categoría D Riesgo Significativo | C7: =VLOOKUP($A7,cuc!$A$2:$AA$2088,C$3,FALSE) -> 0 | D7: =VLOOKUP($A7,cuc!$A$2:$AA$2088,D$3,FALSE) -> 0 | E7: =VLOOKUP($A7,cuc!$A$2:$AA$2088,E$3,FALSE) -> 0 | F7: =VLOOKUP($A7,cuc!$A$2:$AA$2088,F$3,FALSE) -> 0 | G7: =VLOOKUP($A7,cuc!$A$2:$AA$2088,G$3,FALSE) -> 0 | H7: =VLOOKUP($A7,cuc!$A$2:$AA$2088,H$3,FALSE) -> 0
A8: 141225 | B8: =PROPER(VLOOKUP($A8,cuc!$A$2:$AA$2088,B$3,FALSE)) -> Categoría E Riesgo De Incobrabilidad | C8: =VLOOKUP($A8,cuc!$A$2:$AA$2088,C$3,FALSE) -> 0 | D8: =VLOOKUP($A8,cuc!$A$2:$AA$2088,D$3,FALSE) -> 0 | E8: =VLOOKUP($A8,cuc!$A$2:$AA$2088,E$3,FALSE) -> 0 | F8: =VLOOKUP($A8,cuc!$A$2:$AA$2088,F$3,FALSE) -> 0 | G8: =VLOOKUP($A8,cuc!$A$2:$AA$2088,G$3,FALSE) -> 0 | H8: =VLOOKUP($A8,cuc!$A$2:$AA$2088,H$3,FALSE) -> 0
A9: 144210 | B9: =PROPER(VLOOKUP($A9,cuc!$A$2:$AA$2088,B$3,FALSE)) -> Categoría B Riesgo Aceptable | C9: =VLOOKUP($A9,cuc!$A$2:$AA$2088,C$3,FALSE) -> 13522352 | D9: =VLOOKUP($A9,cuc!$A$2:$AA$2088,D$3,FALSE) -> 2627395 | E9: =VLOOKUP($A9,cuc!$A$2:$AA$2088,E$3,FALSE) -> 11869180 | F9: =VLOOKUP($A9,cuc!$A$2:$AA$2088,F$3,FALSE) -> 36265480 | G9: =VLOOKUP($A9,cuc!$A$2:$AA$2088,G$3,FALSE) -> 35188175 | H9: =VLOOKUP($A9,cuc!$A$2:$AA$2088,H$3,FALSE) -> 6984170
A10: 144215 | B10: =PROPER(VLOOKUP($A10,cuc!$A$2:$AA$2088,B$3,FALSE)) -> Categoría C Riesgo Apreciable | C10: =VLOOKUP($A10,cuc!$A$2:$AA$2088,C$3,FALSE) -> 2931814 | D10: =VLOOKUP($A10,cuc!$A$2:$AA$2088,D$3,FALSE) -> 5561914 | E10: =VLOOKUP($A10,cuc!$A$2:$AA$2088,E$3,FALSE) -> 13916762 | F10: =VLOOKUP($A10,cuc!$A$2:$AA$2088,F$3,FALSE) -> 8680530 | G10: =VLOOKUP($A10,cuc!$A$2:$AA$2088,G$3,FALSE) -> 32449057 | H10: =VLOOKUP($A10,cuc!$A$2:$AA$2088,H$3,FALSE) -> 44069683
A11: 144220 | B11: =PROPER(VLOOKUP($A11,cuc!$A$2:$AA$2088,B$3,FALSE)) -> Categoría D Riesgo Significativo | C11: =VLOOKUP($A11,cuc!$A$2:$AA$2088,C$3,FALSE) -> 7670180 | D11: =VLOOKUP($A11,cuc!$A$2:$AA$2088,D$3,FALSE) -> 8404650 | E11: =VLOOKUP($A11,cuc!$A$2:$AA$2088,E$3,FALSE) -> 12993585 | F11: =VLOOKUP($A11,cuc!$A$2:$AA$2088,F$3,FALSE) -> 12159429 | G11: =VLOOKUP($A11,cuc!$A$2:$AA$2088,G$3,FALSE) -> 41206350 | H11: =VLOOKUP($A11,cuc!$A$2:$AA$2088,H$3,FALSE) -> 35273002
A12: 144225 | B12: =PROPER(VLOOKUP($A12,cuc!$A$2:$AA$2088,B$3,FALSE)) -> Categoría E Riesgo De Incobrabilidad | C12: =VLOOKUP($A12,cuc!$A$2:$AA$2088,C$3,FALSE) -> 71285611 | D12: =VLOOKUP($A12,cuc!$A$2:$AA$2088,D$3,FALSE) -> 55672696 | E12: =VLOOKUP($A12,cuc!$A$2:$AA$2088,E$3,FALSE) -> 65474222 | F12: =VLOOKUP($A12,cuc!$A$2:$AA$2088,F$3,FALSE) -> 19676317 | G12: =VLOOKUP($A12,cuc!$A$2:$AA$2088,G$3,FALSE) -> 66637772 | H12: =VLOOKUP($A12,cuc!$A$2:$AA$2088,H$3,FALSE) -> 74840897
B13: Total MORA CONSUMO sin LBZ | C13: =+SUM(C5:C12) -> 95409957 | D13: =+SUM(D5:D12) -> 72266655 | E13: =+SUM(E5:E12) -> 104253749 | F13: =+SUM(F5:F12) -> 89550858 | G13: =+SUM(G5:G12) -> 175481354 | H13: =+SUM(H5:H12) -> 161167752
A15: Cuenta | B15: Descripción | C15: =+C$4 -> Año 16 | D15: =+D$4 -> Año 17 | E15: =+E$4 -> Año 18 | F15: =+F$4 -> Año 19 | G15: =+G$4 -> Año 20 | H15: =+H$4 -> Año 21 | BC15: 140400 | BD15: 140500 | BE15: 141100 | BF15: 141200 | BG15: 144100 | BH15: 144200 | BI15: 144800 | BJ15: 145400 | BK15: 145500 | BL15: 146100 | BM15: 146200 | BN15: 146900
A16: 141200 | B16: =PROPER(VLOOKUP($A16,cuc!$A$2:$AA$2088,B$3,FALSE)) -> Créditos De Consumo, Garantía Admisible - Sin Libranza | C16: =VLOOKUP($A16,cuc!$A$2:$AA$2088,C$3,FALSE) -> 0 | D16: =VLOOKUP($A16,cuc!$A$2:$AA$2088,D$3,FALSE) -> 131627603 | E16: =VLOOKUP($A16,cuc!$A$2:$AA$2088,E$3,FALSE) -> 104765869 | F16: =VLOOKUP($A16,cuc!$A$2:$AA$2088,F$3,FALSE) -> 68763468 | G16: =VLOOKUP($A16,cuc!$A$2:$AA$2088,G$3,FALSE) -> 43975760 | H16: =VLOOKUP($A16,cuc!$A$2:$AA$2088,H$3,FALSE) -> 52652671
A17: 144200 | B17: =PROPER(VLOOKUP($A17,cuc!$A$2:$AA$2088,B$3,FALSE)) -> Créditos De Consumo, Otras Garantías - Sin Libranza | C17: =VLOOKUP($A17,cuc!$A$2:$AA$2088,C$3,FALSE) -> 238559889 | D17: =VLOOKUP($A17,cuc!$A$2:$AA$2088,D$3,FALSE) -> 291597228 | E17: =VLOOKUP($A17,cuc!$A$2:$AA$2088,E$3,FALSE) -> 347116907 | F17: =VLOOKUP($A17,cuc!$A$2:$AA$2088,F$3,FALSE) -> 426027974 | G17: =VLOOKUP($A17,cuc!$A$2:$AA$2088,G$3,FALSE) -> 680802495 | H17: =VLOOKUP($A17,cuc!$A$2:$AA$2088,H$3,FALSE) -> 821675980
B18: Total BRUTA CONSUMO sin LBZ | C18: =SUM(C16:C17) -> 238559889 | D18: =SUM(D16:D17) -> 423224831 | E18: =SUM(E16:E17) -> 451882776 | F18: =SUM(F16:F17) -> 494791442 | G18: =SUM(G16:G17) -> 724778255 | H18: =SUM(H16:H17) -> 874328651
B20: Descripcion | C20: =+C$4 -> Año 16 | D20: =+D$4 -> Año 17 | E20: =+E$4 -> Año 18 | F20: =+F$4 -> Año 19 | G20: =+G$4 -> Año 20 | H20: =+H$4 -> Año 21
B21: Mora Consumo sin LBZ / Bruta Consumo sin LBZ | C21: =IFERROR(+C13/C18,0%) -> 0.39994132 | D21: =IFERROR(+D13/D18,0%) -> 0.1707524 | E21: =IFERROR(+E13/E18,0%) -> 0.23070972 | F21: =IFERROR(+F13/F18,0%) -> 0.18098708 | G21: =IFERROR(+G13/G18,0%) -> 0.2421173 | H21: =IFERROR(+H13/H18,0%) -> 0.18433315

Sheet 3. SARC - Calidad Cons LBZ
A1: Indicador | B1: Descripción Formula | C1: TIPO | D1: NOMBRE INDICADOR | E1: Descripcion Indicador
A2: RIESGO | B2: =+Indicadores!E4 -> Cartera Calificada en Categorías B, C, D y E "Consumo CL" / Cartera Bruta "Consumo CL" | C2: =+Indicadores!B4 -> Riesgo Credito | D2: =+Indicadores!C4 -> Indicador de cartera por Riesgo en Consumo con Libranza | E2: =+Indicadores!D4 -> Calidad x Riesgo (B,C,D,E)
B3: 2 | C3: 3 | D3: 4 | E3: 5 | F3: 6 | G3: 7 | H3: 8
A4: Cuenta | B4: Descripcion | C4: Año 16 | D4: Año 17 | E4: Año 18 | F4: Año 19 | G4: Año 20 | H4: Año 21
A5: 141110 | B5: =PROPER(VLOOKUP($A5,cuc!$A$2:$AA$2088,B$3,FALSE)) -> Categoría B Riesgo Aceptable | C5: =VLOOKUP($A5,cuc!$A$2:$AA$2088,C$3,FALSE) -> 0 | D5: =VLOOKUP($A5,cuc!$A$2:$AA$2088,D$3,FALSE) -> 0 | E5: =VLOOKUP($A5,cuc!$A$2:$AA$2088,E$3,FALSE) -> 0 | F5: =VLOOKUP($A5,cuc!$A$2:$AA$2088,F$3,FALSE) -> 0 | G5: =VLOOKUP($A5,cuc!$A$2:$AA$2088,G$3,FALSE) -> 0 | H5: =VLOOKUP($A5,cuc!$A$2:$AA$2088,H$3,FALSE) -> 0
A6: 141115 | B6: =PROPER(VLOOKUP($A6,cuc!$A$2:$AA$2088,B$3,FALSE)) -> Categoría C Riesgo Apreciable | C6: =VLOOKUP($A6,cuc!$A$2:$AA$2088,C$3,FALSE) -> 0 | D6: =VLOOKUP($A6,cuc!$A$2:$AA$2088,D$3,FALSE) -> 0 | E6: =VLOOKUP($A6,cuc!$A$2:$AA$2088,E$3,FALSE) -> 0 | F6: =VLOOKUP($A6,cuc!$A$2:$AA$2088,F$3,FALSE) -> 0 | G6: =VLOOKUP($A6,cuc!$A$2:$AA$2088,G$3,FALSE) -> 0 | H6: =VLOOKUP($A6,cuc!$A$2:$AA$2088,H$3,FALSE) -> 0
A7: 141120 | B7: =PROPER(VLOOKUP($A7,cuc!$A$2:$AA$2088,B$3,FALSE)) -> Categoría D Riesgo Significativo | C7: =VLOOKUP($A7,cuc!$A$2:$AA$2088,C$3,FALSE) -> 0 | D7: =VLOOKUP($A7,cuc!$A$2:$AA$2088,D$3,FALSE) -> 0 | E7: =VLOOKUP($A7,cuc!$A$2:$AA$2088,E$3,FALSE) -> 0 | F7: =VLOOKUP($A7,cuc!$A$2:$AA$2088,F$3,FALSE) -> 0 | G7: =VLOOKUP($A7,cuc!$A$2:$AA$2088,G$3,FALSE) -> 0 | H7: =VLOOKUP($A7,cuc!$A$2:$AA$2088,H$3,FALSE) -> 0
A8: 141125 | B8: =PROPER(VLOOKUP($A8,cuc!$A$2:$AA$2088,B$3,FALSE)) -> Categoría E Riesgo De Incobrabilidad | C8: =VLOOKUP($A8,cuc!$A$2:$AA$2088,C$3,FALSE) -> 0 | D8: =VLOOKUP($A8,cuc!$A$2:$AA$2088,D$3,FALSE) -> 0 | E8: =VLOOKUP($A8,cuc!$A$2:$AA$2088,E$3,FALSE) -> 0 | F8: =VLOOKUP($A8,cuc!$A$2:$AA$2088,F$3,FALSE) -> 0 | G8: =VLOOKUP($A8,cuc!$A$2:$AA$2088,G$3,FALSE) -> 0 | H8: =VLOOKUP($A8,cuc!$A$2:$AA$2088,H$3,FALSE) -> 0
A9: 144110 | B9: =PROPER(VLOOKUP($A9,cuc!$A$2:$AA$2088,B$3,FALSE)) -> Categoría B Riesgo Aceptable | C9: =VLOOKUP($A9,cuc!$A$2:$AA$2088,C$3,FALSE) -> 0 | D9: =VLOOKUP($A9,cuc!$A$2:$AA$2088,D$3,FALSE) -> 0 | E9: =VLOOKUP($A9,cuc!$A$2:$AA$2088,E$3,FALSE) -> 12800111 | F9: =VLOOKUP($A9,cuc!$A$2:$AA$2088,F$3,FALSE) -> 256307909 | G9: =VLOOKUP($A9,cuc!$A$2:$AA$2088,G$3,FALSE) -> 975812 | H9: =VLOOKUP($A9,cuc!$A$2:$AA$2088,H$3,FALSE) -> 14209685
A10: 144115 | B10: =PROPER(VLOOKUP($A10,cuc!$A$2:$AA$2088,B$3,FALSE)) -> Categoría C Riesgo Apreciable | C10: =VLOOKUP($A10,cuc!$A$2:$AA$2088,C$3,FALSE) -> 0 | D10: =VLOOKUP($A10,cuc!$A$2:$AA$2088,D$3,FALSE) -> 0 | E10: =VLOOKUP($A10,cuc!$A$2:$AA$2088,E$3,FALSE) -> 6740845 | F10: =VLOOKUP($A10,cuc!$A$2:$AA$2088,F$3,FALSE) -> 34537237 | G10: =VLOOKUP($A10,cuc!$A$2:$AA$2088,G$3,FALSE) -> 0 | H10: =VLOOKUP($A10,cuc!$A$2:$AA$2088,H$3,FALSE) -> 0
A11: 144120 | B11: =PROPER(VLOOKUP($A11,cuc!$A$2:$AA$2088,B$3,FALSE)) -> Categoría D Riesgo Significativo | C11: =VLOOKUP($A11,cuc!$A$2:$AA$2088,C$3,FALSE) -> 112615 | D11: =VLOOKUP($A11,cuc!$A$2:$AA$2088,D$3,FALSE) -> 2042626 | E11: =VLOOKUP($A11,cuc!$A$2:$AA$2088,E$3,FALSE) -> 27224362 | F11: =VLOOKUP($A11,cuc!$A$2:$AA$2088,F$3,FALSE) -> 0 | G11: =VLOOKUP($A11,cuc!$A$2:$AA$2088,G$3,FALSE) -> 0 | H11: =VLOOKUP($A11,cuc!$A$2:$AA$2088,H$3,FALSE) -> 16101939
A12: 144125 | B12: =PROPER(VLOOKUP($A12,cuc!$A$2:$AA$2088,B$3,FALSE)) -> Categoría E Riesgo De Incobrabilidad | C12: =VLOOKUP($A12,cuc!$A$2:$AA$2088,C$3,FALSE) -> 3411549 | D12: =VLOOKUP($A12,cuc!$A$2:$AA$2088,D$3,FALSE) -> 3411549 | E12: =VLOOKUP($A12,cuc!$A$2:$AA$2088,E$3,FALSE) -> 5728555 | F12: =VLOOKUP($A12,cuc!$A$2:$AA$2088,F$3,FALSE) -> 0 | G12: =VLOOKUP($A12,cuc!$A$2:$AA$2088,G$3,FALSE) -> 10289445 | H12: =VLOOKUP($A12,cuc!$A$2:$AA$2088,H$3,FALSE) -> 6094900
A13: 146935 | B13: =PROPER(VLOOKUP($A13,cuc!$A$2:$AA$2088,B$3,FALSE)) -> Categoría B Riesgo Aceptable, Consumo | C13: =VLOOKUP($A13,cuc!$A$2:$AA$2088,C$3,FALSE) -> 0 | D13: =VLOOKUP($A13,cuc!$A$2:$AA$2088,D$3,FALSE) -> 0 | E13: =VLOOKUP($A13,cuc!$A$2:$AA$2088,E$3,FALSE) -> 0 | F13: =VLOOKUP($A13,cuc!$A$2:$AA$2088,F$3,FALSE) -> 0 | G13: =VLOOKUP($A13,cuc!$A$2:$AA$2088,G$3,FALSE) -> 0 | H13: =VLOOKUP($A13,cuc!$A$2:$AA$2088,H$3,FALSE) -> 0
A14: 146940 | B14: =PROPER(VLOOKUP($A14,cuc!$A$2:$AA$2088,B$3,FALSE)) -> Categoría C Riesgo Apreciable, Consumo | C14: =VLOOKUP($A14,cuc!$A$2:$AA$2088,C$3,FALSE) -> 0 | D14: =VLOOKUP($A14,cuc!$A$2:$AA$2088,D$3,FALSE) -> 0 | E14: =VLOOKUP($A14,cuc!$A$2:$AA$2088,E$3,FALSE) -> 0 | F14: =VLOOKUP($A14,cuc!$A$2:$AA$2088,F$3,FALSE) -> 0 | G14: =VLOOKUP($A14,cuc!$A$2:$AA$2088,G$3,FALSE) -> 0 | H14: =VLOOKUP($A14,cuc!$A$2:$AA$2088,H$3,FALSE) -> 0
A15: 146945 | B15: =PROPER(VLOOKUP($A15,cuc!$A$2:$AA$2088,B$3,FALSE)) -> Categoría D Riesgo Significativo, Consumo | C15: =VLOOKUP($A15,cuc!$A$2:$AA$2088,C$3,FALSE) -> 0 | D15: =VLOOKUP($A15,cuc!$A$2:$AA$2088,D$3,FALSE) -> 0 | E15: =VLOOKUP($A15,cuc!$A$2:$AA$2088,E$3,FALSE) -> 0 | F15: =VLOOKUP($A15,cuc!$A$2:$AA$2088,F$3,FALSE) -> 0 | G15: =VLOOKUP($A15,cuc!$A$2:$AA$2088,G$3,FALSE) -> 0 | H15: =VLOOKUP($A15,cuc!$A$2:$AA$2088,H$3,FALSE) -> 0
A16: 146950 | B16: =PROPER(VLOOKUP($A16,cuc!$A$2:$AA$2088,B$3,FALSE)) -> Categoría E Riesgo De Incobrabilidad, Consumo | C16: =VLOOKUP($A16,cuc!$A$2:$AA$2088,C$3,FALSE) -> 0 | D16: =VLOOKUP($A16,cuc!$A$2:$AA$2088,D$3,FALSE) -> 0 | E16: =VLOOKUP($A16,cuc!$A$2:$AA$2088,E$3,FALSE) -> 0 | F16: =VLOOKUP($A16,cuc!$A$2:$AA$2088,F$3,FALSE) -> 0 | G16: =VLOOKUP($A16,cuc!$A$2:$AA$2088,G$3,FALSE) -> 0 | H16: =VLOOKUP($A16,cuc!$A$2:$AA$2088,H$3,FALSE) -> 0
B17: Total MORA CONSUMO sin LBZ | C17: =+SUM(C5:C16) -> 3524164 | D17: =+SUM(D5:D16) -> 5454175 | E17: =+SUM(E5:E16) -> 52493873 | F17: =+SUM(F5:F16) -> 290845146 | G17: =+SUM(G5:G16) -> 11265257 | H17: =+SUM(H5:H16) -> 36406524
A19: Cuenta | B19: Descripción | C19: =+C$4 -> Año 16 | D19: =+D$4 -> Año 17 | E19: =+E$4 -> Año 18 | F19: =+F$4 -> Año 19 | G19: =+G$4 -> Año 20 | H19: =+H$4 -> Año 21
A20: 141100 | B20: =PROPER(VLOOKUP($A20,cuc!$A$2:$AA$2088,B$3,FALSE)) -> Créditos De Consumo, Garantía Admisible - Con Libranza | C20: =VLOOKUP($A20,cuc!$A$2:$AA$2088,C$3,FALSE) -> 161540530 | D20: =VLOOKUP($A20,cuc!$A$2:$AA$2088,D$3,FALSE) -> 241509145 | E20: =VLOOKUP($A20,cuc!$A$2:$AA$2088,E$3,FALSE) -> 203397009 | F20: =VLOOKUP($A20,cuc!$A$2:$AA$2088,F$3,FALSE) -> 204551039 | G20: =VLOOKUP($A20,cuc!$A$2:$AA$2088,G$3,FALSE) -> 180033115 | H20: =VLOOKUP($A20,cuc!$A$2:$AA$2088,H$3,FALSE) -> 81927467
A21: 144100 | B21: =PROPER(VLOOKUP($A21,cuc!$A$2:$AA$2088,B$3,FALSE)) -> Créditos De Consumo, Otras Garantías - Con Libranza | C21: =VLOOKUP($A21,cuc!$A$2:$AA$2088,C$3,FALSE) -> 7148865534 | D21: =VLOOKUP($A21,cuc!$A$2:$AA$2088,D$3,FALSE) -> 6884978581 | E21: =VLOOKUP($A21,cuc!$A$2:$AA$2088,E$3,FALSE) -> 7227878534 | F21: =VLOOKUP($A21,cuc!$A$2:$AA$2088,F$3,FALSE) -> 7234200875 | G21: =VLOOKUP($A21,cuc!$A$2:$AA$2088,G$3,FALSE) -> 8426521593 | H21: =VLOOKUP($A21,cuc!$A$2:$AA$2088,H$3,FALSE) -> 8598664247
A22: 146930 | B22: =PROPER(VLOOKUP($A22,cuc!$A$2:$AA$2088,B$3,FALSE)) -> Categoría A Riesgo Normal, Consumo | C22: =VLOOKUP($A22,cuc!$A$2:$AA$2088,C$3,FALSE) -> 0 | D22: =VLOOKUP($A22,cuc!$A$2:$AA$2088,D$3,FALSE) -> 0 | E22: =VLOOKUP($A22,cuc!$A$2:$AA$2088,E$3,FALSE) -> 0 | F22: =VLOOKUP($A22,cuc!$A$2:$AA$2088,F$3,FALSE) -> 0 | G22: =VLOOKUP($A22,cuc!$A$2:$AA$2088,G$3,FALSE) -> 0 | H22: =VLOOKUP($A22,cuc!$A$2:$AA$2088,H$3,FALSE) -> 0
A23: 146935 | B23: =PROPER(VLOOKUP($A23,cuc!$A$2:$AA$2088,B$3,FALSE)) -> Categoría B Riesgo Aceptable, Consumo | C23: =VLOOKUP($A23,cuc!$A$2:$AA$2088,C$3,FALSE) -> 0 | D23: =VLOOKUP($A23,cuc!$A$2:$AA$2088,D$3,FALSE) -> 0 | E23: =VLOOKUP($A23,cuc!$A$2:$AA$2088,E$3,FALSE) -> 0 | F23: =VLOOKUP($A23,cuc!$A$2:$AA$2088,F$3,FALSE) -> 0 | G23: =VLOOKUP($A23,cuc!$A$2:$AA$2088,G$3,FALSE) -> 0 | H23: =VLOOKUP($A23,cuc!$A$2:$AA$2088,H$3,FALSE) -> 0
A24: 146940 | B24: =PROPER(VLOOKUP($A24,cuc!$A$2:$AA$2088,B$3,FALSE)) -> Categoría C Riesgo Apreciable, Consumo | C24: =VLOOKUP($A24,cuc!$A$2:$AA$2088,C$3,FALSE) -> 0 | D24: =VLOOKUP($A24,cuc!$A$2:$AA$2088,D$3,FALSE) -> 0 | E24: =VLOOKUP($A24,cuc!$A$2:$AA$2088,E$3,FALSE) -> 0 | F24: =VLOOKUP($A24,cuc!$A$2:$AA$2088,F$3,FALSE) -> 0 | G24: =VLOOKUP($A24,cuc!$A$2:$AA$2088,G$3,FALSE) -> 0 | H24: =VLOOKUP($A24,cuc!$A$2:$AA$2088,H$3,FALSE) -> 0
A25: 146945 | B25: =PROPER(VLOOKUP($A25,cuc!$A$2:$AA$2088,B$3,FALSE)) -> Categoría D Riesgo Significativo, Consumo | C25: =VLOOKUP($A25,cuc!$A$2:$AA$2088,C$3,FALSE) -> 0 | D25: =VLOOKUP($A25,cuc!$A$2:$AA$2088,D$3,FALSE) -> 0 | E25: =VLOOKUP($A25,cuc!$A$2:$AA$2088,E$3,FALSE) -> 0 | F25: =VLOOKUP($A25,cuc!$A$2:$AA$2088,F$3,FALSE) -> 0 | G25: =VLOOKUP($A25,cuc!$A$2:$AA$2088,G$3,FALSE) -> 0 | H25: =VLOOKUP($A25,cuc!$A$2:$AA$2088,H$3,FALSE) -> 0
A26: 146950 | B26: =PROPER(VLOOKUP($A26,cuc!$A$2:$AA$2088,B$3,FALSE)) -> Categoría E Riesgo De Incobrabilidad, Consumo | C26: =VLOOKUP($A26,cuc!$A$2:$AA$2088,C$3,FALSE) -> 0 | D26: =VLOOKUP($A26,cuc!$A$2:$AA$2088,D$3,FALSE) -> 0 | E26: =VLOOKUP($A26,cuc!$A$2:$AA$2088,E$3,FALSE) -> 0 | F26: =VLOOKUP($A26,cuc!$A$2:$AA$2088,F$3,FALSE) -> 0 | G26: =VLOOKUP($A26,cuc!$A$2:$AA$2088,G$3,FALSE) -> 0 | H26: =VLOOKUP($A26,cuc!$A$2:$AA$2088,H$3,FALSE) -> 0
B27: Total BRUTA CONSUMO sin LBZ | C27: =SUM(C20:C26) -> 7310406064 | D27: =SUM(D20:D26) -> 7126487726 | E27: =SUM(E20:E26) -> 7431275543 | F27: =SUM(F20:F26) -> 7438751914 | G27: =SUM(G20:G26) -> 8606554708 | H27: =SUM(H20:H26) -> 8680591714
B29: Descripcion | C29: =+C$4 -> Año 16 | D29: =+D$4 -> Año 17 | E29: =+E$4 -> Año 18 | F29: =+F$4 -> Año 19 | G29: =+G$4 -> Año 20 | H29: =+H$4 -> Año 21
B30: Mora Consumo LBZ / Bruta Consumo LBZ | C30: =IFERROR(+C17/C27,0%) -> 0.000482075 | D30: =IFERROR(+D17/D27,0%) -> 0.00076533844 | E30: =IFERROR(+E17/E27,0%) -> 0.0070639115 | F30: =IFERROR(+F17/F27,0%) -> 0.039098648 | G30: =IFERROR(+G17/G27,0%) -> 0.001308916 | H30: =IFERROR(+H17/H27,0%) -> 0.0041940141

Sheet 4. SARC - Calidad Comercial
A1: Indicador | B1: Descripción Formula | C1: TIPO | D1: NOMBRE INDICADOR | E1: Descripcion Indicador
A2: RIESGO | B2: =+Indicadores!E5 -> Cartera Calificada en Categorías B, C, D y E "Comercial" / Cartera Bruta "Comercial" | C2: =+Indicadores!B5 -> Riesgo Credito | D2: =+Indicadores!C5 -> Indicador de cartera por Riesgo en Comercial | E2: =+Indicadores!D5 -> Calidad x Riesgo (B,C,D,E)
B3: 2 | C3: 3 | D3: 4 | E3: 5 | F3: 6 | G3: 7 | H3: 8
A4: Cuenta | B4: Descripcion | C4: Año 16 | D4: Año 17 | E4: Año 18 | F4: Año 19 | G4: Año 20 | H4: Año 21
A5: 146110 | B5: =PROPER(VLOOKUP($A5,cuc!$A$2:$AA$2088,B$3,FALSE)) -> Categoría B Riesgo Aceptable | C5: =VLOOKUP($A5,cuc!$A$2:$AA$2088,C$3,FALSE) -> 0 | D5: =VLOOKUP($A5,cuc!$A$2:$AA$2088,D$3,FALSE) -> 0 | E5: =VLOOKUP($A5,cuc!$A$2:$AA$2088,E$3,FALSE) -> 0 | F5: =VLOOKUP($A5,cuc!$A$2:$AA$2088,F$3,FALSE) -> 0 | G5: =VLOOKUP($A5,cuc!$A$2:$AA$2088,G$3,FALSE) -> 0 | H5: =VLOOKUP($A5,cuc!$A$2:$AA$2088,H$3,FALSE) -> 0
A6: 146210 | B6: =PROPER(VLOOKUP($A6,cuc!$A$2:$AA$2088,B$3,FALSE)) -> Categoría B Riesgo Aceptable | C6: =VLOOKUP($A6,cuc!$A$2:$AA$2088,C$3,FALSE) -> 0 | D6: =VLOOKUP($A6,cuc!$A$2:$AA$2088,D$3,FALSE) -> 0 | E6: =VLOOKUP($A6,cuc!$A$2:$AA$2088,E$3,FALSE) -> 0 | F6: =VLOOKUP($A6,cuc!$A$2:$AA$2088,F$3,FALSE) -> 0 | G6: =VLOOKUP($A6,cuc!$A$2:$AA$2088,G$3,FALSE) -> 0 | H6: =VLOOKUP($A6,cuc!$A$2:$AA$2088,H$3,FALSE) -> 0
A7: 146115 | B7: =PROPER(VLOOKUP($A7,cuc!$A$2:$AA$2088,B$3,FALSE)) -> Categoría C Riesgo Apreciable | C7: =VLOOKUP($A7,cuc!$A$2:$AA$2088,C$3,FALSE) -> 0 | D7: =VLOOKUP($A7,cuc!$A$2:$AA$2088,D$3,FALSE) -> 0 | E7: =VLOOKUP($A7,cuc!$A$2:$AA$2088,E$3,FALSE) -> 0 | F7: =VLOOKUP($A7,cuc!$A$2:$AA$2088,F$3,FALSE) -> 0 | G7: =VLOOKUP($A7,cuc!$A$2:$AA$2088,G$3,FALSE) -> 0 | H7: =VLOOKUP($A7,cuc!$A$2:$AA$2088,H$3,FALSE) -> 0
A8: 146215 | B8: =PROPER(VLOOKUP($A8,cuc!$A$2:$AA$2088,B$3,FALSE)) -> Categoría C Riesgo Apreciable | C8: =VLOOKUP($A8,cuc!$A$2:$AA$2088,C$3,FALSE) -> 0 | D8: =VLOOKUP($A8,cuc!$A$2:$AA$2088,D$3,FALSE) -> 0 | E8: =VLOOKUP($A8,cuc!$A$2:$AA$2088,E$3,FALSE) -> 0 | F8: =VLOOKUP($A8,cuc!$A$2:$AA$2088,F$3,FALSE) -> 0 | G8: =VLOOKUP($A8,cuc!$A$2:$AA$2088,G$3,FALSE) -> 0 | H8: =VLOOKUP($A8,cuc!$A$2:$AA$2088,H$3,FALSE) -> 0
A9: 146120 | B9: =PROPER(VLOOKUP($A9,cuc!$A$2:$AA$2088,B$3,FALSE)) -> Categoría D Riesgo Significativo | C9: =VLOOKUP($A9,cuc!$A$2:$AA$2088,C$3,FALSE) -> 0 | D9: =VLOOKUP($A9,cuc!$A$2:$AA$2088,D$3,FALSE) -> 0 | E9: =VLOOKUP($A9,cuc!$A$2:$AA$2088,E$3,FALSE) -> 0 | F9: =VLOOKUP($A9,cuc!$A$2:$AA$2088,F$3,FALSE) -> 0 | G9: =VLOOKUP($A9,cuc!$A$2:$AA$2088,G$3,FALSE) -> 0 | H9: =VLOOKUP($A9,cuc!$A$2:$AA$2088,H$3,FALSE) -> 0
A10: 146220 | B10: =PROPER(VLOOKUP($A10,cuc!$A$2:$AA$2088,B$3,FALSE)) -> Categoría D Riesgo Significativo | C10: =VLOOKUP($A10,cuc!$A$2:$AA$2088,C$3,FALSE) -> 0 | D10: =VLOOKUP($A10,cuc!$A$2:$AA$2088,D$3,FALSE) -> 0 | E10: =VLOOKUP($A10,cuc!$A$2:$AA$2088,E$3,FALSE) -> 0 | F10: =VLOOKUP($A10,cuc!$A$2:$AA$2088,F$3,FALSE) -> 0 | G10: =VLOOKUP($A10,cuc!$A$2:$AA$2088,G$3,FALSE) -> 0 | H10: =VLOOKUP($A10,cuc!$A$2:$AA$2088,H$3,FALSE) -> 0
A11: 146125 | B11: =PROPER(VLOOKUP($A11,cuc!$A$2:$AA$2088,B$3,FALSE)) -> Categoría E Riesgo De Incobrabilidad | C11: =VLOOKUP($A11,cuc!$A$2:$AA$2088,C$3,FALSE) -> 0 | D11: =VLOOKUP($A11,cuc!$A$2:$AA$2088,D$3,FALSE) -> 0 | E11: =VLOOKUP($A11,cuc!$A$2:$AA$2088,E$3,FALSE) -> 0 | F11: =VLOOKUP($A11,cuc!$A$2:$AA$2088,F$3,FALSE) -> 0 | G11: =VLOOKUP($A11,cuc!$A$2:$AA$2088,G$3,FALSE) -> 0 | H11: =VLOOKUP($A11,cuc!$A$2:$AA$2088,H$3,FALSE) -> 0
A12: 146225 | B12: =PROPER(VLOOKUP($A12,cuc!$A$2:$AA$2088,B$3,FALSE)) -> Categoría E Riesgo De Incobrabilidad | C12: =VLOOKUP($A12,cuc!$A$2:$AA$2088,C$3,FALSE) -> 0 | D12: =VLOOKUP($A12,cuc!$A$2:$AA$2088,D$3,FALSE) -> 0 | E12: =VLOOKUP($A12,cuc!$A$2:$AA$2088,E$3,FALSE) -> 0 | F12: =VLOOKUP($A12,cuc!$A$2:$AA$2088,F$3,FALSE) -> 0 | G12: =VLOOKUP($A12,cuc!$A$2:$AA$2088,G$3,FALSE) -> 0 | H12: =VLOOKUP($A12,cuc!$A$2:$AA$2088,H$3,FALSE) -> 0
B13: Total MORA COMERCIAL | C13: =+SUM(C5:C12) -> 0 | D13: =+SUM(D5:D12) -> 0 | E13: =+SUM(E5:E12) -> 0 | F13: =+SUM(F5:F12) -> 0 | G13: =+SUM(G5:G12) -> 0 | H13: =+SUM(H5:H12) -> 0
A15: Cuenta | B15: Descripción | C15: =+C$4 -> Año 16 | D15: =+D$4 -> Año 17 | E15: =+E$4 -> Año 18 | F15: =+F$4 -> Año 19 | G15: =+G$4 -> Año 20 | H15: =+H$4 -> Año 21
A16: 146100 | B16: =PROPER(VLOOKUP($A16,cuc!$A$2:$AA$2088,B$3,FALSE)) -> Créditos Comerciales - Garantía Admisible | C16: =VLOOKUP($A16,cuc!$A$2:$AA$2088,C$3,FALSE) -> 0 | D16: =VLOOKUP($A16,cuc!$A$2:$AA$2088,D$3,FALSE) -> 0 | E16: =VLOOKUP($A16,cuc!$A$2:$AA$2088,E$3,FALSE) -> 0 | F16: =VLOOKUP($A16,cuc!$A$2:$AA$2088,F$3,FALSE) -> 0 | G16: =VLOOKUP($A16,cuc!$A$2:$AA$2088,G$3,FALSE) -> 0 | H16: =VLOOKUP($A16,cuc!$A$2:$AA$2088,H$3,FALSE) -> 0
A17: 146200 | B17: =PROPER(VLOOKUP($A17,cuc!$A$2:$AA$2088,B$3,FALSE)) -> Créditos Comerciales - Otras Garantías | C17: =VLOOKUP($A17,cuc!$A$2:$AA$2088,C$3,FALSE) -> 0 | D17: =VLOOKUP($A17,cuc!$A$2:$AA$2088,D$3,FALSE) -> 0 | E17: =VLOOKUP($A17,cuc!$A$2:$AA$2088,E$3,FALSE) -> 0 | F17: =VLOOKUP($A17,cuc!$A$2:$AA$2088,F$3,FALSE) -> 0 | G17: =VLOOKUP($A17,cuc!$A$2:$AA$2088,G$3,FALSE) -> 0 | H17: =VLOOKUP($A17,cuc!$A$2:$AA$2088,H$3,FALSE) -> 0
B18: Total BRUTA COMERCIAL | C18: =SUM(C16:C17) -> 0 | D18: =SUM(D16:D17) -> 0 | E18: =SUM(E16:E17) -> 0 | F18: =SUM(F16:F17) -> 0 | G18: =SUM(G16:G17) -> 0 | H18: =SUM(H16:H17) -> 0
B20: Descripcion | C20: =+C$4 -> Año 16 | D20: =+D$4 -> Año 17 | E20: =+E$4 -> Año 18 | F20: =+F$4 -> Año 19 | G20: =+G$4 -> Año 20 | H20: =+H$4 -> Año 21
B21: Mora CCIAL / Bruta CCIAL | C21: =IFERROR(+C13/C18,0%) -> 0 | D21: =IFERROR(+D13/D18,0%) -> 0 | E21: =IFERROR(+E13/E18,0%) -> 0 | F21: =IFERROR(+F13/F18,0%) -> 0 | G21: =IFERROR(+G13/G18,0%) -> 0 | H21: =IFERROR(+H13/H18,0%) -> 0

Sheet 5. SARC - Calidad MICRO
A1: Indicador | B1: Descripción Formula | C1: TIPO | D1: NOMBRE INDICADOR | E1: Descripcion Indicador
A2: RIESGO | B2: =+Indicadores!E6 -> Cartera Calificada en Categorías B, C, D y E "Microcredito" / Cartera Bruta "Microcredito" | C2: =+Indicadores!B6 -> Riesgo Credito | D2: =+Indicadores!C6 -> Indicador de cartera por Riesgo en Microcrédito | E2: =+Indicadores!D6 -> Calidad x Riesgo (B,C,D,E)
B3: 2 | C3: 3 | D3: 4 | E3: 5 | F3: 6 | G3: 7 | H3: 8
A4: Cuenta | B4: Descripcion | C4: Año 16 | D4: Año 17 | E4: Año 18 | F4: Año 19 | G4: Año 20 | H4: Año 21
A5: 146110 | B5: =PROPER(VLOOKUP($A5,cuc!$A$2:$AA$2088,B$3,FALSE)) -> Categoría B Riesgo Aceptable | C5: =VLOOKUP($A5,cuc!$A$2:$AA$2088,C$3,FALSE) -> 0 | D5: =VLOOKUP($A5,cuc!$A$2:$AA$2088,D$3,FALSE) -> 0 | E5: =VLOOKUP($A5,cuc!$A$2:$AA$2088,E$3,FALSE) -> 0 | F5: =VLOOKUP($A5,cuc!$A$2:$AA$2088,F$3,FALSE) -> 0 | G5: =VLOOKUP($A5,cuc!$A$2:$AA$2088,G$3,FALSE) -> 0 | H5: =VLOOKUP($A5,cuc!$A$2:$AA$2088,H$3,FALSE) -> 0
A6: 144810 | B6: =PROPER(VLOOKUP($A6,cuc!$A$2:$AA$2088,B$3,FALSE)) -> Categoría B Riesgo Aceptable | C6: =VLOOKUP($A6,cuc!$A$2:$AA$2088,C$3,FALSE) -> 0 | D6: =VLOOKUP($A6,cuc!$A$2:$AA$2088,D$3,FALSE) -> 0 | E6: =VLOOKUP($A6,cuc!$A$2:$AA$2088,E$3,FALSE) -> 0 | F6: =VLOOKUP($A6,cuc!$A$2:$AA$2088,F$3,FALSE) -> 0 | G6: =VLOOKUP($A6,cuc!$A$2:$AA$2088,G$3,FALSE) -> 0 | H6: =VLOOKUP($A6,cuc!$A$2:$AA$2088,H$3,FALSE) -> 0
A7: 144815 | B7: =PROPER(VLOOKUP($A7,cuc!$A$2:$AA$2088,B$3,FALSE)) -> Categoría C Riesgo Apreciable | C7: =VLOOKUP($A7,cuc!$A$2:$AA$2088,C$3,FALSE) -> 0 | D7: =VLOOKUP($A7,cuc!$A$2:$AA$2088,D$3,FALSE) -> 0 | E7: =VLOOKUP($A7,cuc!$A$2:$AA$2088,E$3,FALSE) -> 0 | F7: =VLOOKUP($A7,cuc!$A$2:$AA$2088,F$3,FALSE) -> 0 | G7: =VLOOKUP($A7,cuc!$A$2:$AA$2088,G$3,FALSE) -> 0 | H7: =VLOOKUP($A7,cuc!$A$2:$AA$2088,H$3,FALSE) -> 0
A8: 144820 | B8: =PROPER(VLOOKUP($A8,cuc!$A$2:$AA$2088,B$3,FALSE)) -> Categoría D Riesgo Significativo | C8: =VLOOKUP($A8,cuc!$A$2:$AA$2088,C$3,FALSE) -> 0 | D8: =VLOOKUP($A8,cuc!$A$2:$AA$2088,D$3,FALSE) -> 0 | E8: =VLOOKUP($A8,cuc!$A$2:$AA$2088,E$3,FALSE) -> 0 | F8: =VLOOKUP($A8,cuc!$A$2:$AA$2088,F$3,FALSE) -> 0 | G8: =VLOOKUP($A8,cuc!$A$2:$AA$2088,G$3,FALSE) -> 0 | H8: =VLOOKUP($A8,cuc!$A$2:$AA$2088,H$3,FALSE) -> 0
A9: 144825 | B9: =PROPER(VLOOKUP($A9,cuc!$A$2:$AA$2088,B$3,FALSE)) -> Categoría E Riesgo De Incobrabilidad | C9: =VLOOKUP($A9,cuc!$A$2:$AA$2088,C$3,FALSE) -> 0 | D9: =VLOOKUP($A9,cuc!$A$2:$AA$2088,D$3,FALSE) -> 0 | E9: =VLOOKUP($A9,cuc!$A$2:$AA$2088,E$3,FALSE) -> 0 | F9: =VLOOKUP($A9,cuc!$A$2:$AA$2088,F$3,FALSE) -> 0 | G9: =VLOOKUP($A9,cuc!$A$2:$AA$2088,G$3,FALSE) -> 0 | H9: =VLOOKUP($A9,cuc!$A$2:$AA$2088,H$3,FALSE) -> 0
A10: 145410 | B10: =PROPER(VLOOKUP($A10,cuc!$A$2:$AA$2088,B$3,FALSE)) -> Categoría B Riesgo Aceptable | C10: =VLOOKUP($A10,cuc!$A$2:$AA$2088,C$3,FALSE) -> 0 | D10: =VLOOKUP($A10,cuc!$A$2:$AA$2088,D$3,FALSE) -> 0 | E10: =VLOOKUP($A10,cuc!$A$2:$AA$2088,E$3,FALSE) -> 0 | F10: =VLOOKUP($A10,cuc!$A$2:$AA$2088,F$3,FALSE) -> 0 | G10: =VLOOKUP($A10,cuc!$A$2:$AA$2088,G$3,FALSE) -> 0 | H10: =VLOOKUP($A10,cuc!$A$2:$AA$2088,H$3,FALSE) -> 0
A11: 145415 | B11: =PROPER(VLOOKUP($A11,cuc!$A$2:$AA$2088,B$3,FALSE)) -> Categoría C Riesgo Apreciable | C11: =VLOOKUP($A11,cuc!$A$2:$AA$2088,C$3,FALSE) -> 0 | D11: =VLOOKUP($A11,cuc!$A$2:$AA$2088,D$3,FALSE) -> 0 | E11: =VLOOKUP($A11,cuc!$A$2:$AA$2088,E$3,FALSE) -> 0 | F11: =VLOOKUP($A11,cuc!$A$2:$AA$2088,F$3,FALSE) -> 0 | G11: =VLOOKUP($A11,cuc!$A$2:$AA$2088,G$3,FALSE) -> 0 | H11: =VLOOKUP($A11,cuc!$A$2:$AA$2088,H$3,FALSE) -> 0
A12: 145420 | B12: =PROPER(VLOOKUP($A12,cuc!$A$2:$AA$2088,B$3,FALSE)) -> Categoría D Riesgo Significativo | C12: =VLOOKUP($A12,cuc!$A$2:$AA$2088,C$3,FALSE) -> 0 | D12: =VLOOKUP($A12,cuc!$A$2:$AA$2088,D$3,FALSE) -> 0 | E12: =VLOOKUP($A12,cuc!$A$2:$AA$2088,E$3,FALSE) -> 0 | F12: =VLOOKUP($A12,cuc!$A$2:$AA$2088,F$3,FALSE) -> 0 | G12: =VLOOKUP($A12,cuc!$A$2:$AA$2088,G$3,FALSE) -> 0 | H12: =VLOOKUP($A12,cuc!$A$2:$AA$2088,H$3,FALSE) -> 0
A13: 145425 | B13: =PROPER(VLOOKUP($A13,cuc!$A$2:$AA$2088,B$3,FALSE)) -> Categoría E Riesgo De Incobrabilidad | C13: =VLOOKUP($A13,cuc!$A$2:$AA$2088,C$3,FALSE) -> 0 | D13: =VLOOKUP($A13,cuc!$A$2:$AA$2088,D$3,FALSE) -> 0 | E13: =VLOOKUP($A13,cuc!$A$2:$AA$2088,E$3,FALSE) -> 0 | F13: =VLOOKUP($A13,cuc!$A$2:$AA$2088,F$3,FALSE) -> 0 | G13: =VLOOKUP($A13,cuc!$A$2:$AA$2088,G$3,FALSE) -> 0 | H13: =VLOOKUP($A13,cuc!$A$2:$AA$2088,H$3,FALSE) -> 0
A14: 145510 | B14: =PROPER(VLOOKUP($A14,cuc!$A$2:$AA$2088,B$3,FALSE)) -> Categoría B Riesgo Aceptable | C14: =VLOOKUP($A14,cuc!$A$2:$AA$2088,C$3,FALSE) -> 0 | D14: =VLOOKUP($A14,cuc!$A$2:$AA$2088,D$3,FALSE) -> 0 | E14: =VLOOKUP($A14,cuc!$A$2:$AA$2088,E$3,FALSE) -> 0 | F14: =VLOOKUP($A14,cuc!$A$2:$AA$2088,F$3,FALSE) -> 0 | G14: =VLOOKUP($A14,cuc!$A$2:$AA$2088,G$3,FALSE) -> 0 | H14: =VLOOKUP($A14,cuc!$A$2:$AA$2088,H$3,FALSE) -> 0
A15: 145515 | B15: =PROPER(VLOOKUP($A15,cuc!$A$2:$AA$2088,B$3,FALSE)) -> Categoría C Riesgo Apreciable | C15: =VLOOKUP($A15,cuc!$A$2:$AA$2088,C$3,FALSE) -> 0 | D15: =VLOOKUP($A15,cuc!$A$2:$AA$2088,D$3,FALSE) -> 0 | E15: =VLOOKUP($A15,cuc!$A$2:$AA$2088,E$3,FALSE) -> 0 | F15: =VLOOKUP($A15,cuc!$A$2:$AA$2088,F$3,FALSE) -> 0 | G15: =VLOOKUP($A15,cuc!$A$2:$AA$2088,G$3,FALSE) -> 0 | H15: =VLOOKUP($A15,cuc!$A$2:$AA$2088,H$3,FALSE) -> 0
A16: 145520 | B16: =PROPER(VLOOKUP($A16,cuc!$A$2:$AA$2088,B$3,FALSE)) -> Categoría D Riesgo Significativo | C16: =VLOOKUP($A16,cuc!$A$2:$AA$2088,C$3,FALSE) -> 0 | D16: =VLOOKUP($A16,cuc!$A$2:$AA$2088,D$3,FALSE) -> 0 | E16: =VLOOKUP($A16,cuc!$A$2:$AA$2088,E$3,FALSE) -> 0 | F16: =VLOOKUP($A16,cuc!$A$2:$AA$2088,F$3,FALSE) -> 0 | G16: =VLOOKUP($A16,cuc!$A$2:$AA$2088,G$3,FALSE) -> 0 | H16: =VLOOKUP($A16,cuc!$A$2:$AA$2088,H$3,FALSE) -> 0
A17: 145525 | B17: =PROPER(VLOOKUP($A17,cuc!$A$2:$AA$2088,B$3,FALSE)) -> Categoría E Riesgo De Incobrabilidad | C17: =VLOOKUP($A17,cuc!$A$2:$AA$2088,C$3,FALSE) -> 0 | D17: =VLOOKUP($A17,cuc!$A$2:$AA$2088,D$3,FALSE) -> 0 | E17: =VLOOKUP($A17,cuc!$A$2:$AA$2088,E$3,FALSE) -> 0 | F17: =VLOOKUP($A17,cuc!$A$2:$AA$2088,F$3,FALSE) -> 0 | G17: =VLOOKUP($A17,cuc!$A$2:$AA$2088,G$3,FALSE) -> 0 | H17: =VLOOKUP($A17,cuc!$A$2:$AA$2088,H$3,FALSE) -> 0
B18: Total MORA MICROCREDITO | C18: =+SUM(C5:C17) -> 0 | D18: =+SUM(D5:D17) -> 0 | E18: =+SUM(E5:E17) -> 0 | F18: =+SUM(F5:F17) -> 0 | G18: =+SUM(G5:G17) -> 0 | H18: =+SUM(H5:H17) -> 0
A20: Cuenta | B20: Descripción | C20: =+C$4 -> Año 16 | D20: =+D$4 -> Año 17 | E20: =+E$4 -> Año 18 | F20: =+F$4 -> Año 19 | G20: =+G$4 -> Año 20 | H20: =+H$4 -> Año 21
A21: 145400 | B21: =PROPER(VLOOKUP($A21,cuc!$A$2:$AA$2088,B$3,FALSE)) -> Microcrédito Empresarial - Garantía Admisible | C21: =VLOOKUP($A21,cuc!$A$2:$AA$2088,C$3,FALSE) -> 0 | D21: =VLOOKUP($A21,cuc!$A$2:$AA$2088,D$3,FALSE) -> 0 | E21: =VLOOKUP($A21,cuc!$A$2:$AA$2088,E$3,FALSE) -> 0 | F21: =VLOOKUP($A21,cuc!$A$2:$AA$2088,F$3,FALSE) -> 0 | G21: =VLOOKUP($A21,cuc!$A$2:$AA$2088,G$3,FALSE) -> 0 | H21: =VLOOKUP($A21,cuc!$A$2:$AA$2088,H$3,FALSE) -> 0
A22: 145500 | B22: =PROPER(VLOOKUP($A22,cuc!$A$2:$AA$2088,B$3,FALSE)) -> Microcrédito Empresarial - Otras Garantías | C22: =VLOOKUP($A22,cuc!$A$2:$AA$2088,C$3,FALSE) -> 0 | D22: =VLOOKUP($A22,cuc!$A$2:$AA$2088,D$3,FALSE) -> 0 | E22: =VLOOKUP($A22,cuc!$A$2:$AA$2088,E$3,FALSE) -> 0 | F22: =VLOOKUP($A22,cuc!$A$2:$AA$2088,F$3,FALSE) -> 0 | G22: =VLOOKUP($A22,cuc!$A$2:$AA$2088,G$3,FALSE) -> 0 | H22: =VLOOKUP($A22,cuc!$A$2:$AA$2088,H$3,FALSE) -> 0
A23: 144800 | B23: =PROPER(VLOOKUP($A23,cuc!$A$2:$AA$2088,B$3,FALSE)) -> Microcrédito Inmobiliario | C23: =VLOOKUP($A23,cuc!$A$2:$AA$2088,C$3,FALSE) -> 0 | D23: =VLOOKUP($A23,cuc!$A$2:$AA$2088,D$3,FALSE) -> 0 | E23: =VLOOKUP($A23,cuc!$A$2:$AA$2088,E$3,FALSE) -> 0 | F23: =VLOOKUP($A23,cuc!$A$2:$AA$2088,F$3,FALSE) -> 0 | G23: =VLOOKUP($A23,cuc!$A$2:$AA$2088,G$3,FALSE) -> 0 | H23: =VLOOKUP($A23,cuc!$A$2:$AA$2088,H$3,FALSE) -> 0
B24: Total BRUTA MICROCREDITO | C24: =SUM(C21:C23) -> 0 | D24: =SUM(D21:D23) -> 0 | E24: =SUM(E21:E23) -> 0 | F24: =SUM(F21:F23) -> 0 | G24: =SUM(G21:G23) -> 0 | H24: =SUM(H21:H23) -> 0
B26: Descripcion | C26: =+C$4 -> Año 16 | D26: =+D$4 -> Año 17 | E26: =+E$4 -> Año 18 | F26: =+F$4 -> Año 19 | G26: =+G$4 -> Año 20 | H26: =+H$4 -> Año 21
B27: Mora MICRO / Bruta MICRO | C27: =IFERROR(+C18/C24,0%) -> 0 | D27: =IFERROR(+D18/D24,0%) -> 0 | E27: =IFERROR(+E18/E24,0%) -> 0 | F27: =IFERROR(+F18/F24,0%) -> 0 | G27: =IFERROR(+G18/G24,0%) -> 0 | H27: =IFERROR(+H18/H24,0%) -> 0

Sheet 6. SARC - Calidad VIVI
A1: Indicador | B1: Descripción Formula | C1: TIPO | D1: NOMBRE INDICADOR | E1: Descripcion Indicador
A2: RIESGO | B2: =+Indicadores!E7 -> Cartera Calificada en Categorías B, C, D y E "Vivienda" / Cartera Bruta "Vivienda" | C2: =+Indicadores!B7 -> Riesgo Credito | D2: =+Indicadores!C7 -> Indicador de cartera por Riesgo en Vivienda | E2: =+Indicadores!D7 -> Calidad x Riesgo (B,C,D,E)
B3: 2 | C3: 3 | D3: 4 | E3: 5 | F3: 6 | G3: 7 | H3: 8
A4: Cuenta | B4: Descripcion | C4: Año 16 | D4: Año 17 | E4: Año 18 | F4: Año 19 | G4: Año 20 | H4: Año 21
A5: 140410 | B5: =PROPER(VLOOKUP($A5,cuc!$A$2:$AA$2088,B$3,FALSE)) -> Categoría B Riesgo Aceptable | C5: =VLOOKUP($A5,cuc!$A$2:$AA$2088,C$3,FALSE) -> 0 | D5: =VLOOKUP($A5,cuc!$A$2:$AA$2088,D$3,FALSE) -> 0 | E5: =VLOOKUP($A5,cuc!$A$2:$AA$2088,E$3,FALSE) -> 0 | F5: =VLOOKUP($A5,cuc!$A$2:$AA$2088,F$3,FALSE) -> 0 | G5: =VLOOKUP($A5,cuc!$A$2:$AA$2088,G$3,FALSE) -> 0 | H5: =VLOOKUP($A5,cuc!$A$2:$AA$2088,H$3,FALSE) -> 0 | X5: 140400 | Y5: 140500 | Z5: 146905 | AA5: 146910 | AB5: 146915 | AC5: 146920 | AD5: 146925
A6: 140415 | B6: =PROPER(VLOOKUP($A6,cuc!$A$2:$AA$2088,B$3,FALSE)) -> Categoría C Riesgo Apreciable | C6: =VLOOKUP($A6,cuc!$A$2:$AA$2088,C$3,FALSE) -> 0 | D6: =VLOOKUP($A6,cuc!$A$2:$AA$2088,D$3,FALSE) -> 0 | E6: =VLOOKUP($A6,cuc!$A$2:$AA$2088,E$3,FALSE) -> 0 | F6: =VLOOKUP($A6,cuc!$A$2:$AA$2088,F$3,FALSE) -> 0 | G6: =VLOOKUP($A6,cuc!$A$2:$AA$2088,G$3,FALSE) -> 0 | H6: =VLOOKUP($A6,cuc!$A$2:$AA$2088,H$3,FALSE) -> 0
A7: 140420 | B7: =PROPER(VLOOKUP($A7,cuc!$A$2:$AA$2088,B$3,FALSE)) -> Categoría D Riesgo Significativo | C7: =VLOOKUP($A7,cuc!$A$2:$AA$2088,C$3,FALSE) -> 0 | D7: =VLOOKUP($A7,cuc!$A$2:$AA$2088,D$3,FALSE) -> 0 | E7: =VLOOKUP($A7,cuc!$A$2:$AA$2088,E$3,FALSE) -> 0 | F7: =VLOOKUP($A7,cuc!$A$2:$AA$2088,F$3,FALSE) -> 0 | G7: =VLOOKUP($A7,cuc!$A$2:$AA$2088,G$3,FALSE) -> 0 | H7: =VLOOKUP($A7,cuc!$A$2:$AA$2088,H$3,FALSE) -> 0
A8: 140425 | B8: =PROPER(VLOOKUP($A8,cuc!$A$2:$AA$2088,B$3,FALSE)) -> Categoría E Riesgo De Incobrabilidad | C8: =VLOOKUP($A8,cuc!$A$2:$AA$2088,C$3,FALSE) -> 0 | D8: =VLOOKUP($A8,cuc!$A$2:$AA$2088,D$3,FALSE) -> 0 | E8: =VLOOKUP($A8,cuc!$A$2:$AA$2088,E$3,FALSE) -> 0 | F8: =VLOOKUP($A8,cuc!$A$2:$AA$2088,F$3,FALSE) -> 0 | G8: =VLOOKUP($A8,cuc!$A$2:$AA$2088,G$3,FALSE) -> 0 | H8: =VLOOKUP($A8,cuc!$A$2:$AA$2088,H$3,FALSE) -> 0
A9: 140510 | B9: =PROPER(VLOOKUP($A9,cuc!$A$2:$AA$2088,B$3,FALSE)) -> Categoría B Riesgo Aceptable | C9: =VLOOKUP($A9,cuc!$A$2:$AA$2088,C$3,FALSE) -> 0 | D9: =VLOOKUP($A9,cuc!$A$2:$AA$2088,D$3,FALSE) -> 0 | E9: =VLOOKUP($A9,cuc!$A$2:$AA$2088,E$3,FALSE) -> 0 | F9: =VLOOKUP($A9,cuc!$A$2:$AA$2088,F$3,FALSE) -> 0 | G9: =VLOOKUP($A9,cuc!$A$2:$AA$2088,G$3,FALSE) -> 0 | H9: =VLOOKUP($A9,cuc!$A$2:$AA$2088,H$3,FALSE) -> 0
A10: 140515 | B10: =PROPER(VLOOKUP($A10,cuc!$A$2:$AA$2088,B$3,FALSE)) -> Categoría C Riesgo Apreciable | C10: =VLOOKUP($A10,cuc!$A$2:$AA$2088,C$3,FALSE) -> 0 | D10: =VLOOKUP($A10,cuc!$A$2:$AA$2088,D$3,FALSE) -> 0 | E10: =VLOOKUP($A10,cuc!$A$2:$AA$2088,E$3,FALSE) -> 0 | F10: =VLOOKUP($A10,cuc!$A$2:$AA$2088,F$3,FALSE) -> 0 | G10: =VLOOKUP($A10,cuc!$A$2:$AA$2088,G$3,FALSE) -> 0 | H10: =VLOOKUP($A10,cuc!$A$2:$AA$2088,H$3,FALSE) -> 0
A11: 140520 | B11: =PROPER(VLOOKUP($A11,cuc!$A$2:$AA$2088,B$3,FALSE)) -> Categoría D Riesgo Significativo | C11: =VLOOKUP($A11,cuc!$A$2:$AA$2088,C$3,FALSE) -> 0 | D11: =VLOOKUP($A11,cuc!$A$2:$AA$2088,D$3,FALSE) -> 0 | E11: =VLOOKUP($A11,cuc!$A$2:$AA$2088,E$3,FALSE) -> 0 | F11: =VLOOKUP($A11,cuc!$A$2:$AA$2088,F$3,FALSE) -> 0 | G11: =VLOOKUP($A11,cuc!$A$2:$AA$2088,G$3,FALSE) -> 0 | H11: =VLOOKUP($A11,cuc!$A$2:$AA$2088,H$3,FALSE) -> 0
A12: 140525 | B12: =PROPER(VLOOKUP($A12,cuc!$A$2:$AA$2088,B$3,FALSE)) -> Categoría E Riesgo De Incobrabilidad | C12: =VLOOKUP($A12,cuc!$A$2:$AA$2088,C$3,FALSE) -> 0 | D12: =VLOOKUP($A12,cuc!$A$2:$AA$2088,D$3,FALSE) -> 0 | E12: =VLOOKUP($A12,cuc!$A$2:$AA$2088,E$3,FALSE) -> 0 | F12: =VLOOKUP($A12,cuc!$A$2:$AA$2088,F$3,FALSE) -> 0 | G12: =VLOOKUP($A12,cuc!$A$2:$AA$2088,G$3,FALSE) -> 0 | H12: =VLOOKUP($A12,cuc!$A$2:$AA$2088,H$3,FALSE) -> 0
A13: 146910 | B13: =PROPER(VLOOKUP($A13,cuc!$A$2:$AA$2088,B$3,FALSE)) -> Categoría B Riesgo Aceptable, Vivienda | C13: =VLOOKUP($A13,cuc!$A$2:$AA$2088,C$3,FALSE) -> 0 | D13: =VLOOKUP($A13,cuc!$A$2:$AA$2088,D$3,FALSE) -> 0 | E13: =VLOOKUP($A13,cuc!$A$2:$AA$2088,E$3,FALSE) -> 0 | F13: =VLOOKUP($A13,cuc!$A$2:$AA$2088,F$3,FALSE) -> 0 | G13: =VLOOKUP($A13,cuc!$A$2:$AA$2088,G$3,FALSE) -> 0 | H13: =VLOOKUP($A13,cuc!$A$2:$AA$2088,H$3,FALSE) -> 0
A14: 146915 | B14: =PROPER(VLOOKUP($A14,cuc!$A$2:$AA$2088,B$3,FALSE)) -> Categoría C Riesgo Apreciable, Vivienda | C14: =VLOOKUP($A14,cuc!$A$2:$AA$2088,C$3,FALSE) -> 0 | D14: =VLOOKUP($A14,cuc!$A$2:$AA$2088,D$3,FALSE) -> 0 | E14: =VLOOKUP($A14,cuc!$A$2:$AA$2088,E$3,FALSE) -> 0 | F14: =VLOOKUP($A14,cuc!$A$2:$AA$2088,F$3,FALSE) -> 0 | G14: =VLOOKUP($A14,cuc!$A$2:$AA$2088,G$3,FALSE) -> 0 | H14: =VLOOKUP($A14,cuc!$A$2:$AA$2088,H$3,FALSE) -> 0
A15: 146920 | B15: =PROPER(VLOOKUP($A15,cuc!$A$2:$AA$2088,B$3,FALSE)) -> Categoría D Riesgo Significativo, Vivienda | C15: =VLOOKUP($A15,cuc!$A$2:$AA$2088,C$3,FALSE) -> 0 | D15: =VLOOKUP($A15,cuc!$A$2:$AA$2088,D$3,FALSE) -> 0 | E15: =VLOOKUP($A15,cuc!$A$2:$AA$2088,E$3,FALSE) -> 0 | F15: =VLOOKUP($A15,cuc!$A$2:$AA$2088,F$3,FALSE) -> 0 | G15: =VLOOKUP($A15,cuc!$A$2:$AA$2088,G$3,FALSE) -> 0 | H15: =VLOOKUP($A15,cuc!$A$2:$AA$2088,H$3,FALSE) -> 0
A16: 146925 | B16: =PROPER(VLOOKUP($A16,cuc!$A$2:$AA$2088,B$3,FALSE)) -> Categoría E Riesgo De Incobrabilidad, Vivienda | C16: =VLOOKUP($A16,cuc!$A$2:$AA$2088,C$3,FALSE) -> 0 | D16: =VLOOKUP($A16,cuc!$A$2:$AA$2088,D$3,FALSE) -> 0 | E16: =VLOOKUP($A16,cuc!$A$2:$AA$2088,E$3,FALSE) -> 0 | F16: =VLOOKUP($A16,cuc!$A$2:$AA$2088,F$3,FALSE) -> 0 | G16: =VLOOKUP($A16,cuc!$A$2:$AA$2088,G$3,FALSE) -> 0 | H16: =VLOOKUP($A16,cuc!$A$2:$AA$2088,H$3,FALSE) -> 0
B17: Total MORA VIVIENDA | C17: =+SUM(C5:C16) -> 0 | D17: =+SUM(D5:D16) -> 0 | E17: =+SUM(E5:E16) -> 0 | F17: =+SUM(F5:F16) -> 0 | G17: =+SUM(G5:G16) -> 0 | H17: =+SUM(H5:H16) -> 0
A19: Cuenta | B19: Descripción | C19: =+C$4 -> Año 16 | D19: =+D$4 -> Año 17 | E19: =+E$4 -> Año 18 | F19: =+F$4 -> Año 19 | G19: =+G$4 -> Año 20 | H19: =+H$4 -> Año 21
A20: 140400 | B20: =PROPER(VLOOKUP($A20,cuc!$A$2:$AA$2088,B$3,FALSE)) -> Créditos De Vivienda - Con Libranza | C20: =VLOOKUP($A20,cuc!$A$2:$AA$2088,C$3,FALSE) -> 0 | D20: =VLOOKUP($A20,cuc!$A$2:$AA$2088,D$3,FALSE) -> 0 | E20: =VLOOKUP($A20,cuc!$A$2:$AA$2088,E$3,FALSE) -> 0 | F20: =VLOOKUP($A20,cuc!$A$2:$AA$2088,F$3,FALSE) -> 0 | G20: =VLOOKUP($A20,cuc!$A$2:$AA$2088,G$3,FALSE) -> 0 | H20: =VLOOKUP($A20,cuc!$A$2:$AA$2088,H$3,FALSE) -> 0
A21: 140500 | B21: =PROPER(VLOOKUP($A21,cuc!$A$2:$AA$2088,B$3,FALSE)) -> Créditos De Vivienda - Sin Libranza | C21: =VLOOKUP($A21,cuc!$A$2:$AA$2088,C$3,FALSE) -> 0 | D21: =VLOOKUP($A21,cuc!$A$2:$AA$2088,D$3,FALSE) -> 0 | E21: =VLOOKUP($A21,cuc!$A$2:$AA$2088,E$3,FALSE) -> 0 | F21: =VLOOKUP($A21,cuc!$A$2:$AA$2088,F$3,FALSE) -> 0 | G21: =VLOOKUP($A21,cuc!$A$2:$AA$2088,G$3,FALSE) -> 0 | H21: =VLOOKUP($A21,cuc!$A$2:$AA$2088,H$3,FALSE) -> 0
A22: 146905 | B22: =PROPER(VLOOKUP($A22,cuc!$A$2:$AA$2088,B$3,FALSE)) -> Categoría A Riesgo Normal, Vivienda | C22: =VLOOKUP($A22,cuc!$A$2:$AA$2088,C$3,FALSE) -> 0 | D22: =VLOOKUP($A22,cuc!$A$2:$AA$2088,D$3,FALSE) -> 0 | E22: =VLOOKUP($A22,cuc!$A$2:$AA$2088,E$3,FALSE) -> 0 | F22: =VLOOKUP($A22,cuc!$A$2:$AA$2088,F$3,FALSE) -> 0 | G22: =VLOOKUP($A22,cuc!$A$2:$AA$2088,G$3,FALSE) -> 0 | H22: =VLOOKUP($A22,cuc!$A$2:$AA$2088,H$3,FALSE) -> 0
